Workbook
Name aanbestedingsresultaat: Definities!$B$88
Name actie: Definities!$B$134
Name acties_en_beheersmaatregelen: Definities!$B$229
Name administratief_gereed: Definities!$B$248
Name ak_resultaat: Definities!$B$185
Name baseline: Definities!$B$4
Name baseline_kasstroom: Definities!$B$97
Name bedrag_risico_dossier: Definities!$B$119
Name begindatum: Definities!$B$251
Name beslissen: lijstjes!$U$2:$U$4
Name bouwkosten: Definities!$B$169
Name contract: lijstjes!$AG$122:$AG$129
Name contract_aangegaan: lijstjes!$W$2:$W$3
Name contracten: Definities!$B$141
Name contractvorm: Definities!$B$94
Name EAT: Definities!$B$175
Name einddatum: Definities!$B$254
Name exp_gereed: Definities!$B$72
Name fase: lijstjes!$AK$138:$AK$143
Name fin: lijstjes!$R$22:$R$32
Name financier: lijstjes!$R$22:$R$34
Name financiering: Definities!$B$32
Name financiers: lijstjes!$R$22:$R$32
Name foutmelding: 'V1.0'!#REF!
Name gegunde_contractwaarde: Definities!$B$84
Name gereed_planning: Definities!$B$149
Name gevolg: Definities!$B$226
Name gunningsdatum: Definities!$B$92
Name huidig_budget: Definities!$B$24
Name huidige_prognose: Definities!$B$217
Name ID_nummer: Definities!$B$104
Name inv: lijstjes!$V$22:$V$24
Name janee: lijstjes!$T$2:$T$3
Name Kans_percentage: Definities!$B$113
Name kans_percentage_huidig: Definities!$B$116
Name kasstroom: Definities!$B$257
Name kasstroom_bedrag: Definities!$B$100
Name Kostensoort: 'Lijst RM'!$S$2:$S$4
Name Meenemen: 'Lijst RM'!$R$2:$R$4
Name mijlpaal: Definities!$B$155
Name mutatie: Definities!$B$192
Name Mutatie_planning: Definities!$B$260
Name norm_baseline: Definities!$B$145
Name ontwikkelingen_met_stakeholders: Definities!$B$232
Name onvoorzien: Definities!$B$181
Name origineel_budget: Definities!$B$188
Name ov_risicos: Definities!$B$235
Name period: Definities!$B$127
Name periode: lijstjes!$A$2:$A$17
Name Print_Area: 'VTW''s'!$A$1:$E$102
Name Print_Titles: 'VTW''s'!$1:$1
Name prognose: Definities!$B$27
Name prognose_contractwaarde: Definities!$B$78
Name prognose_eindstand: Definities!$B$204
Name prognose_eindstand_huidig_kwartaal: Definities!$B$204
Name Prognose_eindstand_vorig_kwartaal: Definities!$B$208
Name prognose_planning: Definities!$B$152
Name project: lijstjes!$V$40:$V$76
Name project_naam: Definities!$B$48
Name project_omchrijving: Definities!$B$51

Sheet Definities
B1: Definities
B2: Terug naar de interne projectrapportage Infra Projecten
A4: 1 | B4: Baseline | C4: Bron
B5: Dit betreft de in het project laatst op schrift vastgelegd en door de opdrachtgevers ondertekende uitgangspunten/ documenten o.a. FPVE en de beschikking
B6: Indien binnen het project nieuwe contractstukken door de opdrachtgever(s) worden ondertekend, dan wordt er een nieuwe baseline vastgesteld
B7: Algemeen | C7: Bron
B8: Dit betreft de in het project laatst op schrift vastgelegd en door de opdrachtgevers ondertekende uitgangspunten/ documenten o.a. FPVE en de beschikking
B9: Organisatie | C9: Bron
B10: Dit betreft de in het project laatst op schrift vastgelegd en door de opdrachtgevers ondertekende uitgangspunten/ documenten o.a. FPVE en de beschikking
A12: 2 | B12: Scope | C12: Bron
B13: De scope betreft de technische achterliggers zoals de FPVE opgenomen in de door de opdrachtgevers ondertekende uitgangspunten (in de baseline)
A15: 3 | B15: VTW's | C15: Bron
B16: Verzoeken tot wijzigingen.
B17: Deze mutaties maken geen onderdeel uit van de projectscope
B18: Indien een nieuwe baseline wordt vastgesteld waarbij de scope mutaties onderdeel worden van de scope dan zijn dit geen VTW's meer, maar is dit voortaan "scope".
B19: Let bij de administratieve afhandeling wel op dat deze VTW's genoemd blijven, met status "is onderdeel geworden van de scope", "conform besluit"
A21: 4 | B21: Meer/ minderwerken | C21: Bron
B22: Aanvullende wijzigingen welke aan de opdrachtnemer betaald moeten gaan worden, zonder dat de scope verandert (ook wel claims genoemd).
A24: 5 | B24: Huidig Budget | C24: Bron
B25: Het bedrag dat in opdracht is gegeven door de opdrachtgever(s) + het bedrag welke naar verwachting in opdracht gegeven gaat worden.
A27: 6 | B27: Prognose | C27: Bron
B28: De voor het project verwachte kosten. Denk hier aan:
B29: Bij een investeringsproject kan bv. Worden gedacht aan: Project management, Engineering, Architect, TIS,CAR, VGV, communicatiekosten, vervangend busvervoer, onderzoeken, realisatie kosten, kosten onvoorziene omstandigheden (gebaseerd op risico dossier).
B30: Het totaal van alle prognose onderdelen (excl. indexeringen) betreft het bedrag dat het project naar verwachting gaat kosten.
A32: 7 | B32: Financiering | C32: Procedure
B33: Mogelijke financieringskeuzes zijn:
A34: Derden | B34: externe financieringsbronnen zoals NS, gemeente, provincie, VROM
A35: FENS | B35: Een ProRail/ NS financieringsbron, Fonds Eenmalige bijdrage NS
A36: FHH-BBV | B36: Een ProRail interne financieringsbron, t.b.v. het in stand houden van huidige infra vanuit AM
A37: FHH-GO | B37: Een ProRail interne financieringsbron, t.b.v. het in stand houden van huidige infra vanuit AM
A38: FHH-VERV | B38: Een ProRail interne financieringsbron, t.b.v. het in stand houden van huidige infra vanuit AM
A39: FHH-Mistral | B39: Een ProRail interne financieringsbron, t.b.v. het in stand houden van huidige infra vanuit AM
A40: GOM | B40: Geoormerkte projecten Een ProRail interne financieringsbron vanuit AM, t.b.v. projecten welke speciaal gevolgd worden.
A41: GOM Verk & Inn
A42: GOM Kleine Infra | B42: Een ProRail interne financieringsbron, ten gunste van kleine projecten.
A43: MIRT | B43: Een V&W financieringsbron "Meerjarenprogramma Infrastructuur, Ruimte & Transport
A44: Overig
B45: Rapporteert aan | C45: Bron
B46: De naam van de persoon waar de rapportage verantwoordelijke aan rapporteert.
A48: 9 | B48: Project naam | C48: Bron
B49: De korte naam van het project
A51: 10 | B51: (Project) omschrijving | C51: Bron
B52: Dit is een korte omschrijving van de scope waar het project betrekking op heeft
A54: 11 | B54: Totaal RVOI 1-4 (planning) | C54: Bron
B55: Voor het project wordt bekeken welke opties er zijn om het project vorm te geven/ uit te voeren. Er wordt in deze periode een keuze gemaakt tussen de varianten, waarna door de opdrachtgevers een akkoord wordt uitgewerkt hoe dit verder uit te voeren (Realisatie overeenkomst). De realisatie overeenkomst zal gebaseerd zijn op een programma van Eisen uitgewerkt op een bepaald diepgangsniveau (passend bij de omvang/ complexiteit van het project).
B56: Naast deze overeenkomst dient er een Business Case te worden opgesteld waarin de kosten worden geraamd (voor elke alternatief) op eindwaarde niveau. In de business Case wordt ook uitgewerkt welke financieringsbronnen er aanwezig zijn + wat er uit welke financieringsbron betaald gaat worden.
B57: Ook zal er een projectplan worden opgesteld waarin wordt uitgewerkt hoe het project gerealiseerd zal gaan worden, vanaf de huidige status van het project. Verder zal er ook een beheerovereenkomst worden opgesteld, waarin uiteen wordt gezet welke opdrachtgever wat gaat betalen, deze afstemming is vooraf erg belangrijk om te voorkomen dat er producten worden gerealiseerd welke na realisatie budgettechnisch niet kunnen worden beheerd.
B58: Tijdens deze fase vinden er vaak ook onderzoeken/ planstudies plaats om de (on) mogelijkheden in kaart te brengen.
A61: 12 | B61: Aanbesteding (RVOI 5) (planning) | C61: Bron
B62: In deze fase worden de financieringsbronnen verder gehard (indien een MIRT project dan wordt in deze fase de beschikkingsaanvraag ingediend). De ProRail interne financieringsbronnen worden middels een budgetophoging op het project gezet. De fase eindigt op moment van de daadwerkelijke gunning aan de hoofdaannemer.
A65: 13 | B65: Realisatie (RVOI 6-8) (planning) | C65: Bron
B66: De overige aanbestedingen worden afgerond (onderaannemers) + de realisatie van het werk door de aannemer vindt in deze fase plaats.
A68: 14 | B68: Afronding (RVOI 9) (planning) | C68: Bron
A72: 15 | B72: Exploitatief gereed (planning) | C72: bron
B73: Infra is gebruiksklaar | C73: ARPOS
A75: 16 | B75: Technisch gereed (planning) | C75: Bron
B76: Alle fysieke werkzaamheden zijn gereed en alle projectdocumentatie is overgedragen aan de beheerder | C76: ARPOS
A78: 17 | B78: Prognose contractwaarde | C78: Bron
B79: De verwachte waarde waarvoor het contract wordt aangegaan (verwervingsraming).
B80: Dit bedrag wordt minimaal uit de prognose Q-1 gehaald (kan ook uit voorgaande prognoses worden gehaald).
B81: In dit bedrag zit bij aanbestedingen van bouwbedragen ook opgenomen: prognosewaarde detailengineering door aannemer, waarde door de aannemer aan te vragen vergunningen. LET OP er kunnen ook project specifieke onderdelen bij aanbesteding zijn opgenomen, zoals afkoop indexeringen, TIS, VGV kosten te betalen door aannemer e.d.
B82: Indien een raamovereenkomst wordt gecontracteerd betreffende meerdere projectfases, dan wordt normaliter hier alleen het bedrag van de komende projectfase ingevuld, tenzij in het opdrachtbedrag al voor meerdere fases wordt gecontracteerd. Voorbeeld: gunning aan architect middels raamcontract voor fases DO - realisatie, met een opdrachtbedrag voor DO fase. Dan alleen waarde DO fase opnemen. (overigens is dit uitgangspunt niet geheel kloppend in de vergelijking aangezien het project ook reeds is gebonden aan de overige fases, maar het is in de praktijk gebruikelijk dat de offerte bedragen voor deze fases nog niet zijn ingediend door de opdrachtnemer.
A84: 18 | B84: Gegunde contractwaarde | C84: Bron
B85: De waarde waarvoor de te contracteren partij opdracht heeft ontvangen.
B86: De gegunde contractwaarde bestaat pas nadat gunning heeft plaatsgevonden (dit is na voornemen tot gunning)
A88: 19 | B88: Aanbestedings resultaat | C88: Bron
B89: Dit betreft het resultaat prognose contractwaarde minus gegunde contractwaarde.
A91: 20 | B91: Gunningsdatum | C91: Bron
B92: De datum waarop gunning heeft plaatsgevonden aan de te contracteren partij
A94: 21 | B94: Contractvorm | C94: Bron
A97: 22 | B97: Baseline Kasstroom | C97: Bron
B98: Dit is de kasstroomverwachting welke bekend was ten tijde van het vaststellen van de huidige baseline in het project.
A100: 23 | B100: Kasstroom bedrag | C100: Bron
B101: De kasstroom bedragen zijn excl. indexeringen.
B102: De in de kwartalen in te vullen bedragen zijn niet cumulatief.
A104: 24 | B104: ID nummer (bij risico dossier) | C104: Bron
B105: Dit is het risico nummer welke project intern in het risicodossier wordt gebruikt. Let wel op dat elk nummer uniek is en maximaal 1 maal mag worden uitgegeven.
B106: Indien een ID nummer eenmaal is uitgegeven, maar bv. Kort na uitgifte is komen te vervallen, dan is het verstandig om dit nummer niet alsnog te hergebruiken aangezien het altijd de vraag is of iedereen hiervan op de hoogte is.
A108: 25 | B108: Voornaamste risico | C108: Bron
B109: De voornaamste risico's worden samengesteld a.d.h.v. risico's met een hoog restrisico c.q. waarvan de gevolgen (tijd/geld) aanzienlijk zijn.
B110: De voornaamste risico's betreffen risico's betreffen ook wel een mix tussen: 1. Risico's met een heel hoog risico bedrag 2. Risico's met een grote kansspreiding 3. Risico's met een hoge verwachtingswaarde
A113: 26 | B113: Kans % vorig Q | C113: Bron
B114: Dit is de ingeschatte optredingskans van het risico in het risicodossier van voorgaand kwartaal (het dossier zou normaliter elk kwartaal moeten worden bijgewerkt).
A116: 27 | B116: Kans% huidig | C116: Bron
B117: Dit is de ingeschatte optredingskans van het risico opgenomen in het huidige risicodossier (het dossier zou normaliter elk kwartaal moeten worden bijgewerkt).
A119: 28 | B119: Bedrag (risico dossier) | C119: Bron
B120: Dit is het voor het risico ingeschatte kostenbedrag van de activiteiten, indien het risico zou gaan optreden. Dit is incl. de kosten van beheersmaatregelen.
B121: Als het bedrag bepaald wordt, maak je eerst een inschatting van de kosten. Daarna bepaal je de beheersmaatregelen + het financiële restrisico. Dit rest risico wordt vervolgens gebruikt voor het vullen van dit bestand.
A123: 29 | B123: Verw. Vaarde | C123: Bron
B124: Verwachtingswaarde. Dit betreft het ingeschatte bedrag aan kosten wat gaat optreden conform huidige risicodossier (risicoprofiel). (kans x bedrag).
B125: Het heeft hierbij geen nut om in te zoomen op de afzonderlijke verwachtingswaarden (anders dan te bepalen welke de grootste risico's zijn. Het aanvullende nut van dit bedrag is dat het totaal van de verwachtingswaarden kan worden afgezet t.o.v. de beschikbare budgetten zoals project onvoorzien en object onvoorzien).
A127: 30 | B127: Periode | C127: Bron
B128: Dit betreft de rapportage periode.
B129: Een "periode" betreft een kwartaal.
B130: De teksten m.b.t. de periode betreffen toelichtingen op de 3 maanden waarover gerapporteerd wordt (2 hiervan zijn normaliter reeds verleden tijd en 1 maand betreft de huidige lopende maand).
B131: Aangezien er in de derde maand van het lopende kwartaal normaliter gerapporteerd wordt, betreft dit het huidige kwartaal. Bv. Als je in 2009 een kwartaalrapportage aan het opstellen bent welke je de 8e werkdag van maart zou moeten inleveren, dan betreft het de rapportage van Q1 2009
B132: Als de rapportage periode wordt ingevuld, worden ook de planningsdata + de data bij onderdeel financiering ingevuld
A134: 31 | B134: Actie | C134: Bron
B135: Dit betreft een keuze optie waarmee aangegeven wordt of de manager waaraan gerapporteerd wordt nog specifieke aandacht aan bepaalde projectontwikkelingen moet geven.
B136: Er wordt altijd een toelicht verwacht als er bij "actie" beslissen/vaststellen of aandacht wordt gevraagd.
...

Sheet Invulinstructie
A1: Instructie bij het invullen van de rapportage (versie V1.0)
A2: Onderstaand volgt een instructie voor het werken met de nieuwe kwartaalrapportage
A3: ==> Voor de goede werking van de rapportage, moeten in ieder geval de tabbladen met de groene kleur worden ingevuld. De overige tabbladen zijn ter informatie en kunnen als hulpmiddel worden gebruikt
A5: ALGEMEEN | B5: de bovenste regels vormen de kopgegevens van de projectrapportage
B7: alle velden die blauw kleuren moeten worden ingevuld. Hierbij geldt dat indien er geen toelichting wordt gegeven, volstaan kan worden met n.v.t.
B9: diverse velden zijn voorzien van een keuzenmenu. Klik op het pijltje rechts van de cel op het keuzelijstje op te roepen.
A13: ALGEMEEN | B13: volg de invulinstructie uit de eerste regel
A15: ORGANISATIE | B15: volg de invulinstructie uit de eerste regel
A18: SCOPE | B18: volg de invulinstructie uit de eerste regel
A21: PLANNING | B21: vul bij deelopdracht per project de omschrijving van de opdracht en eventueel verkregen opdrachtnummer in
B23: vul bij projectnaam de projectnaam van de verkregen opdracht in
B25: Vigerende baseline invullen van de planning (doorlooptijd v.d. opdracht), die geldt bij de aanvang van de verkregen opdracht
B27: prognose vorig kwartaal overnemen van de vorige projectrapportage
B29: prognose huidig kwartaal: begindatum en einddatum
B31: de verschillen baseline-huidig en prognose huidig-vorig worden automatisch gevuld
B33: verschillen toelichten in blauwe velden van de laatste kolom
A37: FINANCIËN
B39: vul bij orgineel opdracht de gunningswaarde van de verkregen opdracht in
B41: vul bij geaccordeerde wijzigingen (EOW), de door ProRail geaccoreerde contractafwijkingen in (deze accordatie loopt via de opdrachtbrief, nadat het EOW formulier door beide partijen is goedgekeurt)
B43: vul bij realisatie t.m. huidig kwartaal de reeds gespendeerde kosten van de verkregen opdracht in
B45: vul bij reeds gefactureerd indien van toepassing het bedrag in, zo niet dan n.v.t. invullen
B47: prognose vorig kwartaal overnemen van de vorige projectrapportage
B49: prognose huidig kwartaal: huidige prognose invullen
B51: de verschillen budget -/- prognose en prognose huidig-vorig worden automatisch gevuld
B53: verschillen toelichten in blauwe velden van de laatste kolom
A55: KASSTROOM | B55: in de kasstroom dient aangegeven te worden (per verkregen opdracht) hoeveel en wanneer het IB kosten aan ProRail wilt factureren. Dit geschiedt
B56: middels een verkregen prestatieverklaring (PV) vanuit de Rail System Engineer (RSE) van het project. De PV dient als basis en onderbouwing van
B57: de factuur.
B59: prognose vorig kwartaal overnemen van de vorige projectrapportage
B61: verschillen toelichten in blauwe velden van de laatste kolom
A63: RISICO'S | B63: deze tabel wordt automatisch gegenereerd, hier niet invullen!!
B65: voor het rapporteren van de risico's, voer de volgende handelingen achtereenvolgens uit:
B67: - zorg dat het risicodossier op het tabblad Bijlage Risicodossier compleet en actueel is (projectrisico's), vul alle velden in.
B69: - geef in kolom R Meenemen in rapportage aan welke risico's relevant zijn voor de rapportage
B71: - klik voor het opstellen van de projectrapportage op de knop Actualiseren boven aan tabblad Bijlage Risicodossier
A74: TOELICHTING OP GEVRAAGDE ACTIE | B74: geef hier een toelichting op de gevraagde actie zoals aangegeven in de kopgevevens van deze rapportage: Actie

Sheet V1.0
C1: Rapportage IB | O1: Periode:
C4: Naam ingenieursbureau (IB):
C5: Projectmanager ingenieursbureau (IB): | L5: Actie:
C6: Rapporteert aan projectmanager ProRail:
C8: Arcadis
C9: Grontmij / DHV
C11: ALGEMEEN
C12: Highlights uit het afgelopen kwartaal (bijvoorbeeld escalaties, opdrachtwijzigingen, genomen besluiten en opgeleverde producten )
C14: Highlights komende twee kwartalen (bijvoorbeeld knelpunten, opdrachtwijzigingen, te nemen besluiten en op te leveren producten)
C17: ORGANISATIE
C18: Organisatie veranderingen en knelpunten afgelopen kwartaal en komende twee kwartalen
C21: SCOPE
C22: Scope veranderingen afgelopen kwartaal
C24: Scope veranderingen komende twee kwartalen
C27: PLANNING | E27: Vigerende Baseline | G27: Prognose vorig kwartaal | I27: Prognose huidig kwartaal | K27: Verschil baseline - huidig | L27: Verschil prog huidig - vorig
C28: Deelopdracht | D28: Projectnaam | E28: begindatum | F28: einddatum | G28: begindatum | H28: einddatum | I28: begindatum | J28: einddatum | K28: dagen | L28: dagen | M28: Toelichting:
C29: Omschrijving / nummer opdracht | D29: projectnaam | K29: =J29-F29 -> 0 | L29: =J29-H29 -> 0
C30: Omschrijving / nummer opdracht | D30: projectnaam | K30: =J30-F30 -> 0 | L30: =J30-H30 -> 0
C31: Omschrijving / nummer opdracht | D31: projectnaam | K31: =J31-F31 -> 0 | L31: =J31-H31 -> 0
C32: Omschrijving / nummer opdracht | D32: projectnaam | K32: =J32-F32 -> 0 | L32: =J32-H32 -> 0
C33: Omschrijving / nummer opdracht | D33: projectnaam | K33: =J33-F33 -> 0 | L33: =J33-H33 -> 0
K34: =J34-F34 -> 0 | L34: =J34-H34 -> 0
K35: =J35-F35 -> 0 | L35: =J35-H35 -> 0
C38: FINANCIËN (* 1.000,- euro)
C39: Kostensoorten (op Prijspeil niveau) | F39: Origineel opdracht | G39: Geaccordeerde wijzigingen (EOW) | H39: Huidige opdracht | I39: Realisatie t.m. huidig kwartaal | J39: Reeds gefactureerd | K39: Prognose eindstand vorig kwartaal | L39: Prognose eindstand huidig kwartaal | M39: Verschil budget -/- prognose | N39: Verschil progn. huidig -/- vorige prog. | O39: Toelichting:
C40: Opdracht 001 | F40: 0 | G40: 0 | H40: =F40+G40 -> 0 | K40: 0 | L40: 0 | M40: =H40-L40 -> 0 | N40: =L40-K40 -> 0
C41: Verwachte EOW's opdracht 001 | K41: 0 | L41: 0 | N41: =L41-K41 -> 0
C42: Opdracht 002 a | F42: 0 | G42: 0 | H42: =F42+G42 -> 0 | K42: 0 | L42: 0 | M42: =H42-L42 -> 0 | N42: =L42-K42 -> 0
C43: Verwachte EOW's opdracht 002 a | K43: 0 | L43: 0 | N43: =L43-K43 -> 0
C44: Opdracht n | F44: 0 | G44: 0 | H44: =F44+G44 -> 0 | K44: 0 | L44: 0 | M44: =H44-L44 -> 0 | N44: =L44-K44 -> 0
C45: Verwachte EOW's opdracht n | K45: 0 | L45: 0 | N45: =L45-K45 -> 0
C46: Opdracht n | F46: 0 | G46: 0 | H46: =F46+G46 -> 0 | K46: 0 | L46: 0 | M46: =H46-L46 -> 0 | N46: =L46-K46 -> 0
C47: Verwachte EOW's opdracht n | K47: 0 | L47: 0 | N47: =L47-K47 -> 0
F48: 0 | G48: 0 | H48: =F48+G48 -> 0 | K48: 0 | L48: 0 | M48: =H48-L48 -> 0 | N48: =L48-K48 -> 0
C49: Totaal | F49: =SUM(F40:F48) -> 0 | G49: =SUM(G40:G48) -> 0 | H49: =SUM(H40:H48) -> 0 | I49: =SUM(I40:I48) -> 0 | J49: =SUM(J40:J48) -> 0 | K49: =SUM(K40:K48) -> 0 | L49: =SUM(L40:L48) -> 0 | M49: =SUM(M40:M48) -> 0 | N49: =L49-K49 -> 0
J50: =ABS(J51) -> 0
J51: =ABS(J52) -> 0 | N51: =ABS(N52) -> 0 | O51: =ABS(O52) -> 0 | P51: =ABS(P52) -> 0 | Q51: =ABS(Q52) -> 0 | R51: =ABS(R52) -> 0 | S51: =ABS(S52) -> 0
C52: KASSTROOM (*1.000,- euro) | J52: =+J57-J62 -> 0 | N52: =+N57-N62 -> 0 | O52: =+O57-O62 -> 0 | P52: =+P57-P62 -> 0 | Q52: =+Q57-Q62 -> 0 | R52: =+R57-R62 -> 0 | S52: =+S57-S62 -> 0
C53: Omschrijving | F53: Realisatie t/m 20.. | G53: Q1 20.. | H53: Q2 20.. | I53: Q3 20.. | J53: Q4 20.. | K53: Q1 20.. | L53: Q2 20.. | M53: Q3 20.. | N53: Q4 20.. | O53: ect. | T53: Totaal
C55: Opdracht 001 | T55: =SUM(F55:S55) -> 0
C56: Opdracht 002 a | T56: =SUM(F56:S56) -> 0
C57: Opdracht 002 b | T57: =SUM(F57:S57) -> 0
T58: =SUM(F58:S58) -> 0
T59: =SUM(F59:S59) -> 0
T60: =SUM(F60:S60) -> 0
T61: =SUM(F61:S61) -> 0
T62: =SUM(F62:S62) -> 0
T63: =SUM(F63:S63) -> 0
C64: Totaalprognose huidige periode | F64: =SUM(F55:F63) -> 0 | G64: =SUM(G55:G63) -> 0 | H64: =SUM(H55:H63) -> 0 | I64: =SUM(I55:I63) -> 0 | J64: =SUM(J55:J63) -> 0 | K64: =SUM(K55:K63) -> 0 | L64: =SUM(L55:L63) -> 0 | M64: =SUM(M55:M63) -> 0 | ... T64: =SUM(T55:T63) -> 0
C65: Totaalprognose vorige periode | T65: =SUM(F65:S65) -> 0
C66: Verschil huidig - vorig | F66: =+F64-F65 -> 0 | G66: =+G64-G65 -> 0 | H66: =+H64-H65 -> 0 | I66: =+I64-I65 -> 0 | J66: =+J64-J65 -> 0 | K66: =+K64-K65 -> 0 | L66: =+L64-L65 -> 0 | M66: =+M64-M65 -> 0 | ... T66: =+T64-T65 -> 0
C67: Toelichting indien gewijzigd tov vorig kwartaal:
C70: PROJECTRISICO'S
B71: Project-naam | C71: ID nr | D71: Voornaamste risico's | G71: Kans % huidig Q | H71: Kans % vorig Q | I71: Tijd (in mnd) | J71: Verw. Waarde (in mnd) | K71: Bedrag (in K Eur) | L71: Verw.waarde (in K eur) | M71: Oorzaak | P71: Acties en beheersmaatregelen
A73: 1 | B73: =LEFT('Verwerkingsblad RM'!$B$7,10) | C73: ='Verwerkingsblad RM'!$A$7 -> 1 | D73: ='Verwerkingsblad RM'!$E$7 -> 0 | G73: ='Verwerkingsblad RM'!$I$7 -> 0 | H73: - | I73: ='Verwerkingsblad RM'!$J$7 -> 0 | J73: =G73*I73 -> 0 | K73: ='Verwerkingsblad RM'!$L$7 -> 0 | L73: =+G73*K73 -> 0 | M73: ='Verwerkingsblad RM'!$F$7 -> 0 | P73: ='Verwerkingsblad RM'!$N$7 -> 0
A74: 2 | B74: =LEFT('Verwerkingsblad RM'!$B$8,10) | C74: ='Verwerkingsblad RM'!$A$8 -> 2 | D74: ='Verwerkingsblad RM'!$E$8 -> 0 | G74: ='Verwerkingsblad RM'!$I$8 -> 0 | H74: - | I74: ='Verwerkingsblad RM'!$J$8 -> 0 | J74: =G74*I74 -> 0 | K74: ='Verwerkingsblad RM'!$L$8 -> 0 | L74: =+G74*K74 -> 0 | M74: ='Verwerkingsblad RM'!$F$8 -> 0 | P74: ='Verwerkingsblad RM'!$N$8 -> 0
A75: 3 | B75: =LEFT('Verwerkingsblad RM'!$B$9,10) | C75: ='Verwerkingsblad RM'!$A$9 -> 3 | D75: ='Verwerkingsblad RM'!$E$9 -> 0 | G75: ='Verwerkingsblad RM'!$I$9 -> 0 | H75: - | I75: ='Verwerkingsblad RM'!$J$9 -> 0 | J75: =G75*I75 -> 0 | K75: ='Verwerkingsblad RM'!$L$9 -> 0 | L75: =+G75*K75 -> 0 | M75: ='Verwerkingsblad RM'!$F$9 -> 0 | P75: ='Verwerkingsblad RM'!$N$9 -> 0
A76: 4 | B76: =LEFT('Verwerkingsblad RM'!$B$10,10) | C76: ='Verwerkingsblad RM'!$A$10 -> 4 | D76: ='Verwerkingsblad RM'!$E$10 -> 0 | G76: ='Verwerkingsblad RM'!$I$10 -> 0 | H76: - | I76: ='Verwerkingsblad RM'!$J$10 -> 0 | J76: =G76*I76 -> 0 | K76: ='Verwerkingsblad RM'!$L$10 -> 0 | L76: =+G76*K76 -> 0 | M76: ='Verwerkingsblad RM'!$F$10 -> 0 | P76: ='Verwerkingsblad RM'!$N$10 -> 0
A77: 5 | B77: =LEFT('Verwerkingsblad RM'!$B$11,10) | C77: ='Verwerkingsblad RM'!$A$11 -> 5 | D77: ='Verwerkingsblad RM'!$E$11 -> 0 | G77: ='Verwerkingsblad RM'!$I$11 -> 0 | H77: - | I77: ='Verwerkingsblad RM'!$J$11 -> 0 | J77: =G77*I77 -> 0 | K77: ='Verwerkingsblad RM'!$L$11 -> 0 | L77: =+G77*K77 -> 0 | M77: ='Verwerkingsblad RM'!$F$11 -> 0 | P77: ='Verwerkingsblad RM'!$N$11 -> 0
A78: Ov | C78: n.v.t. | D78: Overige risico's in het dossier | G78: - | H78: - | I78: - | J78: =SUM('Verwerkingsblad RM'!$K$12:$K$106) -> 0 | K78: - | L78: =SUM('Verwerkingsblad RM'!$M$12:$M$106) -> 0
C79: Totaal voorzien onvoorzien voor maatregelen | J79: =SUM(J73:J78) -> 0 | L79: =SUM(L73:L78) -> 0
C80: Totaal voorzien onvoorzien na maatregelen | J80: =SUM('Verwerkingsblad RM'!$V$6:$V$106) -> 0 | L80: =SUM('Verwerkingsblad RM'!$X$6:$X$106) -> 0
C83: TOELICHTING OP GEVRAAGDE ACTIE

Sheet lijstjes
A1: Periode | B1: 2 | C1: 3 | D1: 4 | E1: 5 | F1: 6 | G1: 7 | H1: 8 | I1: 9 | J1: 10 | K1: 11 | L1: 12 | M1: 13 | N1: 14 | O1: 15
A2: Q1 2010 | B2: t/m 2009 | C2: I-2010 | D2: II-2010 | E2: III-2010 | F2: 2010 | G2: I-2011 | H2: II-2011 | I2: III-2011 | J2: 2011 | K2: 2012 | L2: 2013 | M2: 2014 | N2: 2015 EV | O2: onvoorzien | R2: ü | T2: ja | U2: beslissen/vaststellen | W2: contract aangegaan
A3: Q2 2010 | B3: t/m 2009 | C3: I-2010 | D3: II-2010 | E3: III-2010 | F3: 2010 | G3: I-2011 | H3: II-2011 | I3: III-2011 | J3: 2011 | K3: 2012 | L3: 2013 | M3: 2014 | N3: 2015 EV | O3: onvoorzien | R3: I | T3: nee | U3: aandacht | W3: nog te contracteren
A4: Q3 2010 | B4: t/m 2009 | C4: I-2010 | D4: II-2010 | E4: III-2010 | F4: 2010 | G4: I-2011 | H4: II-2011 | I4: III-2011 | J4: 2011 | K4: 2012 | L4: 2013 | M4: 2014 | N4: 2015 EV | O4: onvoorzien | R4: û | U4: geen
A5: Q4 2010 | B5: t/m 2009 | C5: I-2010 | D5: II-2010 | E5: III-2010 | F5: 2010 | G5: I-2011 | H5: II-2011 | I5: III-2011 | J5: 2011 | K5: 2012 | L5: 2013 | M5: 2014 | N5: 2015 EV | O5: onvoorzien
A6: Q1 2011 | B6: t/m 2010 | C6: I-2011 | D6: II-2011 | E6: III-2011 | F6: 2011 | G6: I-2012 | H6: II-2012 | I6: III-2012 | J6: 2012 | K6: 2013 | L6: 2014 | M6: 2015 | N6: 2016 EV | O6: onvoorzien
A7: Q2 2011 | B7: t/m 2010 | C7: I-2011 | D7: II-2011 | E7: III-2011 | F7: 2011 | G7: I-2012 | H7: II-2012 | I7: III-2012 | J7: 2012 | K7: 2013 | L7: 2014 | M7: 2015 | N7: 2016 EV | O7: onvoorzien
A8: Q3 2011 | B8: t/m 2010 | C8: I-2011 | D8: II-2011 | E8: III-2011 | F8: 2011 | G8: I-2012 | H8: II-2012 | I8: III-2012 | J8: 2012 | K8: 2013 | L8: 2014 | M8: 2015 | N8: 2016 EV | O8: onvoorzien
A9: Q4 2011 | B9: t/m 2010 | C9: I-2011 | D9: II-2011 | E9: III-2011 | F9: 2011 | G9: I-2012 | H9: II-2012 | I9: III-2012 | J9: 2012 | K9: 2013 | L9: 2014 | M9: 2015 | N9: 2016 EV | O9: onvoorzien
A10: Q1 2012 | B10: t/m 2011 | C10: I-2012 | D10: II-2012 | E10: III-2012 | F10: 2012 | G10: I-2013 | H10: II-2013 | I10: III-2013 | J10: 2013 | K10: 2014 | L10: 2015 | M10: 2016 | N10: 2017 EV | O10: onvoorzien
A11: Q2 2012 | B11: t/m 2011 | C11: I-2012 | D11: II-2012 | E11: III-2012 | F11: 2012 | G11: I-2013 | H11: II-2013 | I11: III-2013 | J11: 2013 | K11: 2014 | L11: 2015 | M11: 2016 | N11: 2017 EV | O11: onvoorzien
A12: Q3 2012 | B12: t/m 2011 | C12: I-2012 | D12: II-2012 | E12: III-2012 | F12: 2012 | G12: I-2013 | H12: II-2013 | I12: III-2013 | J12: 2013 | K12: 2014 | L12: 2015 | M12: 2016 | N12: 2017 EV | O12: onvoorzien
A13: Q4 2012 | B13: t/m 2011 | C13: I-2012 | D13: II-2012 | E13: III-2012 | F13: 2012 | G13: I-2013 | H13: II-2013 | I13: III-2013 | J13: 2013 | K13: 2014 | L13: 2015 | M13: 2016 | N13: 2017 EV | O13: onvoorzien
A14: Q1 2013 | B14: t/m 2012 | C14: I-2013 | D14: II-2013 | E14: III-2013 | F14: 2013 | G14: I-2014 | H14: II-2014 | I14: III-2014 | J14: 2014 | K14: 2015 | L14: 2016 | M14: 2017 | N14: 2018 EV | O14: onvoorzien
A15: Q2 2013 | B15: t/m 2012 | C15: I-2013 | D15: II-2013 | E15: III-2013 | F15: 2013 | G15: I-2014 | H15: II-2014 | I15: III-2014 | J15: 2014 | K15: 2015 | L15: 2016 | M15: 2017 | N15: 2018 EV | O15: onvoorzien
A16: Q3 2013 | B16: t/m 2012 | C16: I-2013 | D16: II-2013 | E16: III-2013 | F16: 2013 | G16: I-2014 | H16: II-2014 | I16: III-2014 | J16: 2014 | K16: 2015 | L16: 2016 | M16: 2017 | N16: 2018 EV | O16: onvoorzien
A17: Q4 2013 | B17: t/m 2012 | C17: I-2013 | D17: II-2013 | E17: III-2013 | F17: 2013 | G17: I-2014 | H17: II-2014 | I17: III-2014 | J17: 2014 | K17: 2015 | L17: 2016 | M17: 2017 | N17: 2018 EV | O17: onvoorzien
R21: Financiers
R22: Derden | V22: AM
R23: FENS | V23: Relatiebeheer
R24: FHH-BBV | V24: V&D
R25: FHH-GO
R26: FHH-VERV
R27: FHH-Mistral
R28: GOM
R29: GOM Verk & Inn
R30: GOM Kleine Infra
R31: MIRT
R32: Overig
V39: Projectnr. : | W39: Projectnaam: | X39: Projectomschrijving
V40: Z-100001 | W40: NSP Breda | X40: Realisatie nieuw sleutel project
V41: R-329100
V42: R-296600 | W42: 3e eiland perron | X42: reeal. 3e perron excl. Herstelfase, incl. goederenwachtspoor
V43: R-352100 | W43: geluidsschermen Breda | X43: Realisatie geluidsschermen bij baanvlakken liggend om OVT Breda
V76: xxx
AB81: Foutmelder
AB82: Foutnr
AB83: 1 | AC83: =+IF(SUM('V1.0'!#REF!)<>0,"Er is een fout gevonden in het blad, check middels de controle kolom waar de fout zich bevindt. De som van de oranje controle kolom dient 0 te zijn",0) -> #REF! | AD83: =+IF(AC83=0,AD82,AC83) -> #REF!
AB84: 2 | AC84: =+IF('V1.0'!#REF!=10,"AUB het EDMS document invullen in cel "&'V1.0'!#REF!,0) -> #REF! | AD84: =+IF(AC84=0,AD83,AC84) -> #REF!
AB85: 3 | AC85: =+IF('V1.0'!#REF!=10,"AUB een versienummer invullen van deze rapportage (2.4 betekend verspreide versie 2 interne ontwerpversie 4)in cel "&'V1.0'!#REF!,0) -> #REF! | AD85: =+IF(AC85=0,AD84,AC85) -> #REF!
AB86: 4 | AC86: =+IF('V1.0'!#REF!=10,"In de rapportage staat actie op aandacht of beslissen, AUB toelichting invulling in cel "&'V1.0'!#REF!,0) -> #REF! | AD86: =+IF(AC86=0,AD85,AC86) -> #REF!
AB87: 5 | AC87: =+IF('V1.0'!#REF!=10,"Aub een toelichting in cel "&'V1.0'!#REF!&" invullen. Indien er geen opmerkingen zijn dat aub N.v.t. invullen",0) -> #REF! | AD87: =+IF(AC87=0,#REF!,AC87) -> #REF!
AB88: 6 | AC88: =+IF('V1.0'!#REF!=10,"Aub een toelichting in cel "&'V1.0'!#REF!&" invullen. Indien er geen opmerkingen zijn dat aub N.v.t. invullen",0) -> #REF! | AD88: =+IF(AC88=0,#REF!,AC88) -> #REF!
AB89: 7 | AC89: =+IF('V1.0'!#REF!=10,"Aub de kasstroombedragen in duizenden euro's invullen.",0) -> #REF! | AD89: =+IF(AC89=0,AD88,AC89) -> #REF!
AB90: 8 | AC90: =+IF('V1.0'!#REF!=10,"Aub in het financiën blok de bedragen in duizenden euro's invullen.",0) -> #REF! | AD90: =+IF(AC90=0,AD89,AC90) -> #REF!
AB91: 9 | AC91: =+IF('V1.0'!#REF!=10,"Aub de toelichting in het kasstroomoverzicht invullen. Indien er geen opmerkingen zijn dat aub N.v.t. invullen",0) -> #REF! | AD91: =+IF(AC91=0,AD90,AC91) -> #REF!
AB92: 10 | AC92: =+IF('V1.0'!#REF!=10,"Vul aub het kasstroomoverzicht in.",0) -> #REF! | AD92: =+IF(AC92=0,AD91,AC92) -> #REF!
AB93: 11 | AC93: =+IF('V1.0'!#REF!=10,"Vul aub in cel "&'V1.0'!#REF!&" een algemene toelichting in horende bij het financiële gedeelte, zie ook bij de toelichting vermelde tips.",0) -> #REF! | AD93: =+IF(AC93=0,AD92,AC93) -> #REF!
AB94: 12 | AC94: =+IF('V1.0'!#REF!=10,"Aub in cel "&'V1.0'!#REF!&" een toelichting geven waarom er een Negatief AK resultaat wordt verwacht, en hoe dit probleem wordt opgelost",0) -> #REF! | AD94: =+IF(AC94=0,AD93,AC94) -> #REF!
AB95: 13 | AC95: =+IF('V1.0'!#REF!=10,"Aub in cel "&'V1.0'!#REF!&" een toelichting geven waarom budget lager is dan de huidige prognose, en hoe dit probleem wordt opgelost",0) -> #REF! | AD95: =+IF(AC95=0,AD94,AC95) -> #REF!
AB96: 14 | AC96: =+IF(SUM('V1.0'!#REF!)>0,"Aub een toelichting invullen in cel "&'V1.0'!#REF!&" (zoals belangrijkste verschil huidige prognose vs prognose Q-1, of toelichting mutatie budget)",0) -> #REF! | AD96: =+IF(AC96=0,AD95,AC96) -> #REF!
AB97: 15 | AC97: =+IF('V1.0'!#REF!=10,"Aub het financiën gedeelte invullen (huidig budget moet groter zijn dan 0 en huidige prognose eindstand moet groter zijn dan 0)",0) -> #REF! | AD97: =+IF(AC97=0,AD96,AC97) -> #REF!
AB98: 16 | AC98: =+IF('V1.0'!#REF!=10,"Er is een foutmelding geconstateerd in het blok financiën, aub de foute cel aanpassen",0) -> #REF! | AD98: =+IF(AC98=0,AD97,AC98) -> #REF!
AB99: 17 | AC99: =+IF('V1.0'!#REF!=10,"AUB in het blok planning in cel "&'V1.0'!#REF!&" een korte toelichting invullen. Indien geen tekst dan nvt invullen",0) -> #REF! | AD99: =+IF(AC99=0,AD98,AC99) -> #REF!
AB100: 18 | AC100: =+IF('V1.0'!#REF!=10,"AUB in cel "&'V1.0'!#REF!&" een periode invoeren.",0) -> #REF! | AD100: =+IF(AC100=0,AD99,AC100) -> #REF!
AB101: 19 | AC101: =+IF(SUM('V1.0'!#REF!)>0,"AUB tekststukken in het blok contracten aanvullen",0) -> #REF! | AD101: =+IF(AC101=0,AD100,AC101) -> #REF!
AB102: 20 | AC102: =+IF('V1.0'!#REF!=10,"AUB de bedragen in het blok contracten delen door 1.000 euro",0) -> #REF! | AD102: =+IF(AC102=0,AD101,AC102) -> #REF!
AB103: 21 | AC103: =+IF('V1.0'!#REF!=10,"er staat een rekenfout in het blok contracten AUB de foute cellen aanpassen",0) -> #REF! | AD103: =+IF(AC103=0,AD102,AC103) -> #REF!
AB104: 22 | AC104: =+IF('V1.0'!#REF!=10,"AUB in het blok scope wijzigingnen in cel "&'V1.0'!#REF!&" invulling toevoegen. Indien geen tekst dan aub nvt invullen",0) -> #REF! | AD104: =+IF(AC104=0,AD103,AC104) -> #REF!
AB105: 23 | AC105: =+IF('V1.0'!#REF!=10,"AUB in het blok organisatie in cel "&'V1.0'!#REF!&" een invulling toevoegen. Indien geen tekst dan aub nvt invullen",0) -> #REF! | AD105: =+IF(AC105=0,AD104,AC105) -> #REF!
AB106: 24 | AC106: =+IF('V1.0'!#REF!=10,"AUB in het blok algemeen in cel "&'V1.0'!#REF!&" een korte toelichting invullen.",0) -> #REF! | AD106: =+IF(AC106=0,AD105,AC106) -> #REF!
AB107: 25 | AC107: =+IF('V1.0'!#REF!=10,"AUB de naam van de manager waaraan wordt gerapporteerd invullen in cel "&'V1.0'!#REF!,0) -> #REF! | AD107: =+IF(AC107=0,AD106,AC107) -> #REF!
AB108: 26 | AC108: =+IF('V1.0'!#REF!=10,"AUB de naam van de manager invullen in cel "&'V1.0'!#REF!,0) -> #REF! | AD108: =+IF(AC108=0,AD107,AC108) -> #REF!
AB109: 27 | AC109: =+IF('V1.0'!#REF!=10,"voor het ingevulde projectnummer is helaas geen korte projecttekst gevonden AUB de korte tekst aanvullen in cel "&'V1.0'!#REF!,0) -> #REF! | AD109: =+IF(AC109=0,AD108,AC109) -> #REF!
AB110: 28 | AC110: =+IF('V1.0'!#REF!=10,"voor het ingevulde projectnummer is helaas geen omschrijving gevonden AUB de projectomschrijving aanvullen in cel "&'V1.0'!#REF!,0) -> #REF! | AD110: =+IF(AC110=0,AD109,AC110) -> #REF!
AB111: 29 | AC111: =+IF('V1.0'!#REF!=10,"AUB SAP projectnummer vullen in cel "&'V1.0'!#REF!,0) -> #REF! | AD111: =+IF(AC111=0,AD110,AC111) -> #REF!
AB112: 30 | AC112: =+IF('V1.0'!#REF!=10,"AUB projectfase invullen in cel "&'V1.0'!#REF!,0) -> #REF! | AD112: =+IF(AC112=0,AD111,AC112) -> #REF!
AB113: 31 | AC113: =+IF('V1.0'!#REF!=10,"AUB Financieringsvorm invullen in cel "&'V1.0'!#REF!,0) -> #REF! | AD113: =+IF(AC113=0,AD112,AC113) -> #REF!
AB114: 32 | AC114: =+IF('V1.0'!#REF!=10,"Kies AUB in cel "&'V1.0'!#REF!&" een periode uit de lijst (De lijst wordt zichtbaar als je de cel selecteert)",0) -> #REF! | AD114: =+IF(AC114=0,AD113,AC114) -> #REF!
AC115: Openstaande foutmelding | AD115: =+AD114 -> #REF!
AG121: Contractvormen
AG122: Traditioneel
AG123: E&C
AG124: D&C
AG125: Alliantie
AG126: DBM
AG127: DBF
AG128: Turnkey
AG129: Bouwteam
AK137: Fases
AK138: Voorbereiding (RVOI 1-4)
AK139: Aanbesteding (RVOI 5)
AK140: Realisatie (RVOI 6-8)
AK141: Afronding (RVOI 9)
AK142: Exploitatief gereed
AK143: Technisch gereed
AP150: Naam | AQ150: Financierdersgroep | AR150: Fincode
AP151: MIT-Personenvervoer | AQ151: MIT | AR151: MIT-P
AP152: MIT-Goederenvervoer | AQ152: MIT | AR152: MIT-G
AP153: FENS | AQ153: FENS | AR153: FENS
AP154: Geoormerkt | AQ154: Beheerplan | AR154: GOM
AP155: Kleine Infra | AQ155: Beheerplan | AR155: KI
AP156: Vervangingsinvestering | AQ156: Beheerplan | AR156: VI
AP157: Derden; Gemeenten | AQ157: Derden | AR157: DD-gem
AP158: Derden; Rijkswaterstaat | AQ158: Derden | AR158: DD-rws
AP159: Derden; Provincies | AQ159: Derden | AR159: DD-prov
AP160: Derden; Overig | AQ160: Derden | AR160: DD-overig
AP161: Derden; NS-Poort | AQ161: Derden | AR161: DD-nsp
AP162: Geen Financieel kader Beschikbaar | AQ162: Geen Financieel kader Beschikbaar | AR162: GFB

Sheet Bijlage Risicodossier
AB2: Actualiseren
AJ5: Voor maatregelen | CP5: Na maatregelen
A6: ID | B6: Versie | C6: Aanmaak datum | D6: Laatste wijziging | E6: Naam | F6: PDS structuur | G6: WBS Project [nummer] | H6: Projectonderdeel | I6: Cluster / Afdeling | J6: KPI | K6: Onderwerp | L6: Invalshoek | M6: Risicotype | N6: Basisoorzaak | O6: Nummer contract eis | P6: Eisen document | Q6: Projectnaam | R6: Meenemen in rapportage | S6: Kostensoort (P, EAT, BK) | T6: Vrij label 4 | U6: Vrij label 5 | V6: Vrij label 6 | W6: Vrij label 7 | X6: Vrij label 8 | Y6: Vrij label 9 | Z6: Vrij label 10 | AA6: Bron | AB6: Onzekerheid (Ongewenste gebeurtenis) | AC6: Oorzaak | AD6: Gevolg | AE6: Allocatie | AF6: Eigenaar | AG6: Risicostatus | AH6: Vervalreden | AI6: Kans van optreden [klasse] | AJ6: Kans van optreden [exact, %] | AK6: Gevolgen tijd (min) [weken] | AL6: Gevolgen tijd (most) [maanden] | AM6: Gevolgen tijd (max) [weken] | AN6: Verwachtingswaarde gevolg Tijd [maanden] | AO6: Gevolgen geld (min) [x € 1.000] | AP6: Gevolgen geld (most) [x € 1.000] | AQ6: Gevolgen geld (max) [x € 1.000] | AR6: Verwachtingswaarde gevolg Geld [x € 1.000] | AS6: Gevolgen kwaliteit | AT6: Betrouwbaarheid | AU6: Beschikbaarheid | AV6: Onderhoudbaarheid | AW6: Milieu | AX6: Veiligheid | AY6: Imago | AZ6: Prognose | BA6: Categorie | BB6: Post | BC6: Opmerking geld | BD6: Voorganger | BE6: Opvolger | BF6: Opmerking tijd | BG6: Rest kans | BH6: Rest gevolgen tijd | BI6: Rest gevolgen geld | BJ6: Rest gevolgen kwaliteit | BK6: Analyses | BL6: Omschrijving beheersmaatregel | BM6: Voortgang beheersmaatregel | BN6: Status beheersmaatregel | BO6: Uitvoerder beheersmaatregel | BP6: Deadline | BQ6: Duur van beheersmaatregel [weken / maanden] | BR6: Kosten beheersmaatregel [x € 1.000] | BS6: x | BT6: Kans v. optr [klasse] | BU6: Gevolg Tijd [klasse] | BV6: Gevolg Geld [klasse] | BW6: Gevolg Kwaliteit [klasse] | BX6: Gevolg Imago [klasse] | BY6: Gevolg Beschikbaarheid [klasse] | BZ6: Gevolg Veiligheid [klasse] | CA6: Kans [tekst] | CB6: Tijd [tekst] in weken | CC6: Geld [tekst] (x 1.000) | CD6: Kwaliteit [tekst] | CE6: Imago [tekst] | CF6: Beschikbaarheid [tekst] | CG6: Veiligheid [tekst] | CH6: Score tijd | CI6: Score geld | CJ6: Score kwaliteit | CK6: Score imago | CL6: Score beschikbaarheid | CM6: Score Veiligheid | CN6: Score totaal | CP6: Restkans van optreden [exact, %] | CQ6: Restgevolgen tijd (min) [weken] | CR6: Restgevolgen tijd (most) [Maanden] | CS6: Restgevolgen tijd (max) [weken] | CT6: Verwachtingswaarde restgevolg Tijd [Maanden] | CU6: Restgevolgengeld (min) [x € 1.000] | CV6: Restgevolgen geld (most) [x € 1.000] | CW6: Restgevolgengeld (max) [x € 1.000] | CX6: Verwachtingswaarde restgevolg Geld | CY6: Rest kans | CZ6: Rest gevolgen tijd | DA6: Rest gevolgen geld | DB6: Rest gevolgen kwaliteit | DC6: Rest gevolgen Imago | DD6: Rest gevolgen beschikbaarheid | DE6: Rest gevolgen veiligheid | DF6: Score totaal
A7: 1 | R7: Ja | AN7: =IF(AND(AK7=0, AL7=0, AM7=0), "-", IF(AND(AK7=0,AM7=0),(AJ7*AL7),(AJ7*(((AK7)+(AL7*4)+(AM7))/6)))) -> - | AR7: =IF(AND(AO7=0, AP7=0, AQ7=0), "-", IF(AND(AO7=0,AQ7=0),(AJ7*AP7),(AJ7*(((AO7)+(AP7*4)+(AQ7))/6)))) -> - | CA7: #N/A | CB7: 0 | CC7: 0 | CD7: Geen, eis wordt gehaald | CE7: Geen | CF7: Geen | CG7: Geen | CH7: =BT7*BU7 -> 0 | CI7: =BT7*BV7 -> 0 | CJ7: =BT7*BW7 -> 0 | CK7: =BT7*BX7 -> 0 | CL7: =BT7*BY7 -> 0 | CM7: =BT7*BZ7 -> 0 | CN7: =BT7*(BU7+BV7+BW7+BX7+BY7+BZ7) -> 0 | CT7: =IF(AND(CQ7=0, CR7=0, CS7=0), "-", IF(AND(CQ7=0,CS7=0),(CP7*CR7),(CP7*(((CQ7)+(CR7*4)+(CS7))/6)))) -> - | CX7: =IF(AND(CU7=0, CV7=0, CW7=0), "-", IF(AND(CU7=0,CW7=0),(CP7*CV7),(CP7*(((CU7)+(CV7*4)+(CW7))/6)))) -> - | DF7: =CY7*(CZ7+DA7+DB7+DC7+DD7+DE7) -> 0 | DH7: 1
A8: 2 | R8: Ja | AN8: =IF(AND(AK8=0, AL8=0, AM8=0), "-", IF(AND(AK8=0,AM8=0),(AJ8*AL8),(AJ8*(((AK8)+(AL8*4)+(AM8))/6)))) -> - | AR8: =IF(AND(AO8=0, AP8=0, AQ8=0), "-", IF(AND(AO8=0,AQ8=0),(AJ8*AP8),(AJ8*(((AO8)+(AP8*4)+(AQ8))/6)))) -> - | CA8: #N/A | CB8: 0 | CC8: 0 | CD8: Geen, eis wordt gehaald | CE8: Geen | CF8: Geen | CG8: Geen | CH8: =BT8*BU8 -> 0 | CI8: =BT8*BV8 -> 0 | CJ8: =BT8*BW8 -> 0 | CK8: =BT8*BX8 -> 0 | CL8: =BT8*BY8 -> 0 | CM8: =BT8*BZ8 -> 0 | CN8: =BT8*(BU8+BV8+BW8+BX8+BY8+BZ8) -> 0 | CT8: =IF(AND(CQ8=0, CR8=0, CS8=0), "-", IF(AND(CQ8=0,CS8=0),(CP8*CR8),(CP8*(((CQ8)+(CR8*4)+(CS8))/6)))) -> - | CX8: =IF(AND(CU8=0, CV8=0, CW8=0), "-", IF(AND(CU8=0,CW8=0),(CP8*CV8),(CP8*(((CU8)+(CV8*4)+(CW8))/6)))) -> - | DF8: =CY8*(CZ8+DA8+DB8+DC8+DD8+DE8) -> 0 | DH8: 2
A9: 3 | R9: Ja | AN9: =IF(AND(AK9=0, AL9=0, AM9=0), "-", IF(AND(AK9=0,AM9=0),(AJ9*AL9),(AJ9*(((AK9)+(AL9*4)+(AM9))/6)))) -> - | AR9: =IF(AND(AO9=0, AP9=0, AQ9=0), "-", IF(AND(AO9=0,AQ9=0),(AJ9*AP9),(AJ9*(((AO9)+(AP9*4)+(AQ9))/6)))) -> - | CA9: #N/A | CB9: 0 | CC9: 0 | CD9: Geen, eis wordt gehaald | CE9: Geen | CF9: Geen | CG9: Geen | CH9: =BT9*BU9 -> 0 | CI9: =BT9*BV9 -> 0 | CJ9: =BT9*BW9 -> 0 | CK9: =BT9*BX9 -> 0 | CL9: =BT9*BY9 -> 0 | CM9: =BT9*BZ9 -> 0 | CN9: =BT9*(BU9+BV9+BW9+BX9+BY9+BZ9) -> 0 | CT9: =IF(AND(CQ9=0, CR9=0, CS9=0), "-", IF(AND(CQ9=0,CS9=0),(CP9*CR9),(CP9*(((CQ9)+(CR9*4)+(CS9))/6)))) -> - | CX9: =IF(AND(CU9=0, CV9=0, CW9=0), "-", IF(AND(CU9=0,CW9=0),(CP9*CV9),(CP9*(((CU9)+(CV9*4)+(CW9))/6)))) -> - | DF9: =CY9*(CZ9+DA9+DB9+DC9+DD9+DE9) -> 0 | DH9: 6
A10: 4 | R10: Ja | AN10: =IF(AND(AK10=0, AL10=0, AM10=0), "-", IF(AND(AK10=0,AM10=0),(AJ10*AL10),(AJ10*(((AK10)+(AL10*4)+(AM10))/6)))) -> - | AR10: =IF(AND(AO10=0, AP10=0, AQ10=0), "-", IF(AND(AO10=0,AQ10=0),(AJ10*AP10),(AJ10*(((AO10)+(AP10*4)+(AQ10))/6)))) -> - | CA10: #N/A | CB10: 0 | CC10: 0 | CD10: Geen, eis wordt gehaald | CE10: Geen | CF10: Geen | CG10: Geen | CH10: =BT10*BU10 -> 0 | CI10: =BT10*BV10 -> 0 | CJ10: =BT10*BW10 -> 0 | CK10: =BT10*BX10 -> 0 | CL10: =BT10*BY10 -> 0 | CM10: =BT10*BZ10 -> 0 | CN10: =BT10*(BU10+BV10+BW10+BX10+BY10+BZ10) -> 0 | CT10: =IF(AND(CQ10=0, CR10=0, CS10=0), "-", IF(AND(CQ10=0,CS10=0),(CP10*CR10),(CP10*(((CQ10)+(CR10*4)+(CS10))/6)))) -> - | CX10: =IF(AND(CU10=0, CV10=0, CW10=0), "-", IF(AND(CU10=0,CW10=0),(CP10*CV10),(CP10*(((CU10)+(CV10*4)+(CW10))/6)))) -> - | DF10: =CY10*(CZ10+DA10+DB10+DC10+DD10+DE10) -> 0 | DH10: 5
A11: 5 | R11: Ja | AN11: =IF(AND(AK11=0, AL11=0, AM11=0), "-", IF(AND(AK11=0,AM11=0),(AJ11*AL11),(AJ11*(((AK11)+(AL11*4)+(AM11))/6)))) -> - | AR11: =IF(AND(AO11=0, AP11=0, AQ11=0), "-", IF(AND(AO11=0,AQ11=0),(AJ11*AP11),(AJ11*(((AO11)+(AP11*4)+(AQ11))/6)))) -> - | CA11: #N/A | CB11: 0 | CC11: 0 | CD11: Geen, eis wordt gehaald | CE11: Geen | CF11: Geen | CG11: Geen | CH11: =BT11*BU11 -> 0 | CI11: =BT11*BV11 -> 0 | CJ11: =BT11*BW11 -> 0 | CK11: =BT11*BX11 -> 0 | CL11: =BT11*BY11 -> 0 | CM11: =BT11*BZ11 -> 0 | CN11: =BT11*(BU11+BV11+BW11+BX11+BY11+BZ11) -> 0 | CT11: =IF(AND(CQ11=0, CR11=0, CS11=0), "-", IF(AND(CQ11=0,CS11=0),(CP11*CR11),(CP11*(((CQ11)+(CR11*4)+(CS11))/6)))) -> - | CX11: =IF(AND(CU11=0, CV11=0, CW11=0), "-", IF(AND(CU11=0,CW11=0),(CP11*CV11),(CP11*(((CU11)+(CV11*4)+(CW11))/6)))) -> - | DF11: =CY11*(CZ11+DA11+DB11+DC11+DD11+DE11) -> 0 | DH11: 3
A12: 6 | R12: Ja | AN12: =IF(AND(AK12=0, AL12=0, AM12=0), "-", IF(AND(AK12=0,AM12=0),(AJ12*AL12),(AJ12*(((AK12)+(AL12*4)+(AM12))/6)))) -> - | AR12: =IF(AND(AO12=0, AP12=0, AQ12=0), "-", IF(AND(AO12=0,AQ12=0),(AJ12*AP12),(AJ12*(((AO12)+(AP12*4)+(AQ12))/6)))) -> - | CA12: #N/A | CB12: 0 | CC12: 0 | CD12: Geen, eis wordt gehaald | CE12: Geen | CF12: Geen | CG12: Geen | CH12: =BT12*BU12 -> 0 | CI12: =BT12*BV12 -> 0 | CJ12: =BT12*BW12 -> 0 | CK12: =BT12*BX12 -> 0 | CL12: =BT12*BY12 -> 0 | CM12: =BT12*BZ12 -> 0 | CN12: =BT12*(BU12+BV12+BW12+BX12+BY12+BZ12) -> 0 | CT12: =IF(AND(CQ12=0, CR12=0, CS12=0), "-", IF(AND(CQ12=0,CS12=0),(CP12*CR12),(CP12*(((CQ12)+(CR12*4)+(CS12))/6)))) -> - | CX12: =IF(AND(CU12=0, CV12=0, CW12=0), "-", IF(AND(CU12=0,CW12=0),(CP12*CV12),(CP12*(((CU12)+(CV12*4)+(CW12))/6)))) -> - | DF12: =CY12*(CZ12+DA12+DB12+DC12+DD12+DE12) -> 0 | DH12: 4
A13: 7 | R13: Ja | AN13: =IF(AND(AK13=0, AL13=0, AM13=0), "-", IF(AND(AK13=0,AM13=0),(AJ13*AL13),(AJ13*(((AK13)+(AL13*4)+(AM13))/6)))) -> - | AR13: =IF(AND(AO13=0, AP13=0, AQ13=0), "-", IF(AND(AO13=0,AQ13=0),(AJ13*AP13),(AJ13*(((AO13)+(AP13*4)+(AQ13))/6)))) -> - | CA13: #N/A | CB13: 0 | CC13: 0 | CD13: Geen, eis wordt gehaald | CE13: Geen | CF13: Geen | CG13: Geen | CH13: =BT13*BU13 -> 0 | CI13: =BT13*BV13 -> 0 | CJ13: =BT13*BW13 -> 0 | CK13: =BT13*BX13 -> 0 | CL13: =BT13*BY13 -> 0 | CM13: =BT13*BZ13 -> 0 | CN13: =BT13*(BU13+BV13+BW13+BX13+BY13+BZ13) -> 0 | CT13: =IF(AND(CQ13=0, CR13=0, CS13=0), "-", IF(AND(CQ13=0,CS13=0),(CP13*CR13),(CP13*(((CQ13)+(CR13*4)+(CS13))/6)))) -> - | CX13: =IF(AND(CU13=0, CV13=0, CW13=0), "-", IF(AND(CU13=0,CW13=0),(CP13*CV13),(CP13*(((CU13)+(CV13*4)+(CW13))/6)))) -> - | DF13: =CY13*(CZ13+DA13+DB13+DC13+DD13+DE13) -> 0 | DH13: 7
A14: 8 | R14: Ja | AN14: =IF(AND(AK14=0, AL14=0, AM14=0), "-", IF(AND(AK14=0,AM14=0),(AJ14*AL14),(AJ14*(((AK14)+(AL14*4)+(AM14))/6)))) -> - | AR14: =IF(AND(AO14=0, AP14=0, AQ14=0), "-", IF(AND(AO14=0,AQ14=0),(AJ14*AP14),(AJ14*(((AO14)+(AP14*4)+(AQ14))/6)))) -> - | CA14: #N/A | CB14: 0 | CC14: 0 | CD14: Geen, eis wordt gehaald | CE14: Geen | CF14: Geen | CG14: Geen | CH14: =BT14*BU14 -> 0 | CI14: =BT14*BV14 -> 0 | CJ14: =BT14*BW14 -> 0 | CK14: =BT14*BX14 -> 0 | CL14: =BT14*BY14 -> 0 | CM14: =BT14*BZ14 -> 0 | CN14: =BT14*(BU14+BV14+BW14+BX14+BY14+BZ14) -> 0 | CT14: =IF(AND(CQ14=0, CR14=0, CS14=0), "-", IF(AND(CQ14=0,CS14=0),(CP14*CR14),(CP14*(((CQ14)+(CR14*4)+(CS14))/6)))) -> - | CX14: =IF(AND(CU14=0, CV14=0, CW14=0), "-", IF(AND(CU14=0,CW14=0),(CP14*CV14),(CP14*(((CU14)+(CV14*4)+(CW14))/6)))) -> - | DF14: =CY14*(CZ14+DA14+DB14+DC14+DD14+DE14) -> 0 | DH14: 8
A15: 9 | R15: Ja | AN15: =IF(AND(AK15=0, AL15=0, AM15=0), "-", IF(AND(AK15=0,AM15=0),(AJ15*AL15),(AJ15*(((AK15)+(AL15*4)+(AM15))/6)))) -> - | AR15: =IF(AND(AO15=0, AP15=0, AQ15=0), "-", IF(AND(AO15=0,AQ15=0),(AJ15*AP15),(AJ15*(((AO15)+(AP15*4)+(AQ15))/6)))) -> - | CA15: #N/A | CB15: 0 | CC15: 0 | CD15: Geen, eis wordt gehaald | CE15: Geen | CF15: Geen | CG15: Geen | CH15: =BT15*BU15 -> 0 | CI15: =BT15*BV15 -> 0 | CJ15: =BT15*BW15 -> 0 | CK15: =BT15*BX15 -> 0 | CL15: =BT15*BY15 -> 0 | CM15: =BT15*BZ15 -> 0 | CN15: =BT15*(BU15+BV15+BW15+BX15+BY15+BZ15) -> 0 | CT15: =IF(AND(CQ15=0, CR15=0, CS15=0), "-", IF(AND(CQ15=0,CS15=0),(CP15*CR15),(CP15*(((CQ15)+(CR15*4)+(CS15))/6)))) -> - | CX15: =IF(AND(CU15=0, CV15=0, CW15=0), "-", IF(AND(CU15=0,CW15=0),(CP15*CV15),(CP15*(((CU15)+(CV15*4)+(CW15))/6)))) -> - | DF15: =CY15*(CZ15+DA15+DB15+DC15+DD15+DE15) -> 0 | DH15: 9
A16: 10 | R16: Ja | AN16: =IF(AND(AK16=0, AL16=0, AM16=0), "-", IF(AND(AK16=0,AM16=0),(AJ16*AL16),(AJ16*(((AK16)+(AL16*4)+(AM16))/6)))) -> - | AR16: =IF(AND(AO16=0, AP16=0, AQ16=0), "-", IF(AND(AO16=0,AQ16=0),(AJ16*AP16),(AJ16*(((AO16)+(AP16*4)+(AQ16))/6)))) -> - | CA16: #N/A | CB16: 0 | CC16: 0 | CD16: Geen, eis wordt gehaald | CE16: Geen | CF16: Geen | CG16: Geen | CH16: =BT16*BU16 -> 0 | CI16: =BT16*BV16 -> 0 | CJ16: =BT16*BW16 -> 0 | CK16: =BT16*BX16 -> 0 | CL16: =BT16*BY16 -> 0 | CM16: =BT16*BZ16 -> 0 | CN16: =BT16*(BU16+BV16+BW16+BX16+BY16+BZ16) -> 0 | CT16: =IF(AND(CQ16=0, CR16=0, CS16=0), "-", IF(AND(CQ16=0,CS16=0),(CP16*CR16),(CP16*(((CQ16)+(CR16*4)+(CS16))/6)))) -> - | CX16: =IF(AND(CU16=0, CV16=0, CW16=0), "-", IF(AND(CU16=0,CW16=0),(CP16*CV16),(CP16*(((CU16)+(CV16*4)+(CW16))/6)))) -> - | DF16: =CY16*(CZ16+DA16+DB16+DC16+DD16+DE16) -> 0 | DH16: 10
A17: 11 | R17: Ja | AN17: =IF(AND(AK17=0, AL17=0, AM17=0), "-", IF(AND(AK17=0,AM17=0),(AJ17*AL17),(AJ17*(((AK17)+(AL17*4)+(AM17))/6)))) -> - | AR17: =IF(AND(AO17=0, AP17=0, AQ17=0), "-", IF(AND(AO17=0,AQ17=0),(AJ17*AP17),(AJ17*(((AO17)+(AP17*4)+(AQ17))/6)))) -> - | CA17: #N/A | CB17: 0 | CC17: 0 | CD17: Geen, eis wordt gehaald | CE17: Geen | CF17: Geen | CG17: Geen | CH17: =BT17*BU17 -> 0 | CI17: =BT17*BV17 -> 0 | CJ17: =BT17*BW17 -> 0 | CK17: =BT17*BX17 -> 0 | CL17: =BT17*BY17 -> 0 | CM17: =BT17*BZ17 -> 0 | CN17: =BT17*(BU17+BV17+BW17+BX17+BY17+BZ17) -> 0 | CT17: =IF(AND(CQ17=0, CR17=0, CS17=0), "-", IF(AND(CQ17=0,CS17=0),(CP17*CR17),(CP17*(((CQ17)+(CR17*4)+(CS17))/6)))) -> - | CX17: =IF(AND(CU17=0, CV17=0, CW17=0), "-", IF(AND(CU17=0,CW17=0),(CP17*CV17),(CP17*(((CU17)+(CV17*4)+(CW17))/6)))) -> - | DF17: =CY17*(CZ17+DA17+DB17+DC17+DD17+DE17) -> 0 | DH17: 11
A18: 12 | R18: Ja | AN18: =IF(AND(AK18=0, AL18=0, AM18=0), "-", IF(AND(AK18=0,AM18=0),(AJ18*AL18),(AJ18*(((AK18)+(AL18*4)+(AM18))/6)))) -> - | AR18: =IF(AND(AO18=0, AP18=0, AQ18=0), "-", IF(AND(AO18=0,AQ18=0),(AJ18*AP18),(AJ18*(((AO18)+(AP18*4)+(AQ18))/6)))) -> - | CA18: #N/A | CB18: 0 | CC18: 0 | CD18: Geen, eis wordt gehaald | CE18: Geen | CF18: Geen | CG18: Geen | CH18: =BT18*BU18 -> 0 | CI18: =BT18*BV18 -> 0 | CJ18: =BT18*BW18 -> 0 | CK18: =BT18*BX18 -> 0 | CL18: =BT18*BY18 -> 0 | CM18: =BT18*BZ18 -> 0 | CN18: =BT18*(BU18+BV18+BW18+BX18+BY18+BZ18) -> 0 | CT18: =IF(AND(CQ18=0, CR18=0, CS18=0), "-", IF(AND(CQ18=0,CS18=0),(CP18*CR18),(CP18*(((CQ18)+(CR18*4)+(CS18))/6)))) -> - | CX18: =IF(AND(CU18=0, CV18=0, CW18=0), "-", IF(AND(CU18=0,CW18=0),(CP18*CV18),(CP18*(((CU18)+(CV18*4)+(CW18))/6)))) -> - | DF18: =CY18*(CZ18+DA18+DB18+DC18+DD18+DE18) -> 0 | DH18: 12
... A40: 34 | R40: Ja | AN40: =IF(AND(AK40=0, AL40=0, AM40=0), "-", IF(AND(AK40=0,AM40=0),(AJ40*AL40),(AJ40*(((AK40)+(AL40*4)+(AM40))/6)))) -> - | AR40: =IF(AND(AO40=0, AP40=0, AQ40=0), "-", IF(AND(AO40=0,AQ40=0),(AJ40*AP40),(AJ40*(((AO40)+(AP40*4)+(AQ40))/6)))) -> - | CA40: #N/A | CB40: 0 | CC40: 0 | CD40: Geen, eis wordt gehaald | CE40: Geen | CF40: Geen | CG40: Geen | CH40: =BT40*BU40 -> 0 | CI40: =BT40*BV40 -> 0 | CJ40: =BT40*BW40 -> 0 | CK40: =BT40*BX40 -> 0 | CL40: =BT40*BY40 -> 0 | CM40: =BT40*BZ40 -> 0 | CN40: =BT40*(BU40+BV40+BW40+BX40+BY40+BZ40) -> 0 | CT40: =IF(AND(CQ40=0, CR40=0, CS40=0), "-", IF(AND(CQ40=0,CS40=0),(CP40*CR40),(CP40*(((CQ40)+(CR40*4)+(CS40))/6)))) -> - | CX40: =IF(AND(CU40=0, CV40=0, CW40=0), "-", IF(AND(CU40=0,CW40=0),(CP40*CV40),(CP40*(((CU40)+(CV40*4)+(CW40))/6)))) -> - | DF40: =CY40*(CZ40+DA40+DB40+DC40+DD40+DE40) -> 0 | DH40: 34
A41: 35 | AN41: =IF(AND(AK41=0, AL41=0, AM41=0), "-", IF(AND(AK41=0,AM41=0),(AJ41*AL41),(AJ41*(((AK41)+(AL41*4)+(AM41))/6)))) -> - | AR41: =IF(AND(AO41=0, AP41=0, AQ41=0), "-", IF(AND(AO41=0,AQ41=0),(AJ41*AP41),(AJ41*(((AO41)+(AP41*4)+(AQ41))/6)))) -> - | CA41: #N/A | CB41: 0 | CC41: 0 | CD41: Geen, eis wordt gehaald | CE41: Geen | CF41: Geen | CG41: Geen | CH41: =BT41*BU41 -> 0 | CI41: =BT41*BV41 -> 0 | CJ41: =BT41*BW41 -> 0 | CK41: =BT41*BX41 -> 0 | CL41: =BT41*BY41 -> 0 | CM41: =BT41*BZ41 -> 0 | CN41: =BT41*(BU41+BV41+BW41+BX41+BY41+BZ41) -> 0 | CT41: =IF(AND(CQ41=0, CR41=0, CS41=0), "-", IF(AND(CQ41=0,CS41=0),(CP41*CR41),(CP41*(((CQ41)+(CR41*4)+(CS41))/6)))) -> - | CX41: =IF(AND(CU41=0, CV41=0, CW41=0), "-", IF(AND(CU41=0,CW41=0),(CP41*CV41),(CP41*(((CU41)+(CV41*4)+(CW41))/6)))) -> - | DF41: =CY41*(CZ41+DA41+DB41+DC41+DD41+DE41) -> 0 | DH41: 35
A42: 36 | AN42: =IF(AND(AK42=0, AL42=0, AM42=0), "-", IF(AND(AK42=0,AM42=0),(AJ42*AL42),(AJ42*(((AK42)+(AL42*4)+(AM42))/6)))) -> - | AR42: =IF(AND(AO42=0, AP42=0, AQ42=0), "-", IF(AND(AO42=0,AQ42=0),(AJ42*AP42),(AJ42*(((AO42)+(AP42*4)+(AQ42))/6)))) -> - | CA42: #N/A | CB42: 0 | CC42: 0 | CD42: Geen, eis wordt gehaald | CE42: Geen | CF42: Geen | CG42: Geen | CH42: =BT42*BU42 -> 0 | CI42: =BT42*BV42 -> 0 | CJ42: =BT42*BW42 -> 0 | CK42: =BT42*BX42 -> 0 | CL42: =BT42*BY42 -> 0 | CM42: =BT42*BZ42 -> 0 | CN42: =BT42*(BU42+BV42+BW42+BX42+BY42+BZ42) -> 0 | CT42: =IF(AND(CQ42=0, CR42=0, CS42=0), "-", IF(AND(CQ42=0,CS42=0),(CP42*CR42),(CP42*(((CQ42)+(CR42*4)+(CS42))/6)))) -> - | CX42: =IF(AND(CU42=0, CV42=0, CW42=0), "-", IF(AND(CU42=0,CW42=0),(CP42*CV42),(CP42*(((CU42)+(CV42*4)+(CW42))/6)))) -> - | DF42: =CY42*(CZ42+DA42+DB42+DC42+DD42+DE42) -> 0 | DH42: 36
A43: 37 | AN43: =IF(AND(AK43=0, AL43=0, AM43=0), "-", IF(AND(AK43=0,AM43=0),(AJ43*AL43),(AJ43*(((AK43)+(AL43*4)+(AM43))/6)))) -> - | AR43: =IF(AND(AO43=0, AP43=0, AQ43=0), "-", IF(AND(AO43=0,AQ43=0),(AJ43*AP43),(AJ43*(((AO43)+(AP43*4)+(AQ43))/6)))) -> - | CA43: #N/A | CB43: 0 | CC43: 0 | CD43: Geen, eis wordt gehaald | CE43: Geen | CF43: Geen | CG43: Geen | CH43: =BT43*BU43 -> 0 | CI43: =BT43*BV43 -> 0 | CJ43: =BT43*BW43 -> 0 | CK43: =BT43*BX43 -> 0 | CL43: =BT43*BY43 -> 0 | CM43: =BT43*BZ43 -> 0 | CN43: =BT43*(BU43+BV43+BW43+BX43+BY43+BZ43) -> 0 | CT43: =IF(AND(CQ43=0, CR43=0, CS43=0), "-", IF(AND(CQ43=0,CS43=0),(CP43*CR43),(CP43*(((CQ43)+(CR43*4)+(CS43))/6)))) -> - | CX43: =IF(AND(CU43=0, CV43=0, CW43=0), "-", IF(AND(CU43=0,CW43=0),(CP43*CV43),(CP43*(((CU43)+(CV43*4)+(CW43))/6)))) -> - | DF43: =CY43*(CZ43+DA43+DB43+DC43+DD43+DE43) -> 0 | DH43: 37
A44: 38 | AN44: =IF(AND(AK44=0, AL44=0, AM44=0), "-", IF(AND(AK44=0,AM44=0),(AJ44*AL44),(AJ44*(((AK44)+(AL44*4)+(AM44))/6)))) -> - | AR44: =IF(AND(AO44=0, AP44=0, AQ44=0), "-", IF(AND(AO44=0,AQ44=0),(AJ44*AP44),(AJ44*(((AO44)+(AP44*4)+(AQ44))/6)))) -> - | CA44: #N/A | CB44: 0 | CC44: 0 | CD44: Geen, eis wordt gehaald | CE44: Geen | CF44: Geen | CG44: Geen | CH44: =BT44*BU44 -> 0 | CI44: =BT44*BV44 -> 0 | CJ44: =BT44*BW44 -> 0 | CK44: =BT44*BX44 -> 0 | CL44: =BT44*BY44 -> 0 | CM44: =BT44*BZ44 -> 0 | CN44: =BT44*(BU44+BV44+BW44+BX44+BY44+BZ44) -> 0 | CT44: =IF(AND(CQ44=0, CR44=0, CS44=0), "-", IF(AND(CQ44=0,CS44=0),(CP44*CR44),(CP44*(((CQ44)+(CR44*4)+(CS44))/6)))) -> - | CX44: =IF(AND(CU44=0, CV44=0, CW44=0), "-", IF(AND(CU44=0,CW44=0),(CP44*CV44),(CP44*(((CU44)+(CV44*4)+(CW44))/6)))) -> - | DF44: =CY44*(CZ44+DA44+DB44+DC44+DD44+DE44) -> 0 | DH44: 38
A45: 39 | AN45: =IF(AND(AK45=0, AL45=0, AM45=0), "-", IF(AND(AK45=0,AM45=0),(AJ45*AL45),(AJ45*(((AK45)+(AL45*4)+(AM45))/6)))) -> - | AR45: =IF(AND(AO45=0, AP45=0, AQ45=0), "-", IF(AND(AO45=0,AQ45=0),(AJ45*AP45),(AJ45*(((AO45)+(AP45*4)+(AQ45))/6)))) -> - | CA45: #N/A | CB45: 0 | CC45: 0 | CD45: Geen, eis wordt gehaald | CE45: Geen | CF45: Geen | CG45: Geen | CH45: =BT45*BU45 -> 0 | CI45: =BT45*BV45 -> 0 | CJ45: =BT45*BW45 -> 0 | CK45: =BT45*BX45 -> 0 | CL45: =BT45*BY45 -> 0 | CM45: =BT45*BZ45 -> 0 | CN45: =BT45*(BU45+BV45+BW45+BX45+BY45+BZ45) -> 0 | CT45: =IF(AND(CQ45=0, CR45=0, CS45=0), "-", IF(AND(CQ45=0,CS45=0),(CP45*CR45),(CP45*(((CQ45)+(CR45*4)+(CS45))/6)))) -> - | CX45: =IF(AND(CU45=0, CV45=0, CW45=0), "-", IF(AND(CU45=0,CW45=0),(CP45*CV45),(CP45*(((CU45)+(CV45*4)+(CW45))/6)))) -> - | DF45: =CY45*(CZ45+DA45+DB45+DC45+DD45+DE45) -> 0 | DH45: 39
A46: 40 | AN46: =IF(AND(AK46=0, AL46=0, AM46=0), "-", IF(AND(AK46=0,AM46=0),(AJ46*AL46),(AJ46*(((AK46)+(AL46*4)+(AM46))/6)))) -> - | AR46: =IF(AND(AO46=0, AP46=0, AQ46=0), "-", IF(AND(AO46=0,AQ46=0),(AJ46*AP46),(AJ46*(((AO46)+(AP46*4)+(AQ46))/6)))) -> - | CA46: #N/A | CB46: 0 | CC46: 0 | CD46: Geen, eis wordt gehaald | CE46: Geen | CF46: Geen | CG46: Geen | CH46: =BT46*BU46 -> 0 | CI46: =BT46*BV46 -> 0 | CJ46: =BT46*BW46 -> 0 | CK46: =BT46*BX46 -> 0 | CL46: =BT46*BY46 -> 0 | CM46: =BT46*BZ46 -> 0 | CN46: =BT46*(BU46+BV46+BW46+BX46+BY46+BZ46) -> 0 | CT46: =IF(AND(CQ46=0, CR46=0, CS46=0), "-", IF(AND(CQ46=0,CS46=0),(CP46*CR46),(CP46*(((CQ46)+(CR46*4)+(CS46))/6)))) -> - | CX46: =IF(AND(CU46=0, CV46=0, CW46=0), "-", IF(AND(CU46=0,CW46=0),(CP46*CV46),(CP46*(((CU46)+(CV46*4)+(CW46))/6)))) -> - | DF46: =CY46*(CZ46+DA46+DB46+DC46+DD46+DE46) -> 0 | DH46: 40
A47: 41 | AN47: =IF(AND(AK47=0, AL47=0, AM47=0), "-", IF(AND(AK47=0,AM47=0),(AJ47*AL47),(AJ47*(((AK47)+(AL47*4)+(AM47))/6)))) -> - | AR47: =IF(AND(AO47=0, AP47=0, AQ47=0), "-", IF(AND(AO47=0,AQ47=0),(AJ47*AP47),(AJ47*(((AO47)+(AP47*4)+(AQ47))/6)))) -> - | CA47: #N/A | CB47: 0 | CC47: 0 | CD47: Geen, eis wordt gehaald | CE47: Geen | CF47: Geen | CG47: Geen | CH47: =BT47*BU47 -> 0 | CI47: =BT47*BV47 -> 0 | CJ47: =BT47*BW47 -> 0 | CK47: =BT47*BX47 -> 0 | CL47: =BT47*BY47 -> 0 | CM47: =BT47*BZ47 -> 0 | CN47: =BT47*(BU47+BV47+BW47+BX47+BY47+BZ47) -> 0 | CT47: =IF(AND(CQ47=0, CR47=0, CS47=0), "-", IF(AND(CQ47=0,CS47=0),(CP47*CR47),(CP47*(((CQ47)+(CR47*4)+(CS47))/6)))) -> - | CX47: =IF(AND(CU47=0, CV47=0, CW47=0), "-", IF(AND(CU47=0,CW47=0),(CP47*CV47),(CP47*(((CU47)+(CV47*4)+(CW47))/6)))) -> - | DF47: =CY47*(CZ47+DA47+DB47+DC47+DD47+DE47) -> 0 | DH47: 41
A48: 42 | AN48: =IF(AND(AK48=0, AL48=0, AM48=0), "-", IF(AND(AK48=0,AM48=0),(AJ48*AL48),(AJ48*(((AK48)+(AL48*4)+(AM48))/6)))) -> - | AR48: =IF(AND(AO48=0, AP48=0, AQ48=0), "-", IF(AND(AO48=0,AQ48=0),(AJ48*AP48),(AJ48*(((AO48)+(AP48*4)+(AQ48))/6)))) -> - | CA48: #N/A | CB48: 0 | CC48: 0 | CD48: Geen, eis wordt gehaald | CE48: Geen | CF48: Geen | CG48: Geen | CH48: =BT48*BU48 -> 0 | CI48: =BT48*BV48 -> 0 | CJ48: =BT48*BW48 -> 0 | CK48: =BT48*BX48 -> 0 | CL48: =BT48*BY48 -> 0 | CM48: =BT48*BZ48 -> 0 | CN48: =BT48*(BU48+BV48+BW48+BX48+BY48+BZ48) -> 0 | CT48: =IF(AND(CQ48=0, CR48=0, CS48=0), "-", IF(AND(CQ48=0,CS48=0),(CP48*CR48),(CP48*(((CQ48)+(CR48*4)+(CS48))/6)))) -> - | CX48: =IF(AND(CU48=0, CV48=0, CW48=0), "-", IF(AND(CU48=0,CW48=0),(CP48*CV48),(CP48*(((CU48)+(CV48*4)+(CW48))/6)))) -> - | DF48: =CY48*(CZ48+DA48+DB48+DC48+DD48+DE48) -> 0 | DH48: 42
A49: 43 | AN49: =IF(AND(AK49=0, AL49=0, AM49=0), "-", IF(AND(AK49=0,AM49=0),(AJ49*AL49),(AJ49*(((AK49)+(AL49*4)+(AM49))/6)))) -> - | AR49: =IF(AND(AO49=0, AP49=0, AQ49=0), "-", IF(AND(AO49=0,AQ49=0),(AJ49*AP49),(AJ49*(((AO49)+(AP49*4)+(AQ49))/6)))) -> - | CA49: #N/A | CB49: 0 | CC49: 0 | CD49: Geen, eis wordt gehaald | CE49: Geen | CF49: Geen | CG49: Geen | CH49: =BT49*BU49 -> 0 | CI49: =BT49*BV49 -> 0 | CJ49: =BT49*BW49 -> 0 | CK49: =BT49*BX49 -> 0 | CL49: =BT49*BY49 -> 0 | CM49: =BT49*BZ49 -> 0 | CN49: =BT49*(BU49+BV49+BW49+BX49+BY49+BZ49) -> 0 | CT49: =IF(AND(CQ49=0, CR49=0, CS49=0), "-", IF(AND(CQ49=0,CS49=0),(CP49*CR49),(CP49*(((CQ49)+(CR49*4)+(CS49))/6)))) -> - | CX49: =IF(AND(CU49=0, CV49=0, CW49=0), "-", IF(AND(CU49=0,CW49=0),(CP49*CV49),(CP49*(((CU49)+(CV49*4)+(CW49))/6)))) -> - | DF49: =CY49*(CZ49+DA49+DB49+DC49+DD49+DE49) -> 0 | DH49: 43
A50: 44 | AN50: =IF(AND(AK50=0, AL50=0, AM50=0), "-", IF(AND(AK50=0,AM50=0),(AJ50*AL50),(AJ50*(((AK50)+(AL50*4)+(AM50))/6)))) -> - | AR50: =IF(AND(AO50=0, AP50=0, AQ50=0), "-", IF(AND(AO50=0,AQ50=0),(AJ50*AP50),(AJ50*(((AO50)+(AP50*4)+(AQ50))/6)))) -> - | CA50: #N/A | CB50: 0 | CC50: 0 | CD50: Geen, eis wordt gehaald | CE50: Geen | CF50: Geen | CG50: Geen | CH50: =BT50*BU50 -> 0 | CI50: =BT50*BV50 -> 0 | CJ50: =BT50*BW50 -> 0 | CK50: =BT50*BX50 -> 0 | CL50: =BT50*BY50 -> 0 | CM50: =BT50*BZ50 -> 0 | CN50: =BT50*(BU50+BV50+BW50+BX50+BY50+BZ50) -> 0 | CT50: =IF(AND(CQ50=0, CR50=0, CS50=0), "-", IF(AND(CQ50=0,CS50=0),(CP50*CR50),(CP50*(((CQ50)+(CR50*4)+(CS50))/6)))) -> - | CX50: =IF(AND(CU50=0, CV50=0, CW50=0), "-", IF(AND(CU50=0,CW50=0),(CP50*CV50),(CP50*(((CU50)+(CV50*4)+(CW50))/6)))) -> - | DF50: =CY50*(CZ50+DA50+DB50+DC50+DD50+DE50) -> 0 | DH50: 44
A51: 45 | AN51: =IF(AND(AK51=0, AL51=0, AM51=0), "-", IF(AND(AK51=0,AM51=0),(AJ51*AL51),(AJ51*(((AK51)+(AL51*4)+(AM51))/6)))) -> - | AR51: =IF(AND(AO51=0, AP51=0, AQ51=0), "-", IF(AND(AO51=0,AQ51=0),(AJ51*AP51),(AJ51*(((AO51)+(AP51*4)+(AQ51))/6)))) -> - | CA51: #N/A | CB51: 0 | CC51: 0 | CD51: Geen, eis wordt gehaald | CE51: Geen | CF51: Geen | CG51: Geen | CH51: =BT51*BU51 -> 0 | CI51: =BT51*BV51 -> 0 | CJ51: =BT51*BW51 -> 0 | CK51: =BT51*BX51 -> 0 | CL51: =BT51*BY51 -> 0 | CM51: =BT51*BZ51 -> 0 | CN51: =BT51*(BU51+BV51+BW51+BX51+BY51+BZ51) -> 0 | CT51: =IF(AND(CQ51=0, CR51=0, CS51=0), "-", IF(AND(CQ51=0,CS51=0),(CP51*CR51),(CP51*(((CQ51)+(CR51*4)+(CS51))/6)))) -> - | CX51: =IF(AND(CU51=0, CV51=0, CW51=0), "-", IF(AND(CU51=0,CW51=0),(CP51*CV51),(CP51*(((CU51)+(CV51*4)+(CW51))/6)))) -> - | DF51: =CY51*(CZ51+DA51+DB51+DC51+DD51+DE51) -> 0 | DH51: 45
A52: 46 | AN52: =IF(AND(AK52=0, AL52=0, AM52=0), "-", IF(AND(AK52=0,AM52=0),(AJ52*AL52),(AJ52*(((AK52)+(AL52*4)+(AM52))/6)))) -> - | AR52: =IF(AND(AO52=0, AP52=0, AQ52=0), "-", IF(AND(AO52=0,AQ52=0),(AJ52*AP52),(AJ52*(((AO52)+(AP52*4)+(AQ52))/6)))) -> - | CA52: #N/A | CB52: 0 | CC52: 0 | CD52: Geen, eis wordt gehaald | CE52: Geen | CF52: Geen | CG52: Geen | CH52: =BT52*BU52 -> 0 | CI52: =BT52*BV52 -> 0 | CJ52: =BT52*BW52 -> 0 | CK52: =BT52*BX52 -> 0 | CL52: =BT52*BY52 -> 0 | CM52: =BT52*BZ52 -> 0 | CN52: =BT52*(BU52+BV52+BW52+BX52+BY52+BZ52) -> 0 | CT52: =IF(AND(CQ52=0, CR52=0, CS52=0), "-", IF(AND(CQ52=0,CS52=0),(CP52*CR52),(CP52*(((CQ52)+(CR52*4)+(CS52))/6)))) -> - | CX52: =IF(AND(CU52=0, CV52=0, CW52=0), "-", IF(AND(CU52=0,CW52=0),(CP52*CV52),(CP52*(((CU52)+(CV52*4)+(CW52))/6)))) -> - | DF52: =CY52*(CZ52+DA52+DB52+DC52+DD52+DE52) -> 0 | DH52: 46
... A84: 78 | AN84: =IF(AND(AK84=0, AL84=0, AM84=0), "-", IF(AND(AK84=0,AM84=0),(AJ84*AL84),(AJ84*(((AK84)+(AL84*4)+(AM84))/6)))) -> - | AR84: =IF(AND(AO84=0, AP84=0, AQ84=0), "-", IF(AND(AO84=0,AQ84=0),(AJ84*AP84),(AJ84*(((AO84)+(AP84*4)+(AQ84))/6)))) -> - | CA84: #N/A | CB84: 0 | CC84: 0 | CD84: Geen, eis wordt gehaald | CE84: Geen | CF84: Geen | CG84: Geen | CH84: =BT84*BU84 -> 0 | CI84: =BT84*BV84 -> 0 | CJ84: =BT84*BW84 -> 0 | CK84: =BT84*BX84 -> 0 | CL84: =BT84*BY84 -> 0 | CM84: =BT84*BZ84 -> 0 | CN84: =BT84*(BU84+BV84+BW84+BX84+BY84+BZ84) -> 0 | CT84: =IF(AND(CQ84=0, CR84=0, CS84=0), "-", IF(AND(CQ84=0,CS84=0),(CP84*CR84),(CP84*(((CQ84)+(CR84*4)+(CS84))/6)))) -> - | CX84: =IF(AND(CU84=0, CV84=0, CW84=0), "-", IF(AND(CU84=0,CW84=0),(CP84*CV84),(CP84*(((CU84)+(CV84*4)+(CW84))/6)))) -> - | DF84: =CY84*(CZ84+DA84+DB84+DC84+DD84+DE84) -> 0 | DH84: 78
AN85: =IF(AND(AK85=0, AL85=0, AM85=0), "-", IF(AND(AK85=0,AM85=0),(AJ85*AL85),(AJ85*(((AK85)+(AL85*4)+(AM85))/6)))) -> - | AR85: =IF(AND(AO85=0, AP85=0, AQ85=0), "-", IF(AND(AO85=0,AQ85=0),(AJ85*AP85),(AJ85*(((AO85)+(AP85*4)+(AQ85))/6)))) -> - | CA85: #N/A | CB85: 0 | CC85: 0 | CD85: Geen, eis wordt gehaald | CE85: Geen | CF85: Geen | CG85: Geen | CH85: =BT85*BU85 -> 0 | CI85: =BT85*BV85 -> 0 | CJ85: =BT85*BW85 -> 0 | CK85: =BT85*BX85 -> 0 | CL85: =BT85*BY85 -> 0 | CM85: =BT85*BZ85 -> 0 | CN85: =BT85*(BU85+BV85+BW85+BX85+BY85+BZ85) -> 0 | CT85: =IF(AND(CQ85=0, CR85=0, CS85=0), "-", IF(AND(CQ85=0,CS85=0),(CP85*CR85),(CP85*(((CQ85)+(CR85*4)+(CS85))/6)))) -> - | CX85: =IF(AND(CU85=0, CV85=0, CW85=0), "-", IF(AND(CU85=0,CW85=0),(CP85*CV85),(CP85*(((CU85)+(CV85*4)+(CW85))/6)))) -> - | DF85: =CY85*(CZ85+DA85+DB85+DC85+DD85+DE85) -> 0 | DH85: 79
AN86: =IF(AND(AK86=0, AL86=0, AM86=0), "-", IF(AND(AK86=0,AM86=0),(AJ86*AL86),(AJ86*(((AK86)+(AL86*4)+(AM86))/6)))) -> - | AR86: =IF(AND(AO86=0, AP86=0, AQ86=0), "-", IF(AND(AO86=0,AQ86=0),(AJ86*AP86),(AJ86*(((AO86)+(AP86*4)+(AQ86))/6)))) -> - | CA86: #N/A | CB86: 0 | CC86: 0 | CD86: Geen, eis wordt gehaald | CE86: Geen | CF86: Geen | CG86: Geen | CH86: =BT86*BU86 -> 0 | CI86: =BT86*BV86 -> 0 | CJ86: =BT86*BW86 -> 0 | CK86: =BT86*BX86 -> 0 | CL86: =BT86*BY86 -> 0 | CM86: =BT86*BZ86 -> 0 | CN86: =BT86*(BU86+BV86+BW86+BX86+BY86+BZ86) -> 0 | CT86: =IF(AND(CQ86=0, CR86=0, CS86=0), "-", IF(AND(CQ86=0,CS86=0),(CP86*CR86),(CP86*(((CQ86)+(CR86*4)+(CS86))/6)))) -> - | CX86: =IF(AND(CU86=0, CV86=0, CW86=0), "-", IF(AND(CU86=0,CW86=0),(CP86*CV86),(CP86*(((CU86)+(CV86*4)+(CW86))/6)))) -> - | DF86: =CY86*(CZ86+DA86+DB86+DC86+DD86+DE86) -> 0 | DH86: 80
AN87: =IF(AND(AK87=0, AL87=0, AM87=0), "-", IF(AND(AK87=0,AM87=0),(AJ87*AL87),(AJ87*(((AK87)+(AL87*4)+(AM87))/6)))) -> - | AR87: =IF(AND(AO87=0, AP87=0, AQ87=0), "-", IF(AND(AO87=0,AQ87=0),(AJ87*AP87),(AJ87*(((AO87)+(AP87*4)+(AQ87))/6)))) -> - | CA87: #N/A | CB87: 0 | CC87: 0 | CD87: Geen, eis wordt gehaald | CE87: Geen | CF87: Geen | CG87: Geen | CH87: =BT87*BU87 -> 0 | CI87: =BT87*BV87 -> 0 | CJ87: =BT87*BW87 -> 0 | CK87: =BT87*BX87 -> 0 | CL87: =BT87*BY87 -> 0 | CM87: =BT87*BZ87 -> 0 | CN87: =BT87*(BU87+BV87+BW87+BX87+BY87+BZ87) -> 0 | CT87: =IF(AND(CQ87=0, CR87=0, CS87=0), "-", IF(AND(CQ87=0,CS87=0),(CP87*CR87),(CP87*(((CQ87)+(CR87*4)+(CS87))/6)))) -> - | CX87: =IF(AND(CU87=0, CV87=0, CW87=0), "-", IF(AND(CU87=0,CW87=0),(CP87*CV87),(CP87*(((CU87)+(CV87*4)+(CW87))/6)))) -> - | DF87: =CY87*(CZ87+DA87+DB87+DC87+DD87+DE87) -> 0 | DH87: 81
AN88: =IF(AND(AK88=0, AL88=0, AM88=0), "-", IF(AND(AK88=0,AM88=0),(AJ88*AL88),(AJ88*(((AK88)+(AL88*4)+(AM88))/6)))) -> - | AR88: =IF(AND(AO88=0, AP88=0, AQ88=0), "-", IF(AND(AO88=0,AQ88=0),(AJ88*AP88),(AJ88*(((AO88)+(AP88*4)+(AQ88))/6)))) -> - | CA88: #N/A | CB88: 0 | CC88: 0 | CD88: Geen, eis wordt gehaald | CE88: Geen | CF88: Geen | CG88: Geen | CH88: =BT88*BU88 -> 0 | CI88: =BT88*BV88 -> 0 | CJ88: =BT88*BW88 -> 0 | CK88: =BT88*BX88 -> 0 | CL88: =BT88*BY88 -> 0 | CM88: =BT88*BZ88 -> 0 | CN88: =BT88*(BU88+BV88+BW88+BX88+BY88+BZ88) -> 0 | CT88: =IF(AND(CQ88=0, CR88=0, CS88=0), "-", IF(AND(CQ88=0,CS88=0),(CP88*CR88),(CP88*(((CQ88)+(CR88*4)+(CS88))/6)))) -> - | CX88: =IF(AND(CU88=0, CV88=0, CW88=0), "-", IF(AND(CU88=0,CW88=0),(CP88*CV88),(CP88*(((CU88)+(CV88*4)+(CW88))/6)))) -> - | DF88: =CY88*(CZ88+DA88+DB88+DC88+DD88+DE88) -> 0 | DH88: 82
AN89: =IF(AND(AK89=0, AL89=0, AM89=0), "-", IF(AND(AK89=0,AM89=0),(AJ89*AL89),(AJ89*(((AK89)+(AL89*4)+(AM89))/6)))) -> - | AR89: =IF(AND(AO89=0, AP89=0, AQ89=0), "-", IF(AND(AO89=0,AQ89=0),(AJ89*AP89),(AJ89*(((AO89)+(AP89*4)+(AQ89))/6)))) -> - | CA89: #N/A | CB89: 0 | CC89: 0 | CD89: Geen, eis wordt gehaald | CE89: Geen | CF89: Geen | CG89: Geen | CH89: =BT89*BU89 -> 0 | CI89: =BT89*BV89 -> 0 | CJ89: =BT89*BW89 -> 0 | CK89: =BT89*BX89 -> 0 | CL89: =BT89*BY89 -> 0 | CM89: =BT89*BZ89 -> 0 | CN89: =BT89*(BU89+BV89+BW89+BX89+BY89+BZ89) -> 0 | CT89: =IF(AND(CQ89=0, CR89=0, CS89=0), "-", IF(AND(CQ89=0,CS89=0),(CP89*CR89),(CP89*(((CQ89)+(CR89*4)+(CS89))/6)))) -> - | CX89: =IF(AND(CU89=0, CV89=0, CW89=0), "-", IF(AND(CU89=0,CW89=0),(CP89*CV89),(CP89*(((CU89)+(CV89*4)+(CW89))/6)))) -> - | DF89: =CY89*(CZ89+DA89+DB89+DC89+DD89+DE89) -> 0 | DH89: 83
AN90: =IF(AND(AK90=0, AL90=0, AM90=0), "-", IF(AND(AK90=0,AM90=0),(AJ90*AL90),(AJ90*(((AK90)+(AL90*4)+(AM90))/6)))) -> - | AR90: =IF(AND(AO90=0, AP90=0, AQ90=0), "-", IF(AND(AO90=0,AQ90=0),(AJ90*AP90),(AJ90*(((AO90)+(AP90*4)+(AQ90))/6)))) -> - | CA90: #N/A | CB90: 0 | CC90: 0 | CD90: Geen, eis wordt gehaald | CE90: Geen | CF90: Geen | CG90: Geen | CH90: =BT90*BU90 -> 0 | CI90: =BT90*BV90 -> 0 | CJ90: =BT90*BW90 -> 0 | CK90: =BT90*BX90 -> 0 | CL90: =BT90*BY90 -> 0 | CM90: =BT90*BZ90 -> 0 | CN90: =BT90*(BU90+BV90+BW90+BX90+BY90+BZ90) -> 0 | CT90: =IF(AND(CQ90=0, CR90=0, CS90=0), "-", IF(AND(CQ90=0,CS90=0),(CP90*CR90),(CP90*(((CQ90)+(CR90*4)+(CS90))/6)))) -> - | CX90: =IF(AND(CU90=0, CV90=0, CW90=0), "-", IF(AND(CU90=0,CW90=0),(CP90*CV90),(CP90*(((CU90)+(CV90*4)+(CW90))/6)))) -> - | DF90: =CY90*(CZ90+DA90+DB90+DC90+DD90+DE90) -> 0 | DH90: 84
AN91: =IF(AND(AK91=0, AL91=0, AM91=0), "-", IF(AND(AK91=0,AM91=0),(AJ91*AL91),(AJ91*(((AK91)+(AL91*4)+(AM91))/6)))) -> - | AR91: =IF(AND(AO91=0, AP91=0, AQ91=0), "-", IF(AND(AO91=0,AQ91=0),(AJ91*AP91),(AJ91*(((AO91)+(AP91*4)+(AQ91))/6)))) -> - | CA91: #N/A | CB91: 0 | CC91: 0 | CD91: Geen, eis wordt gehaald | CE91: Geen | CF91: Geen | CG91: Geen | CH91: =BT91*BU91 -> 0 | CI91: =BT91*BV91 -> 0 | CJ91: =BT91*BW91 -> 0 | CK91: =BT91*BX91 -> 0 | CL91: =BT91*BY91 -> 0 | CM91: =BT91*BZ91 -> 0 | CN91: =BT91*(BU91+BV91+BW91+BX91+BY91+BZ91) -> 0 | CT91: =IF(AND(CQ91=0, CR91=0, CS91=0), "-", IF(AND(CQ91=0,CS91=0),(CP91*CR91),(CP91*(((CQ91)+(CR91*4)+(CS91))/6)))) -> - | CX91: =IF(AND(CU91=0, CV91=0, CW91=0), "-", IF(AND(CU91=0,CW91=0),(CP91*CV91),(CP91*(((CU91)+(CV91*4)+(CW91))/6)))) -> - | DF91: =CY91*(CZ91+DA91+DB91+DC91+DD91+DE91) -> 0 | DH91: 85
AN92: =IF(AND(AK92=0, AL92=0, AM92=0), "-", IF(AND(AK92=0,AM92=0),(AJ92*AL92),(AJ92*(((AK92)+(AL92*4)+(AM92))/6)))) -> - | AR92: =IF(AND(AO92=0, AP92=0, AQ92=0), "-", IF(AND(AO92=0,AQ92=0),(AJ92*AP92),(AJ92*(((AO92)+(AP92*4)+(AQ92))/6)))) -> - | CA92: #N/A | CB92: 0 | CC92: 0 | CD92: Geen, eis wordt gehaald | CE92: Geen | CF92: Geen | CG92: Geen | CH92: =BT92*BU92 -> 0 | CI92: =BT92*BV92 -> 0 | CJ92: =BT92*BW92 -> 0 | CK92: =BT92*BX92 -> 0 | CL92: =BT92*BY92 -> 0 | CM92: =BT92*BZ92 -> 0 | CN92: =BT92*(BU92+BV92+BW92+BX92+BY92+BZ92) -> 0 | CT92: =IF(AND(CQ92=0, CR92=0, CS92=0), "-", IF(AND(CQ92=0,CS92=0),(CP92*CR92),(CP92*(((CQ92)+(CR92*4)+(CS92))/6)))) -> - | CX92: =IF(AND(CU92=0, CV92=0, CW92=0), "-", IF(AND(CU92=0,CW92=0),(CP92*CV92),(CP92*(((CU92)+(CV92*4)+(CW92))/6)))) -> - | DF92: =CY92*(CZ92+DA92+DB92+DC92+DD92+DE92) -> 0 | DH92: 86
AN93: =IF(AND(AK93=0, AL93=0, AM93=0), "-", IF(AND(AK93=0,AM93=0),(AJ93*AL93),(AJ93*(((AK93)+(AL93*4)+(AM93))/6)))) -> - | AR93: =IF(AND(AO93=0, AP93=0, AQ93=0), "-", IF(AND(AO93=0,AQ93=0),(AJ93*AP93),(AJ93*(((AO93)+(AP93*4)+(AQ93))/6)))) -> - | CA93: #N/A | CB93: 0 | CC93: 0 | CD93: Geen, eis wordt gehaald | CE93: Geen | CF93: Geen | CG93: Geen | CH93: =BT93*BU93 -> 0 | CI93: =BT93*BV93 -> 0 | CJ93: =BT93*BW93 -> 0 | CK93: =BT93*BX93 -> 0 | CL93: =BT93*BY93 -> 0 | CM93: =BT93*BZ93 -> 0 | CN93: =BT93*(BU93+BV93+BW93+BX93+BY93+BZ93) -> 0 | CT93: =IF(AND(CQ93=0, CR93=0, CS93=0), "-", IF(AND(CQ93=0,CS93=0),(CP93*CR93),(CP93*(((CQ93)+(CR93*4)+(CS93))/6)))) -> - | CX93: =IF(AND(CU93=0, CV93=0, CW93=0), "-", IF(AND(CU93=0,CW93=0),(CP93*CV93),(CP93*(((CU93)+(CV93*4)+(CW93))/6)))) -> - | DF93: =CY93*(CZ93+DA93+DB93+DC93+DD93+DE93) -> 0 | DH93: 87
AN94: =IF(AND(AK94=0, AL94=0, AM94=0), "-", IF(AND(AK94=0,AM94=0),(AJ94*AL94),(AJ94*(((AK94)+(AL94*4)+(AM94))/6)))) -> - | AR94: =IF(AND(AO94=0, AP94=0, AQ94=0), "-", IF(AND(AO94=0,AQ94=0),(AJ94*AP94),(AJ94*(((AO94)+(AP94*4)+(AQ94))/6)))) -> - | CA94: #N/A | CB94: 0 | CC94: 0 | CD94: Geen, eis wordt gehaald | CE94: Geen | CF94: Geen | CG94: Geen | CH94: =BT94*BU94 -> 0 | CI94: =BT94*BV94 -> 0 | CJ94: =BT94*BW94 -> 0 | CK94: =BT94*BX94 -> 0 | CL94: =BT94*BY94 -> 0 | CM94: =BT94*BZ94 -> 0 | CN94: =BT94*(BU94+BV94+BW94+BX94+BY94+BZ94) -> 0 | CT94: =IF(AND(CQ94=0, CR94=0, CS94=0), "-", IF(AND(CQ94=0,CS94=0),(CP94*CR94),(CP94*(((CQ94)+(CR94*4)+(CS94))/6)))) -> - | CX94: =IF(AND(CU94=0, CV94=0, CW94=0), "-", IF(AND(CU94=0,CW94=0),(CP94*CV94),(CP94*(((CU94)+(CV94*4)+(CW94))/6)))) -> - | DF94: =CY94*(CZ94+DA94+DB94+DC94+DD94+DE94) -> 0 | DH94: 88
AN95: =IF(AND(AK95=0, AL95=0, AM95=0), "-", IF(AND(AK95=0,AM95=0),(AJ95*AL95),(AJ95*(((AK95)+(AL95*4)+(AM95))/6)))) -> - | AR95: =IF(AND(AO95=0, AP95=0, AQ95=0), "-", IF(AND(AO95=0,AQ95=0),(AJ95*AP95),(AJ95*(((AO95)+(AP95*4)+(AQ95))/6)))) -> - | CA95: #N/A | CB95: 0 | CC95: 0 | CD95: Geen, eis wordt gehaald | CE95: Geen | CF95: Geen | CG95: Geen | CH95: =BT95*BU95 -> 0 | CI95: =BT95*BV95 -> 0 | CJ95: =BT95*BW95 -> 0 | CK95: =BT95*BX95 -> 0 | CL95: =BT95*BY95 -> 0 | CM95: =BT95*BZ95 -> 0 | CN95: =BT95*(BU95+BV95+BW95+BX95+BY95+BZ95) -> 0 | CT95: =IF(AND(CQ95=0, CR95=0, CS95=0), "-", IF(AND(CQ95=0,CS95=0),(CP95*CR95),(CP95*(((CQ95)+(CR95*4)+(CS95))/6)))) -> - | CX95: =IF(AND(CU95=0, CV95=0, CW95=0), "-", IF(AND(CU95=0,CW95=0),(CP95*CV95),(CP95*(((CU95)+(CV95*4)+(CW95))/6)))) -> - | DF95: =CY95*(CZ95+DA95+DB95+DC95+DD95+DE95) -> 0 | DH95: 89
AN96: =IF(AND(AK96=0, AL96=0, AM96=0), "-", IF(AND(AK96=0,AM96=0),(AJ96*AL96),(AJ96*(((AK96)+(AL96*4)+(AM96))/6)))) -> - | AR96: =IF(AND(AO96=0, AP96=0, AQ96=0), "-", IF(AND(AO96=0,AQ96=0),(AJ96*AP96),(AJ96*(((AO96)+(AP96*4)+(AQ96))/6)))) -> - | CA96: #N/A | CB96: 0 | CC96: 0 | CD96: Geen, eis wordt gehaald | CE96: Geen | CF96: Geen | CG96: Geen | CH96: =BT96*BU96 -> 0 | CI96: =BT96*BV96 -> 0 | CJ96: =BT96*BW96 -> 0 | CK96: =BT96*BX96 -> 0 | CL96: =BT96*BY96 -> 0 | CM96: =BT96*BZ96 -> 0 | CN96: =BT96*(BU96+BV96+BW96+BX96+BY96+BZ96) -> 0 | CT96: =IF(AND(CQ96=0, CR96=0, CS96=0), "-", IF(AND(CQ96=0,CS96=0),(CP96*CR96),(CP96*(((CQ96)+(CR96*4)+(CS96))/6)))) -> - | CX96: =IF(AND(CU96=0, CV96=0, CW96=0), "-", IF(AND(CU96=0,CW96=0),(CP96*CV96),(CP96*(((CU96)+(CV96*4)+(CW96))/6)))) -> - | DF96: =CY96*(CZ96+DA96+DB96+DC96+DD96+DE96) -> 0 | DH96: 90
... AN106: =IF(AND(AK106=0, AL106=0, AM106=0), "-", IF(AND(AK106=0,AM106=0),(AJ106*AL106),(AJ106*(((AK106)+(AL106*4)+(AM106))/6)))) -> - | AR106: =IF(AND(AO106=0, AP106=0, AQ106=0), "-", IF(AND(AO106=0,AQ106=0),(AJ106*AP106),(AJ106*(((AO106)+(AP106*4)+(AQ106))/6)))) -> - | CA106: #N/A | CB106: 0 | CC106: 0 | CD106: Geen, eis wordt gehaald | CE106: Geen | CF106: Geen | CG106: Geen | CH106: =BT106*BU106 -> 0 | CI106: =BT106*BV106 -> 0 | CJ106: =BT106*BW106 -> 0 | CK106: =BT106*BX106 -> 0 | CL106: =BT106*BY106 -> 0 | CM106: =BT106*BZ106 -> 0 | CN106: =BT106*(BU106+BV106+BW106+BX106+BY106+BZ106) -> 0 | CT106: =IF(AND(CQ106=0, CR106=0, CS106=0), "-", IF(AND(CQ106=0,CS106=0),(CP106*CR106),(CP106*(((CQ106)+(CR106*4)+(CS106))/6)))) -> - | CX106: =IF(AND(CU106=0, CV106=0, CW106=0), "-", IF(AND(CU106=0,CW106=0),(CP106*CV106),(CP106*(((CU106)+(CV106*4)+(CW106))/6)))) -> - | DF106: =CY106*(CZ106+DA106+DB106+DC106+DD106+DE106) -> 0 | DH106: 100
AP108: Totaal | AR108: =SUM(AR7:AR106) -> 0 | CV108: Totaal | CX108: =SUM(CX7:CX106) -> 0

Sheet Correctie Tijd <-> Risico
C1: In deze kolom de correctie als een negatief getal invullen (in maanden)!!
A3: Correctie Tijdseffecten
A4: Projectfase | B4: Effect Tijd Risicodossier na maatregelen (in maanden | C4: Te corrigeren voor parallelliteit activiteiten (expert judgement) | D4: Totaal
A5: 1. Voorfase - Aanbieding/PVA | B5: =IF(ISERROR(VLOOKUP(A5,'Verwerkingsblad RM'!$B$7:$B$106,1,FALSE)), "0", GETPIVOTDATA("Som van Verwachtingswaarde restgevolg Tijd",'Draaitabellen Tijd Geld'!$A$1,"Projectfase",A5)) -> 0 | C5: 0 | D5: =IF(AND(B5="-", C5=""), "0", IF(C5="", "-", B5+C5)) -> 0
A6: 2. Alternatievenstudie | B6: =IF(ISERROR(VLOOKUP(A6,'Verwerkingsblad RM'!$B$7:$B$106,1,FALSE)), "0", GETPIVOTDATA("Som van Verwachtingswaarde restgevolg Tijd",'Draaitabellen Tijd Geld'!$A$1,"Projectfase",A6)) -> 0 | C6: 0 | D6: =IF(AND(B6="-", C6=""), "0", IF(C6="", "-", B6+C6)) -> 0
A7: 3a. Planuitwerkingsfase - variantenstudie | B7: =IF(ISERROR(VLOOKUP(A7,'Verwerkingsblad RM'!$B$7:$B$106,1,FALSE)), "0", GETPIVOTDATA("Som van Verwachtingswaarde restgevolg Tijd",'Draaitabellen Tijd Geld'!$A$1,"Projectfase",A7)) -> 0 | C7: 0 | D7: =IF(AND(B7="-", C7=""), "0", IF(C7="", "-", B7+C7)) -> 0
A8: 3b. Planuitwerkingsfase - uitwerken variant | B8: =IF(ISERROR(VLOOKUP(A8,'Verwerkingsblad RM'!$B$7:$B$106,1,FALSE)), "0", GETPIVOTDATA("Som van Verwachtingswaarde restgevolg Tijd",'Draaitabellen Tijd Geld'!$A$1,"Projectfase",A8)) -> 0 | C8: 0 | D8: =IF(AND(B8="-", C8=""), "0", IF(C8="", "-", B8+C8)) -> 0
A9: 4a. Realisatiefase - Contracteren realisatie | B9: =IF(ISERROR(VLOOKUP(A9,'Verwerkingsblad RM'!$B$7:$B$106,1,FALSE)), "0", GETPIVOTDATA("Som van Verwachtingswaarde restgevolg Tijd",'Draaitabellen Tijd Geld'!$A$1,"Projectfase",A9)) -> 0 | C9: 0 | D9: =IF(AND(B9="-", C9=""), "0", IF(C9="", "-", B9+C9)) -> 0
A10: 4b. Realisatiefase - Realiseren uitvoeren | B10: =IF(ISERROR(VLOOKUP(A10,'Verwerkingsblad RM'!$B$7:$B$106,1,FALSE)), "0", GETPIVOTDATA("Som van Verwachtingswaarde restgevolg Tijd",'Draaitabellen Tijd Geld'!$A$1,"Projectfase",A10)) -> 0 | C10: 0 | D10: =IF(AND(B10="-", C10=""), "0", IF(C10="", "-", B10+C10)) -> 0
A11: 4c. Realisatiefase - Afsluiten | B11: =IF(ISERROR(VLOOKUP(A11,'Verwerkingsblad RM'!$B$7:$B$106,1,FALSE)), "0", GETPIVOTDATA("Som van Verwachtingswaarde restgevolg Tijd",'Draaitabellen Tijd Geld'!$A$1,"Projectfase",A11)) -> 0 | C11: 0 | D11: =IF(AND(B11="-", C11=""), "0", IF(C11="", "-", B11+C11)) -> 0
A13: Totaal | B13: =SUM(B6:B12) -> 0 | C13: =SUM(C6:C12) -> 0 | D13: =IF(SUM(B13:C13)-(SUM(D5:D11))=0, "-", "ONGELIJK") -> -

Sheet VTW's
A1: Project : | B1: <projectnaam>
A2: Bijlage XX: Format overzicht VTW
I3: Status | J3: Verklaring | M3: Aantal in project | N3: Status | O3: Verklaring | U3: Aantal in project
I4: I | J4: Nog in te dienen door ON | M4: <aantal> | N4: R | O4: Voorlopig afgekeurd door OG | U4: <aantal>
I5: T | J5: Ter acceptatie ingediend bij OG | M5: <aantal> | N5: N | O5: Niet akkoord bevonden door OG | U5: <aantal>
I6: L | J6: Verlenging termijn gevraagd | M6: <aantal> | N6: V | O6: Vervallen (intrekking afgehandeld) | U6: <aantal>
I7: A | J7: Akkoord bevonden door OG | M7: <aantal> | N7: F | O7: Afgehandeld (gereedmelding afgerond) | U7: <aantal>
I8: D | J8: Definitief document ON | M8: <aantal> | O8: Totaal aantal wijzigingen in project | U8: <aantal>
A10: Wijziging nr. | B10: Ingediend door | C10: Versie | D10: Discipline | E10: Werkpakket | F10: Omschrijving Wijziging | G10: Plannings conseq. | H10: Financiele conseq. | I10: As-built | J10: Ingediend d.d. | K10: Reactie d.d. | L10: Status | M10: Uitgevoerd d.d. | N10: Status Offerte | O10: Offerte Ingediend d.d. | P10: Offerte bedrag | Q10: uitgangspunt voorschotnota | R10: voorschotnota | S10: Akkoord d.d. | T10: Gereedm. d.d. | U10: Pr. Verkl. d.d. | V10: Opdracht bedrag
A11: <W + opvolgnr.> | B11: <ON/OG> | C11: <versie VTW> | D11: <discipline> | E11: <verwijzing werkpakket> | F11: <omschrijving> | G11: <Ja/Nee> | H11: <Ja/Nee> | I11: <Ja/Nee> | J11: <datum> | K11: <datum> | L11: <status> | M11: <datum> | N11: <status> | O11: <datum> | P11: <bedrag offerte> | Q11: <invullen indien van toepassing> | R11: <invullen indien van toepassing> | S11: <datum> | T11: <datum> | U11: <datum> | V11: <bedrag opdracht>
P16: <som offerte> | V16: <som opdracht>
P17: offertes | V17: opdracht

Sheet Verwerkingsblad RM
A6: ID | B6: Projectfase | C6: Meenemen in rapportage | D6: Kostensoort (P, EAT, BK) | E6: Onzekerheid (Ongewenste gebeurtenis) | F6: Oorzaak | G6: Gevolg | H6: Risicostatus | I6: Kans van optreden [exact, %] | J6: Gevolgen tijd (most) [maanden] | K6: Verwachtingswaarde gevolg Tijd [maanden] | L6: Gevolgen geld (most) [x € 1.000] | M6: Verwachtingswaarde gevolg Geld [x € 1.000] | N6: Omschrijving beheersmaatregel | O6: Uitvoerder beheersmaatregel | P6: Deadline | Q6: Duur van beheersmaatregel [weken / maanden] | R6: Kosten beheersmaatregel [x € 1.000] | S6: x | T6: Restkans van optreden [exact, %] | U6: Restgevolgen tijd (most) [Maanden] | V6: Verwachtingswaarde restgevolg Tijd [Maanden] | W6: Restgevolgen geld (most) [x € 1.000] | X6: Verwachtingswaarde restgevolg Geld
A7: 1 | AN7: =IF(AND(AK7=0, AL7=0, AM7=0), "-", IF(AND(AK7=0,AM7=0),(AJ7*AL7),(AJ7*(((AK7)+(AL7*4)+(AM7))/6)))) -> - | AR7: =IF(AND(AO7=0, AP7=0, AQ7=0), "-", IF(AND(AO7=0,AQ7=0),(AJ7*AP7),(AJ7*(((AO7)+(AP7*4)+(AQ7))/6)))) -> - | CA7: #N/A | CB7: 0 | CC7: 0 | CD7: Geen, eis wordt gehaald | CE7: Geen | CF7: Geen | CG7: Geen | CH7: =BT7*BU7 -> 0 | CI7: =BT7*BV7 -> 0 | CJ7: =BT7*BW7 -> 0 | CK7: =BT7*BX7 -> 0 | CL7: =BT7*BY7 -> 0 | CM7: =BT7*BZ7 -> 0 | CN7: =BT7*(BU7+BV7+BW7+BX7+BY7+BZ7) -> 0 | CT7: =IF(AND(CQ7=0, CR7=0, CS7=0), "-", IF(AND(CQ7=0,CS7=0),(CP7*CR7),(CP7*(((CQ7)+(CR7*4)+(CS7))/6)))) -> - | CX7: =IF(AND(CU7=0, CV7=0, CW7=0), "-", IF(AND(CU7=0,CW7=0),(CP7*CV7),(CP7*(((CU7)+(CV7*4)+(CW7))/6)))) -> -
A8: 2 | AN8: =IF(AND(AK8=0, AL8=0, AM8=0), "-", IF(AND(AK8=0,AM8=0),(AJ8*AL8),(AJ8*(((AK8)+(AL8*4)+(AM8))/6)))) -> - | AR8: =IF(AND(AO8=0, AP8=0, AQ8=0), "-", IF(AND(AO8=0,AQ8=0),(AJ8*AP8),(AJ8*(((AO8)+(AP8*4)+(AQ8))/6)))) -> - | CA8: #N/A | CB8: 0 | CC8: 0 | CD8: Geen, eis wordt gehaald | CE8: Geen | CF8: Geen | CG8: Geen | CH8: =BT8*BU8 -> 0 | CI8: =BT8*BV8 -> 0 | CJ8: =BT8*BW8 -> 0 | CK8: =BT8*BX8 -> 0 | CL8: =BT8*BY8 -> 0 | CM8: =BT8*BZ8 -> 0 | CN8: =BT8*(BU8+BV8+BW8+BX8+BY8+BZ8) -> 0 | CT8: =IF(AND(CQ8=0, CR8=0, CS8=0), "-", IF(AND(CQ8=0,CS8=0),(CP8*CR8),(CP8*(((CQ8)+(CR8*4)+(CS8))/6)))) -> - | CX8: =IF(AND(CU8=0, CV8=0, CW8=0), "-", IF(AND(CU8=0,CW8=0),(CP8*CV8),(CP8*(((CU8)+(CV8*4)+(CW8))/6)))) -> -
A9: 3 | AN9: =IF(AND(AK9=0, AL9=0, AM9=0), "-", IF(AND(AK9=0,AM9=0),(AJ9*AL9),(AJ9*(((AK9)+(AL9*4)+(AM9))/6)))) -> - | AR9: =IF(AND(AO9=0, AP9=0, AQ9=0), "-", IF(AND(AO9=0,AQ9=0),(AJ9*AP9),(AJ9*(((AO9)+(AP9*4)+(AQ9))/6)))) -> - | CA9: #N/A | CB9: 0 | CC9: 0 | CD9: Geen, eis wordt gehaald | CE9: Geen | CF9: Geen | CG9: Geen | CH9: =BT9*BU9 -> 0 | CI9: =BT9*BV9 -> 0 | CJ9: =BT9*BW9 -> 0 | CK9: =BT9*BX9 -> 0 | CL9: =BT9*BY9 -> 0 | CM9: =BT9*BZ9 -> 0 | CN9: =BT9*(BU9+BV9+BW9+BX9+BY9+BZ9) -> 0 | CT9: =IF(AND(CQ9=0, CR9=0, CS9=0), "-", IF(AND(CQ9=0,CS9=0),(CP9*CR9),(CP9*(((CQ9)+(CR9*4)+(CS9))/6)))) -> - | CX9: =IF(AND(CU9=0, CV9=0, CW9=0), "-", IF(AND(CU9=0,CW9=0),(CP9*CV9),(CP9*(((CU9)+(CV9*4)+(CW9))/6)))) -> -
A10: 4 | AN10: =IF(AND(AK10=0, AL10=0, AM10=0), "-", IF(AND(AK10=0,AM10=0),(AJ10*AL10),(AJ10*(((AK10)+(AL10*4)+(AM10))/6)))) -> - | AR10: =IF(AND(AO10=0, AP10=0, AQ10=0), "-", IF(AND(AO10=0,AQ10=0),(AJ10*AP10),(AJ10*(((AO10)+(AP10*4)+(AQ10))/6)))) -> - | CA10: #N/A | CB10: 0 | CC10: 0 | CD10: Geen, eis wordt gehaald | CE10: Geen | CF10: Geen | CG10: Geen | CH10: =BT10*BU10 -> 0 | CI10: =BT10*BV10 -> 0 | CJ10: =BT10*BW10 -> 0 | CK10: =BT10*BX10 -> 0 | CL10: =BT10*BY10 -> 0 | CM10: =BT10*BZ10 -> 0 | CN10: =BT10*(BU10+BV10+BW10+BX10+BY10+BZ10) -> 0 | CT10: =IF(AND(CQ10=0, CR10=0, CS10=0), "-", IF(AND(CQ10=0,CS10=0),(CP10*CR10),(CP10*(((CQ10)+(CR10*4)+(CS10))/6)))) -> - | CX10: =IF(AND(CU10=0, CV10=0, CW10=0), "-", IF(AND(CU10=0,CW10=0),(CP10*CV10),(CP10*(((CU10)+(CV10*4)+(CW10))/6)))) -> -
A11: 5 | AN11: =IF(AND(AK11=0, AL11=0, AM11=0), "-", IF(AND(AK11=0,AM11=0),(AJ11*AL11),(AJ11*(((AK11)+(AL11*4)+(AM11))/6)))) -> - | AR11: =IF(AND(AO11=0, AP11=0, AQ11=0), "-", IF(AND(AO11=0,AQ11=0),(AJ11*AP11),(AJ11*(((AO11)+(AP11*4)+(AQ11))/6)))) -> - | CA11: #N/A | CB11: 0 | CC11: 0 | CD11: Geen, eis wordt gehaald | CE11: Geen | CF11: Geen | CG11: Geen | CH11: =BT11*BU11 -> 0 | CI11: =BT11*BV11 -> 0 | CJ11: =BT11*BW11 -> 0 | CK11: =BT11*BX11 -> 0 | CL11: =BT11*BY11 -> 0 | CM11: =BT11*BZ11 -> 0 | CN11: =BT11*(BU11+BV11+BW11+BX11+BY11+BZ11) -> 0 | CT11: =IF(AND(CQ11=0, CR11=0, CS11=0), "-", IF(AND(CQ11=0,CS11=0),(CP11*CR11),(CP11*(((CQ11)+(CR11*4)+(CS11))/6)))) -> - | CX11: =IF(AND(CU11=0, CV11=0, CW11=0), "-", IF(AND(CU11=0,CW11=0),(CP11*CV11),(CP11*(((CU11)+(CV11*4)+(CW11))/6)))) -> -
A12: 6 | AN12: =IF(AND(AK12=0, AL12=0, AM12=0), "-", IF(AND(AK12=0,AM12=0),(AJ12*AL12),(AJ12*(((AK12)+(AL12*4)+(AM12))/6)))) -> - | AR12: =IF(AND(AO12=0, AP12=0, AQ12=0), "-", IF(AND(AO12=0,AQ12=0),(AJ12*AP12),(AJ12*(((AO12)+(AP12*4)+(AQ12))/6)))) -> - | CA12: #N/A | CB12: 0 | CC12: 0 | CD12: Geen, eis wordt gehaald | CE12: Geen | CF12: Geen | CG12: Geen | CH12: =BT12*BU12 -> 0 | CI12: =BT12*BV12 -> 0 | CJ12: =BT12*BW12 -> 0 | CK12: =BT12*BX12 -> 0 | CL12: =BT12*BY12 -> 0 | CM12: =BT12*BZ12 -> 0 | CN12: =BT12*(BU12+BV12+BW12+BX12+BY12+BZ12) -> 0 | CT12: =IF(AND(CQ12=0, CR12=0, CS12=0), "-", IF(AND(CQ12=0,CS12=0),(CP12*CR12),(CP12*(((CQ12)+(CR12*4)+(CS12))/6)))) -> - | CX12: =IF(AND(CU12=0, CV12=0, CW12=0), "-", IF(AND(CU12=0,CW12=0),(CP12*CV12),(CP12*(((CU12)+(CV12*4)+(CW12))/6)))) -> -
A13: 7 | AN13: =IF(AND(AK13=0, AL13=0, AM13=0), "-", IF(AND(AK13=0,AM13=0),(AJ13*AL13),(AJ13*(((AK13)+(AL13*4)+(AM13))/6)))) -> - | AR13: =IF(AND(AO13=0, AP13=0, AQ13=0), "-", IF(AND(AO13=0,AQ13=0),(AJ13*AP13),(AJ13*(((AO13)+(AP13*4)+(AQ13))/6)))) -> - | CA13: #N/A | CB13: 0 | CC13: 0 | CD13: Geen, eis wordt gehaald | CE13: Geen | CF13: Geen | CG13: Geen | CH13: =BT13*BU13 -> 0 | CI13: =BT13*BV13 -> 0 | CJ13: =BT13*BW13 -> 0 | CK13: =BT13*BX13 -> 0 | CL13: =BT13*BY13 -> 0 | CM13: =BT13*BZ13 -> 0 | CN13: =BT13*(BU13+BV13+BW13+BX13+BY13+BZ13) -> 0 | CT13: =IF(AND(CQ13=0, CR13=0, CS13=0), "-", IF(AND(CQ13=0,CS13=0),(CP13*CR13),(CP13*(((CQ13)+(CR13*4)+(CS13))/6)))) -> - | CX13: =IF(AND(CU13=0, CV13=0, CW13=0), "-", IF(AND(CU13=0,CW13=0),(CP13*CV13),(CP13*(((CU13)+(CV13*4)+(CW13))/6)))) -> -
A14: 8 | AN14: =IF(AND(AK14=0, AL14=0, AM14=0), "-", IF(AND(AK14=0,AM14=0),(AJ14*AL14),(AJ14*(((AK14)+(AL14*4)+(AM14))/6)))) -> - | AR14: =IF(AND(AO14=0, AP14=0, AQ14=0), "-", IF(AND(AO14=0,AQ14=0),(AJ14*AP14),(AJ14*(((AO14)+(AP14*4)+(AQ14))/6)))) -> - | CA14: #N/A | CB14: 0 | CC14: 0 | CD14: Geen, eis wordt gehaald | CE14: Geen | CF14: Geen | CG14: Geen | CH14: =BT14*BU14 -> 0 | CI14: =BT14*BV14 -> 0 | CJ14: =BT14*BW14 -> 0 | CK14: =BT14*BX14 -> 0 | CL14: =BT14*BY14 -> 0 | CM14: =BT14*BZ14 -> 0 | CN14: =BT14*(BU14+BV14+BW14+BX14+BY14+BZ14) -> 0 | CT14: =IF(AND(CQ14=0, CR14=0, CS14=0), "-", IF(AND(CQ14=0,CS14=0),(CP14*CR14),(CP14*(((CQ14)+(CR14*4)+(CS14))/6)))) -> - | CX14: =IF(AND(CU14=0, CV14=0, CW14=0), "-", IF(AND(CU14=0,CW14=0),(CP14*CV14),(CP14*(((CU14)+(CV14*4)+(CW14))/6)))) -> -
A15: 9 | AN15: =IF(AND(AK15=0, AL15=0, AM15=0), "-", IF(AND(AK15=0,AM15=0),(AJ15*AL15),(AJ15*(((AK15)+(AL15*4)+(AM15))/6)))) -> - | AR15: =IF(AND(AO15=0, AP15=0, AQ15=0), "-", IF(AND(AO15=0,AQ15=0),(AJ15*AP15),(AJ15*(((AO15)+(AP15*4)+(AQ15))/6)))) -> - | CA15: #N/A | CB15: 0 | CC15: 0 | CD15: Geen, eis wordt gehaald | CE15: Geen | CF15: Geen | CG15: Geen | CH15: =BT15*BU15 -> 0 | CI15: =BT15*BV15 -> 0 | CJ15: =BT15*BW15 -> 0 | CK15: =BT15*BX15 -> 0 | CL15: =BT15*BY15 -> 0 | CM15: =BT15*BZ15 -> 0 | CN15: =BT15*(BU15+BV15+BW15+BX15+BY15+BZ15) -> 0 | CT15: =IF(AND(CQ15=0, CR15=0, CS15=0), "-", IF(AND(CQ15=0,CS15=0),(CP15*CR15),(CP15*(((CQ15)+(CR15*4)+(CS15))/6)))) -> - | CX15: =IF(AND(CU15=0, CV15=0, CW15=0), "-", IF(AND(CU15=0,CW15=0),(CP15*CV15),(CP15*(((CU15)+(CV15*4)+(CW15))/6)))) -> -
A16: 10 | AN16: =IF(AND(AK16=0, AL16=0, AM16=0), "-", IF(AND(AK16=0,AM16=0),(AJ16*AL16),(AJ16*(((AK16)+(AL16*4)+(AM16))/6)))) -> - | AR16: =IF(AND(AO16=0, AP16=0, AQ16=0), "-", IF(AND(AO16=0,AQ16=0),(AJ16*AP16),(AJ16*(((AO16)+(AP16*4)+(AQ16))/6)))) -> - | CA16: #N/A | CB16: 0 | CC16: 0 | CD16: Geen, eis wordt gehaald | CE16: Geen | CF16: Geen | CG16: Geen | CH16: =BT16*BU16 -> 0 | CI16: =BT16*BV16 -> 0 | CJ16: =BT16*BW16 -> 0 | CK16: =BT16*BX16 -> 0 | CL16: =BT16*BY16 -> 0 | CM16: =BT16*BZ16 -> 0 | CN16: =BT16*(BU16+BV16+BW16+BX16+BY16+BZ16) -> 0 | CT16: =IF(AND(CQ16=0, CR16=0, CS16=0), "-", IF(AND(CQ16=0,CS16=0),(CP16*CR16),(CP16*(((CQ16)+(CR16*4)+(CS16))/6)))) -> - | CX16: =IF(AND(CU16=0, CV16=0, CW16=0), "-", IF(AND(CU16=0,CW16=0),(CP16*CV16),(CP16*(((CU16)+(CV16*4)+(CW16))/6)))) -> -
A17: 11 | AN17: =IF(AND(AK17=0, AL17=0, AM17=0), "-", IF(AND(AK17=0,AM17=0),(AJ17*AL17),(AJ17*(((AK17)+(AL17*4)+(AM17))/6)))) -> - | AR17: =IF(AND(AO17=0, AP17=0, AQ17=0), "-", IF(AND(AO17=0,AQ17=0),(AJ17*AP17),(AJ17*(((AO17)+(AP17*4)+(AQ17))/6)))) -> - | CA17: #N/A | CB17: 0 | CC17: 0 | CD17: Geen, eis wordt gehaald | CE17: Geen | CF17: Geen | CG17: Geen | CH17: =BT17*BU17 -> 0 | CI17: =BT17*BV17 -> 0 | CJ17: =BT17*BW17 -> 0 | CK17: =BT17*BX17 -> 0 | CL17: =BT17*BY17 -> 0 | CM17: =BT17*BZ17 -> 0 | CN17: =BT17*(BU17+BV17+BW17+BX17+BY17+BZ17) -> 0 | CT17: =IF(AND(CQ17=0, CR17=0, CS17=0), "-", IF(AND(CQ17=0,CS17=0),(CP17*CR17),(CP17*(((CQ17)+(CR17*4)+(CS17))/6)))) -> - | CX17: =IF(AND(CU17=0, CV17=0, CW17=0), "-", IF(AND(CU17=0,CW17=0),(CP17*CV17),(CP17*(((CU17)+(CV17*4)+(CW17))/6)))) -> -
A18: 12 | AN18: =IF(AND(AK18=0, AL18=0, AM18=0), "-", IF(AND(AK18=0,AM18=0),(AJ18*AL18),(AJ18*(((AK18)+(AL18*4)+(AM18))/6)))) -> - | AR18: =IF(AND(AO18=0, AP18=0, AQ18=0), "-", IF(AND(AO18=0,AQ18=0),(AJ18*AP18),(AJ18*(((AO18)+(AP18*4)+(AQ18))/6)))) -> - | CA18: #N/A | CB18: 0 | CC18: 0 | CD18: Geen, eis wordt gehaald | CE18: Geen | CF18: Geen | CG18: Geen | CH18: =BT18*BU18 -> 0 | CI18: =BT18*BV18 -> 0 | CJ18: =BT18*BW18 -> 0 | CK18: =BT18*BX18 -> 0 | CL18: =BT18*BY18 -> 0 | CM18: =BT18*BZ18 -> 0 | CN18: =BT18*(BU18+BV18+BW18+BX18+BY18+BZ18) -> 0 | CT18: =IF(AND(CQ18=0, CR18=0, CS18=0), "-", IF(AND(CQ18=0,CS18=0),(CP18*CR18),(CP18*(((CQ18)+(CR18*4)+(CS18))/6)))) -> - | CX18: =IF(AND(CU18=0, CV18=0, CW18=0), "-", IF(AND(CU18=0,CW18=0),(CP18*CV18),(CP18*(((CU18)+(CV18*4)+(CW18))/6)))) -> -
... A84: 78 | AN84: =IF(AND(AK84=0, AL84=0, AM84=0), "-", IF(AND(AK84=0,AM84=0),(AJ84*AL84),(AJ84*(((AK84)+(AL84*4)+(AM84))/6)))) -> - | AR84: =IF(AND(AO84=0, AP84=0, AQ84=0), "-", IF(AND(AO84=0,AQ84=0),(AJ84*AP84),(AJ84*(((AO84)+(AP84*4)+(AQ84))/6)))) -> - | CA84: #N/A | CB84: 0 | CC84: 0 | CD84: Geen, eis wordt gehaald | CE84: Geen | CF84: Geen | CG84: Geen | CH84: =BT84*BU84 -> 0 | CI84: =BT84*BV84 -> 0 | CJ84: =BT84*BW84 -> 0 | CK84: =BT84*BX84 -> 0 | CL84: =BT84*BY84 -> 0 | CM84: =BT84*BZ84 -> 0 | CN84: =BT84*(BU84+BV84+BW84+BX84+BY84+BZ84) -> 0 | CT84: =IF(AND(CQ84=0, CR84=0, CS84=0), "-", IF(AND(CQ84=0,CS84=0),(CP84*CR84),(CP84*(((CQ84)+(CR84*4)+(CS84))/6)))) -> - | CX84: =IF(AND(CU84=0, CV84=0, CW84=0), "-", IF(AND(CU84=0,CW84=0),(CP84*CV84),(CP84*(((CU84)+(CV84*4)+(CW84))/6)))) -> -
AN85: =IF(AND(AK85=0, AL85=0, AM85=0), "-", IF(AND(AK85=0,AM85=0),(AJ85*AL85),(AJ85*(((AK85)+(AL85*4)+(AM85))/6)))) -> - | AR85: =IF(AND(AO85=0, AP85=0, AQ85=0), "-", IF(AND(AO85=0,AQ85=0),(AJ85*AP85),(AJ85*(((AO85)+(AP85*4)+(AQ85))/6)))) -> - | CA85: #N/A | CB85: 0 | CC85: 0 | CD85: Geen, eis wordt gehaald | CE85: Geen | CF85: Geen | CG85: Geen | CH85: =BT85*BU85 -> 0 | CI85: =BT85*BV85 -> 0 | CJ85: =BT85*BW85 -> 0 | CK85: =BT85*BX85 -> 0 | CL85: =BT85*BY85 -> 0 | CM85: =BT85*BZ85 -> 0 | CN85: =BT85*(BU85+BV85+BW85+BX85+BY85+BZ85) -> 0 | CT85: =IF(AND(CQ85=0, CR85=0, CS85=0), "-", IF(AND(CQ85=0,CS85=0),(CP85*CR85),(CP85*(((CQ85)+(CR85*4)+(CS85))/6)))) -> - | CX85: =IF(AND(CU85=0, CV85=0, CW85=0), "-", IF(AND(CU85=0,CW85=0),(CP85*CV85),(CP85*(((CU85)+(CV85*4)+(CW85))/6)))) -> -
AN86: =IF(AND(AK86=0, AL86=0, AM86=0), "-", IF(AND(AK86=0,AM86=0),(AJ86*AL86),(AJ86*(((AK86)+(AL86*4)+(AM86))/6)))) -> - | AR86: =IF(AND(AO86=0, AP86=0, AQ86=0), "-", IF(AND(AO86=0,AQ86=0),(AJ86*AP86),(AJ86*(((AO86)+(AP86*4)+(AQ86))/6)))) -> - | CA86: #N/A | CB86: 0 | CC86: 0 | CD86: Geen, eis wordt gehaald | CE86: Geen | CF86: Geen | CG86: Geen | CH86: =BT86*BU86 -> 0 | CI86: =BT86*BV86 -> 0 | CJ86: =BT86*BW86 -> 0 | CK86: =BT86*BX86 -> 0 | CL86: =BT86*BY86 -> 0 | CM86: =BT86*BZ86 -> 0 | CN86: =BT86*(BU86+BV86+BW86+BX86+BY86+BZ86) -> 0 | CT86: =IF(AND(CQ86=0, CR86=0, CS86=0), "-", IF(AND(CQ86=0,CS86=0),(CP86*CR86),(CP86*(((CQ86)+(CR86*4)+(CS86))/6)))) -> - | CX86: =IF(AND(CU86=0, CV86=0, CW86=0), "-", IF(AND(CU86=0,CW86=0),(CP86*CV86),(CP86*(((CU86)+(CV86*4)+(CW86))/6)))) -> -
AN87: =IF(AND(AK87=0, AL87=0, AM87=0), "-", IF(AND(AK87=0,AM87=0),(AJ87*AL87),(AJ87*(((AK87)+(AL87*4)+(AM87))/6)))) -> - | AR87: =IF(AND(AO87=0, AP87=0, AQ87=0), "-", IF(AND(AO87=0,AQ87=0),(AJ87*AP87),(AJ87*(((AO87)+(AP87*4)+(AQ87))/6)))) -> - | CA87: #N/A | CB87: 0 | CC87: 0 | CD87: Geen, eis wordt gehaald | CE87: Geen | CF87: Geen | CG87: Geen | CH87: =BT87*BU87 -> 0 | CI87: =BT87*BV87 -> 0 | CJ87: =BT87*BW87 -> 0 | CK87: =BT87*BX87 -> 0 | CL87: =BT87*BY87 -> 0 | CM87: =BT87*BZ87 -> 0 | CN87: =BT87*(BU87+BV87+BW87+BX87+BY87+BZ87) -> 0 | CT87: =IF(AND(CQ87=0, CR87=0, CS87=0), "-", IF(AND(CQ87=0,CS87=0),(CP87*CR87),(CP87*(((CQ87)+(CR87*4)+(CS87))/6)))) -> - | CX87: =IF(AND(CU87=0, CV87=0, CW87=0), "-", IF(AND(CU87=0,CW87=0),(CP87*CV87),(CP87*(((CU87)+(CV87*4)+(CW87))/6)))) -> -
AN88: =IF(AND(AK88=0, AL88=0, AM88=0), "-", IF(AND(AK88=0,AM88=0),(AJ88*AL88),(AJ88*(((AK88)+(AL88*4)+(AM88))/6)))) -> - | AR88: =IF(AND(AO88=0, AP88=0, AQ88=0), "-", IF(AND(AO88=0,AQ88=0),(AJ88*AP88),(AJ88*(((AO88)+(AP88*4)+(AQ88))/6)))) -> - | CA88: #N/A | CB88: 0 | CC88: 0 | CD88: Geen, eis wordt gehaald | CE88: Geen | CF88: Geen | CG88: Geen | CH88: =BT88*BU88 -> 0 | CI88: =BT88*BV88 -> 0 | CJ88: =BT88*BW88 -> 0 | CK88: =BT88*BX88 -> 0 | CL88: =BT88*BY88 -> 0 | CM88: =BT88*BZ88 -> 0 | CN88: =BT88*(BU88+BV88+BW88+BX88+BY88+BZ88) -> 0 | CT88: =IF(AND(CQ88=0, CR88=0, CS88=0), "-", IF(AND(CQ88=0,CS88=0),(CP88*CR88),(CP88*(((CQ88)+(CR88*4)+(CS88))/6)))) -> - | CX88: =IF(AND(CU88=0, CV88=0, CW88=0), "-", IF(AND(CU88=0,CW88=0),(CP88*CV88),(CP88*(((CU88)+(CV88*4)+(CW88))/6)))) -> -
AN89: =IF(AND(AK89=0, AL89=0, AM89=0), "-", IF(AND(AK89=0,AM89=0),(AJ89*AL89),(AJ89*(((AK89)+(AL89*4)+(AM89))/6)))) -> - | AR89: =IF(AND(AO89=0, AP89=0, AQ89=0), "-", IF(AND(AO89=0,AQ89=0),(AJ89*AP89),(AJ89*(((AO89)+(AP89*4)+(AQ89))/6)))) -> - | CA89: #N/A | CB89: 0 | CC89: 0 | CD89: Geen, eis wordt gehaald | CE89: Geen | CF89: Geen | CG89: Geen | CH89: =BT89*BU89 -> 0 | CI89: =BT89*BV89 -> 0 | CJ89: =BT89*BW89 -> 0 | CK89: =BT89*BX89 -> 0 | CL89: =BT89*BY89 -> 0 | CM89: =BT89*BZ89 -> 0 | CN89: =BT89*(BU89+BV89+BW89+BX89+BY89+BZ89) -> 0 | CT89: =IF(AND(CQ89=0, CR89=0, CS89=0), "-", IF(AND(CQ89=0,CS89=0),(CP89*CR89),(CP89*(((CQ89)+(CR89*4)+(CS89))/6)))) -> - | CX89: =IF(AND(CU89=0, CV89=0, CW89=0), "-", IF(AND(CU89=0,CW89=0),(CP89*CV89),(CP89*(((CU89)+(CV89*4)+(CW89))/6)))) -> -
AN90: =IF(AND(AK90=0, AL90=0, AM90=0), "-", IF(AND(AK90=0,AM90=0),(AJ90*AL90),(AJ90*(((AK90)+(AL90*4)+(AM90))/6)))) -> - | AR90: =IF(AND(AO90=0, AP90=0, AQ90=0), "-", IF(AND(AO90=0,AQ90=0),(AJ90*AP90),(AJ90*(((AO90)+(AP90*4)+(AQ90))/6)))) -> - | CA90: #N/A | CB90: 0 | CC90: 0 | CD90: Geen, eis wordt gehaald | CE90: Geen | CF90: Geen | CG90: Geen | CH90: =BT90*BU90 -> 0 | CI90: =BT90*BV90 -> 0 | CJ90: =BT90*BW90 -> 0 | CK90: =BT90*BX90 -> 0 | CL90: =BT90*BY90 -> 0 | CM90: =BT90*BZ90 -> 0 | CN90: =BT90*(BU90+BV90+BW90+BX90+BY90+BZ90) -> 0 | CT90: =IF(AND(CQ90=0, CR90=0, CS90=0), "-", IF(AND(CQ90=0,CS90=0),(CP90*CR90),(CP90*(((CQ90)+(CR90*4)+(CS90))/6)))) -> - | CX90: =IF(AND(CU90=0, CV90=0, CW90=0), "-", IF(AND(CU90=0,CW90=0),(CP90*CV90),(CP90*(((CU90)+(CV90*4)+(CW90))/6)))) -> -
AN91: =IF(AND(AK91=0, AL91=0, AM91=0), "-", IF(AND(AK91=0,AM91=0),(AJ91*AL91),(AJ91*(((AK91)+(AL91*4)+(AM91))/6)))) -> - | AR91: =IF(AND(AO91=0, AP91=0, AQ91=0), "-", IF(AND(AO91=0,AQ91=0),(AJ91*AP91),(AJ91*(((AO91)+(AP91*4)+(AQ91))/6)))) -> - | CA91: #N/A | CB91: 0 | CC91: 0 | CD91: Geen, eis wordt gehaald | CE91: Geen | CF91: Geen | CG91: Geen | CH91: =BT91*BU91 -> 0 | CI91: =BT91*BV91 -> 0 | CJ91: =BT91*BW91 -> 0 | CK91: =BT91*BX91 -> 0 | CL91: =BT91*BY91 -> 0 | CM91: =BT91*BZ91 -> 0 | CN91: =BT91*(BU91+BV91+BW91+BX91+BY91+BZ91) -> 0 | CT91: =IF(AND(CQ91=0, CR91=0, CS91=0), "-", IF(AND(CQ91=0,CS91=0),(CP91*CR91),(CP91*(((CQ91)+(CR91*4)+(CS91))/6)))) -> - | CX91: =IF(AND(CU91=0, CV91=0, CW91=0), "-", IF(AND(CU91=0,CW91=0),(CP91*CV91),(CP91*(((CU91)+(CV91*4)+(CW91))/6)))) -> -
AN92: =IF(AND(AK92=0, AL92=0, AM92=0), "-", IF(AND(AK92=0,AM92=0),(AJ92*AL92),(AJ92*(((AK92)+(AL92*4)+(AM92))/6)))) -> - | AR92: =IF(AND(AO92=0, AP92=0, AQ92=0), "-", IF(AND(AO92=0,AQ92=0),(AJ92*AP92),(AJ92*(((AO92)+(AP92*4)+(AQ92))/6)))) -> - | CA92: #N/A | CB92: 0 | CC92: 0 | CD92: Geen, eis wordt gehaald | CE92: Geen | CF92: Geen | CG92: Geen | CH92: =BT92*BU92 -> 0 | CI92: =BT92*BV92 -> 0 | CJ92: =BT92*BW92 -> 0 | CK92: =BT92*BX92 -> 0 | CL92: =BT92*BY92 -> 0 | CM92: =BT92*BZ92 -> 0 | CN92: =BT92*(BU92+BV92+BW92+BX92+BY92+BZ92) -> 0 | CT92: =IF(AND(CQ92=0, CR92=0, CS92=0), "-", IF(AND(CQ92=0,CS92=0),(CP92*CR92),(CP92*(((CQ92)+(CR92*4)+(CS92))/6)))) -> - | CX92: =IF(AND(CU92=0, CV92=0, CW92=0), "-", IF(AND(CU92=0,CW92=0),(CP92*CV92),(CP92*(((CU92)+(CV92*4)+(CW92))/6)))) -> -
AN93: =IF(AND(AK93=0, AL93=0, AM93=0), "-", IF(AND(AK93=0,AM93=0),(AJ93*AL93),(AJ93*(((AK93)+(AL93*4)+(AM93))/6)))) -> - | AR93: =IF(AND(AO93=0, AP93=0, AQ93=0), "-", IF(AND(AO93=0,AQ93=0),(AJ93*AP93),(AJ93*(((AO93)+(AP93*4)+(AQ93))/6)))) -> - | CA93: #N/A | CB93: 0 | CC93: 0 | CD93: Geen, eis wordt gehaald | CE93: Geen | CF93: Geen | CG93: Geen | CH93: =BT93*BU93 -> 0 | CI93: =BT93*BV93 -> 0 | CJ93: =BT93*BW93 -> 0 | CK93: =BT93*BX93 -> 0 | CL93: =BT93*BY93 -> 0 | CM93: =BT93*BZ93 -> 0 | CN93: =BT93*(BU93+BV93+BW93+BX93+BY93+BZ93) -> 0 | CT93: =IF(AND(CQ93=0, CR93=0, CS93=0), "-", IF(AND(CQ93=0,CS93=0),(CP93*CR93),(CP93*(((CQ93)+(CR93*4)+(CS93))/6)))) -> - | CX93: =IF(AND(CU93=0, CV93=0, CW93=0), "-", IF(AND(CU93=0,CW93=0),(CP93*CV93),(CP93*(((CU93)+(CV93*4)+(CW93))/6)))) -> -
AN94: =IF(AND(AK94=0, AL94=0, AM94=0), "-", IF(AND(AK94=0,AM94=0),(AJ94*AL94),(AJ94*(((AK94)+(AL94*4)+(AM94))/6)))) -> - | AR94: =IF(AND(AO94=0, AP94=0, AQ94=0), "-", IF(AND(AO94=0,AQ94=0),(AJ94*AP94),(AJ94*(((AO94)+(AP94*4)+(AQ94))/6)))) -> - | CA94: #N/A | CB94: 0 | CC94: 0 | CD94: Geen, eis wordt gehaald | CE94: Geen | CF94: Geen | CG94: Geen | CH94: =BT94*BU94 -> 0 | CI94: =BT94*BV94 -> 0 | CJ94: =BT94*BW94 -> 0 | CK94: =BT94*BX94 -> 0 | CL94: =BT94*BY94 -> 0 | CM94: =BT94*BZ94 -> 0 | CN94: =BT94*(BU94+BV94+BW94+BX94+BY94+BZ94) -> 0 | CT94: =IF(AND(CQ94=0, CR94=0, CS94=0), "-", IF(AND(CQ94=0,CS94=0),(CP94*CR94),(CP94*(((CQ94)+(CR94*4)+(CS94))/6)))) -> - | CX94: =IF(AND(CU94=0, CV94=0, CW94=0), "-", IF(AND(CU94=0,CW94=0),(CP94*CV94),(CP94*(((CU94)+(CV94*4)+(CW94))/6)))) -> -
AN95: =IF(AND(AK95=0, AL95=0, AM95=0), "-", IF(AND(AK95=0,AM95=0),(AJ95*AL95),(AJ95*(((AK95)+(AL95*4)+(AM95))/6)))) -> - | AR95: =IF(AND(AO95=0, AP95=0, AQ95=0), "-", IF(AND(AO95=0,AQ95=0),(AJ95*AP95),(AJ95*(((AO95)+(AP95*4)+(AQ95))/6)))) -> - | CA95: #N/A | CB95: 0 | CC95: 0 | CD95: Geen, eis wordt gehaald | CE95: Geen | CF95: Geen | CG95: Geen | CH95: =BT95*BU95 -> 0 | CI95: =BT95*BV95 -> 0 | CJ95: =BT95*BW95 -> 0 | CK95: =BT95*BX95 -> 0 | CL95: =BT95*BY95 -> 0 | CM95: =BT95*BZ95 -> 0 | CN95: =BT95*(BU95+BV95+BW95+BX95+BY95+BZ95) -> 0 | CT95: =IF(AND(CQ95=0, CR95=0, CS95=0), "-", IF(AND(CQ95=0,CS95=0),(CP95*CR95),(CP95*(((CQ95)+(CR95*4)+(CS95))/6)))) -> - | CX95: =IF(AND(CU95=0, CV95=0, CW95=0), "-", IF(AND(CU95=0,CW95=0),(CP95*CV95),(CP95*(((CU95)+(CV95*4)+(CW95))/6)))) -> -
AN96: =IF(AND(AK96=0, AL96=0, AM96=0), "-", IF(AND(AK96=0,AM96=0),(AJ96*AL96),(AJ96*(((AK96)+(AL96*4)+(AM96))/6)))) -> - | AR96: =IF(AND(AO96=0, AP96=0, AQ96=0), "-", IF(AND(AO96=0,AQ96=0),(AJ96*AP96),(AJ96*(((AO96)+(AP96*4)+(AQ96))/6)))) -> - | CA96: #N/A | CB96: 0 | CC96: 0 | CD96: Geen, eis wordt gehaald | CE96: Geen | CF96: Geen | CG96: Geen | CH96: =BT96*BU96 -> 0 | CI96: =BT96*BV96 -> 0 | CJ96: =BT96*BW96 -> 0 | CK96: =BT96*BX96 -> 0 | CL96: =BT96*BY96 -> 0 | CM96: =BT96*BZ96 -> 0 | CN96: =BT96*(BU96+BV96+BW96+BX96+BY96+BZ96) -> 0 | CT96: =IF(AND(CQ96=0, CR96=0, CS96=0), "-", IF(AND(CQ96=0,CS96=0),(CP96*CR96),(CP96*(((CQ96)+(CR96*4)+(CS96))/6)))) -> - | CX96: =IF(AND(CU96=0, CV96=0, CW96=0), "-", IF(AND(CU96=0,CW96=0),(CP96*CV96),(CP96*(((CU96)+(CV96*4)+(CW96))/6)))) -> -
... AN106: =IF(AND(AK106=0, AL106=0, AM106=0), "-", IF(AND(AK106=0,AM106=0),(AJ106*AL106),(AJ106*(((AK106)+(AL106*4)+(AM106))/6)))) -> - | AR106: =IF(AND(AO106=0, AP106=0, AQ106=0), "-", IF(AND(AO106=0,AQ106=0),(AJ106*AP106),(AJ106*(((AO106)+(AP106*4)+(AQ106))/6)))) -> - | CA106: #N/A | CB106: 0 | CC106: 0 | CD106: Geen, eis wordt gehaald | CE106: Geen | CF106: Geen | CG106: Geen | CH106: =BT106*BU106 -> 0 | CI106: =BT106*BV106 -> 0 | CJ106: =BT106*BW106 -> 0 | CK106: =BT106*BX106 -> 0 | CL106: =BT106*BY106 -> 0 | CM106: =BT106*BZ106 -> 0 | CN106: =BT106*(BU106+BV106+BW106+BX106+BY106+BZ106) -> 0 | CT106: =IF(AND(CQ106=0, CR106=0, CS106=0), "-", IF(AND(CQ106=0,CS106=0),(CP106*CR106),(CP106*(((CQ106)+(CR106*4)+(CS106))/6)))) -> - | CX106: =IF(AND(CU106=0, CV106=0, CW106=0), "-", IF(AND(CU106=0,CW106=0),(CP106*CV106),(CP106*(((CU106)+(CV106*4)+(CW106))/6)))) -> -
A111: ID | B111: Projectfase | C111: Meenemen in rapportage | D111: Kostensoort (P, EAT, BK) | E111: Onzekerheid (Ongewenste gebeurtenis) | F111: Oorzaak | G111: Gevolg | H111: Risicostatus | I111: Kans van optreden [exact, %] | J111: Gevolgen tijd (most) [maanden] | K111: Verwachtingswaarde gevolg Tijd [maanden] | L111: Gevolgen geld (most) [x € 1.000] | M111: Verwachtingswaarde gevolg Geld [x € 1.000] | N111: Omschrijving beheersmaatregel | O111: Uitvoerder beheersmaatregel | P111: Deadline | Q111: Duur van beheersmaatregel [weken / maanden] | R111: Kosten beheersmaatregel [x € 1.000] | S111: x | T111: Restkans van optreden [exact, %] | U111: Restgevolgen tijd (most) [Maanden] | V111: Verwachtingswaarde restgevolg Tijd [Maanden] | W111: Restgevolgen geld (most) [x € 1.000] | X111: Verwachtingswaarde restgevolg Geld
A112: 1 | AN112: =IF(AND(AK112=0, AL112=0, AM112=0), "-", IF(AND(AK112=0,AM112=0),(AJ112*AL112),(AJ112*(((AK112)+(AL112*4)+(AM112))/6)))) -> - | AR112: =IF(AND(AO112=0, AP112=0, AQ112=0), "-", IF(AND(AO112=0,AQ112=0),(AJ112*AP112),(AJ112*(((AO112)+(AP112*4)+(AQ112))/6)))) -> - | CA112: #N/A | CB112: 0 | CC112: 0 | CD112: Geen, eis wordt gehaald | CE112: Geen | CF112: Geen | CG112: Geen | CH112: =BT112*BU112 -> 0 | CI112: =BT112*BV112 -> 0 | CJ112: =BT112*BW112 -> 0 | CK112: =BT112*BX112 -> 0 | CL112: =BT112*BY112 -> 0 | CM112: =BT112*BZ112 -> 0 | CN112: =BT112*(BU112+BV112+BW112+BX112+BY112+BZ112) -> 0 | CT112: =IF(AND(CQ112=0, CR112=0, CS112=0), "-", IF(AND(CQ112=0,CS112=0),(CP112*CR112),(CP112*(((CQ112)+(CR112*4)+(CS112))/6)))) -> - | CX112: =IF(AND(CU112=0, CV112=0, CW112=0), "-", IF(AND(CU112=0,CW112=0),(CP112*CV112),(CP112*(((CU112)+(CV112*4)+(CW112))/6)))) -> -
A113: 2 | AN113: =IF(AND(AK113=0, AL113=0, AM113=0), "-", IF(AND(AK113=0,AM113=0),(AJ113*AL113),(AJ113*(((AK113)+(AL113*4)+(AM113))/6)))) -> - | AR113: =IF(AND(AO113=0, AP113=0, AQ113=0), "-", IF(AND(AO113=0,AQ113=0),(AJ113*AP113),(AJ113*(((AO113)+(AP113*4)+(AQ113))/6)))) -> - | CA113: #N/A | CB113: 0 | CC113: 0 | CD113: Geen, eis wordt gehaald | CE113: Geen | CF113: Geen | CG113: Geen | CH113: =BT113*BU113 -> 0 | CI113: =BT113*BV113 -> 0 | CJ113: =BT113*BW113 -> 0 | CK113: =BT113*BX113 -> 0 | CL113: =BT113*BY113 -> 0 | CM113: =BT113*BZ113 -> 0 | CN113: =BT113*(BU113+BV113+BW113+BX113+BY113+BZ113) -> 0 | CT113: =IF(AND(CQ113=0, CR113=0, CS113=0), "-", IF(AND(CQ113=0,CS113=0),(CP113*CR113),(CP113*(((CQ113)+(CR113*4)+(CS113))/6)))) -> - | CX113: =IF(AND(CU113=0, CV113=0, CW113=0), "-", IF(AND(CU113=0,CW113=0),(CP113*CV113),(CP113*(((CU113)+(CV113*4)+(CW113))/6)))) -> -
A114: 3 | AN114: =IF(AND(AK114=0, AL114=0, AM114=0), "-", IF(AND(AK114=0,AM114=0),(AJ114*AL114),(AJ114*(((AK114)+(AL114*4)+(AM114))/6)))) -> - | AR114: =IF(AND(AO114=0, AP114=0, AQ114=0), "-", IF(AND(AO114=0,AQ114=0),(AJ114*AP114),(AJ114*(((AO114)+(AP114*4)+(AQ114))/6)))) -> - | CA114: #N/A | CB114: 0 | CC114: 0 | CD114: Geen, eis wordt gehaald | CE114: Geen | CF114: Geen | CG114: Geen | CH114: =BT114*BU114 -> 0 | CI114: =BT114*BV114 -> 0 | CJ114: =BT114*BW114 -> 0 | CK114: =BT114*BX114 -> 0 | CL114: =BT114*BY114 -> 0 | CM114: =BT114*BZ114 -> 0 | CN114: =BT114*(BU114+BV114+BW114+BX114+BY114+BZ114) -> 0 | CT114: =IF(AND(CQ114=0, CR114=0, CS114=0), "-", IF(AND(CQ114=0,CS114=0),(CP114*CR114),(CP114*(((CQ114)+(CR114*4)+(CS114))/6)))) -> - | CX114: =IF(AND(CU114=0, CV114=0, CW114=0), "-", IF(AND(CU114=0,CW114=0),(CP114*CV114),(CP114*(((CU114)+(CV114*4)+(CW114))/6)))) -> -
A115: 4 | AN115: =IF(AND(AK115=0, AL115=0, AM115=0), "-", IF(AND(AK115=0,AM115=0),(AJ115*AL115),(AJ115*(((AK115)+(AL115*4)+(AM115))/6)))) -> - | AR115: =IF(AND(AO115=0, AP115=0, AQ115=0), "-", IF(AND(AO115=0,AQ115=0),(AJ115*AP115),(AJ115*(((AO115)+(AP115*4)+(AQ115))/6)))) -> - | CA115: #N/A | CB115: 0 | CC115: 0 | CD115: Geen, eis wordt gehaald | CE115: Geen | CF115: Geen | CG115: Geen | CH115: =BT115*BU115 -> 0 | CI115: =BT115*BV115 -> 0 | CJ115: =BT115*BW115 -> 0 | CK115: =BT115*BX115 -> 0 | CL115: =BT115*BY115 -> 0 | CM115: =BT115*BZ115 -> 0 | CN115: =BT115*(BU115+BV115+BW115+BX115+BY115+BZ115) -> 0 | CT115: =IF(AND(CQ115=0, CR115=0, CS115=0), "-", IF(AND(CQ115=0,CS115=0),(CP115*CR115),(CP115*(((CQ115)+(CR115*4)+(CS115))/6)))) -> - | CX115: =IF(AND(CU115=0, CV115=0, CW115=0), "-", IF(AND(CU115=0,CW115=0),(CP115*CV115),(CP115*(((CU115)+(CV115*4)+(CW115))/6)))) -> -
A116: 5 | AN116: =IF(AND(AK116=0, AL116=0, AM116=0), "-", IF(AND(AK116=0,AM116=0),(AJ116*AL116),(AJ116*(((AK116)+(AL116*4)+(AM116))/6)))) -> - | AR116: =IF(AND(AO116=0, AP116=0, AQ116=0), "-", IF(AND(AO116=0,AQ116=0),(AJ116*AP116),(AJ116*(((AO116)+(AP116*4)+(AQ116))/6)))) -> - | CA116: #N/A | CB116: 0 | CC116: 0 | CD116: Geen, eis wordt gehaald | CE116: Geen | CF116: Geen | CG116: Geen | CH116: =BT116*BU116 -> 0 | CI116: =BT116*BV116 -> 0 | CJ116: =BT116*BW116 -> 0 | CK116: =BT116*BX116 -> 0 | CL116: =BT116*BY116 -> 0 | CM116: =BT116*BZ116 -> 0 | CN116: =BT116*(BU116+BV116+BW116+BX116+BY116+BZ116) -> 0 | CT116: =IF(AND(CQ116=0, CR116=0, CS116=0), "-", IF(AND(CQ116=0,CS116=0),(CP116*CR116),(CP116*(((CQ116)+(CR116*4)+(CS116))/6)))) -> - | CX116: =IF(AND(CU116=0, CV116=0, CW116=0), "-", IF(AND(CU116=0,CW116=0),(CP116*CV116),(CP116*(((CU116)+(CV116*4)+(CW116))/6)))) -> -
A117: 6 | AN117: =IF(AND(AK117=0, AL117=0, AM117=0), "-", IF(AND(AK117=0,AM117=0),(AJ117*AL117),(AJ117*(((AK117)+(AL117*4)+(AM117))/6)))) -> - | AR117: =IF(AND(AO117=0, AP117=0, AQ117=0), "-", IF(AND(AO117=0,AQ117=0),(AJ117*AP117),(AJ117*(((AO117)+(AP117*4)+(AQ117))/6)))) -> - | CA117: #N/A | CB117: 0 | CC117: 0 | CD117: Geen, eis wordt gehaald | CE117: Geen | CF117: Geen | CG117: Geen | CH117: =BT117*BU117 -> 0 | CI117: =BT117*BV117 -> 0 | CJ117: =BT117*BW117 -> 0 | CK117: =BT117*BX117 -> 0 | CL117: =BT117*BY117 -> 0 | CM117: =BT117*BZ117 -> 0 | CN117: =BT117*(BU117+BV117+BW117+BX117+BY117+BZ117) -> 0 | CT117: =IF(AND(CQ117=0, CR117=0, CS117=0), "-", IF(AND(CQ117=0,CS117=0),(CP117*CR117),(CP117*(((CQ117)+(CR117*4)+(CS117))/6)))) -> - | CX117: =IF(AND(CU117=0, CV117=0, CW117=0), "-", IF(AND(CU117=0,CW117=0),(CP117*CV117),(CP117*(((CU117)+(CV117*4)+(CW117))/6)))) -> -
A118: 7 | AN118: =IF(AND(AK118=0, AL118=0, AM118=0), "-", IF(AND(AK118=0,AM118=0),(AJ118*AL118),(AJ118*(((AK118)+(AL118*4)+(AM118))/6)))) -> - | AR118: =IF(AND(AO118=0, AP118=0, AQ118=0), "-", IF(AND(AO118=0,AQ118=0),(AJ118*AP118),(AJ118*(((AO118)+(AP118*4)+(AQ118))/6)))) -> - | CA118: #N/A | CB118: 0 | CC118: 0 | CD118: Geen, eis wordt gehaald | CE118: Geen | CF118: Geen | CG118: Geen | CH118: =BT118*BU118 -> 0 | CI118: =BT118*BV118 -> 0 | CJ118: =BT118*BW118 -> 0 | CK118: =BT118*BX118 -> 0 | CL118: =BT118*BY118 -> 0 | CM118: =BT118*BZ118 -> 0 | CN118: =BT118*(BU118+BV118+BW118+BX118+BY118+BZ118) -> 0 | CT118: =IF(AND(CQ118=0, CR118=0, CS118=0), "-", IF(AND(CQ118=0,CS118=0),(CP118*CR118),(CP118*(((CQ118)+(CR118*4)+(CS118))/6)))) -> - | CX118: =IF(AND(CU118=0, CV118=0, CW118=0), "-", IF(AND(CU118=0,CW118=0),(CP118*CV118),(CP118*(((CU118)+(CV118*4)+(CW118))/6)))) -> -
A119: 8 | AN119: =IF(AND(AK119=0, AL119=0, AM119=0), "-", IF(AND(AK119=0,AM119=0),(AJ119*AL119),(AJ119*(((AK119)+(AL119*4)+(AM119))/6)))) -> - | AR119: =IF(AND(AO119=0, AP119=0, AQ119=0), "-", IF(AND(AO119=0,AQ119=0),(AJ119*AP119),(AJ119*(((AO119)+(AP119*4)+(AQ119))/6)))) -> - | CA119: #N/A | CB119: 0 | CC119: 0 | CD119: Geen, eis wordt gehaald | CE119: Geen | CF119: Geen | CG119: Geen | CH119: =BT119*BU119 -> 0 | CI119: =BT119*BV119 -> 0 | CJ119: =BT119*BW119 -> 0 | CK119: =BT119*BX119 -> 0 | CL119: =BT119*BY119 -> 0 | CM119: =BT119*BZ119 -> 0 | CN119: =BT119*(BU119+BV119+BW119+BX119+BY119+BZ119) -> 0 | CT119: =IF(AND(CQ119=0, CR119=0, CS119=0), "-", IF(AND(CQ119=0,CS119=0),(CP119*CR119),(CP119*(((CQ119)+(CR119*4)+(CS119))/6)))) -> - | CX119: =IF(AND(CU119=0, CV119=0, CW119=0), "-", IF(AND(CU119=0,CW119=0),(CP119*CV119),(CP119*(((CU119)+(CV119*4)+(CW119))/6)))) -> -
A120: 9 | AN120: =IF(AND(AK120=0, AL120=0, AM120=0), "-", IF(AND(AK120=0,AM120=0),(AJ120*AL120),(AJ120*(((AK120)+(AL120*4)+(AM120))/6)))) -> - | AR120: =IF(AND(AO120=0, AP120=0, AQ120=0), "-", IF(AND(AO120=0,AQ120=0),(AJ120*AP120),(AJ120*(((AO120)+(AP120*4)+(AQ120))/6)))) -> - | CA120: #N/A | CB120: 0 | CC120: 0 | CD120: Geen, eis wordt gehaald | CE120: Geen | CF120: Geen | CG120: Geen | CH120: =BT120*BU120 -> 0 | CI120: =BT120*BV120 -> 0 | CJ120: =BT120*BW120 -> 0 | CK120: =BT120*BX120 -> 0 | CL120: =BT120*BY120 -> 0 | CM120: =BT120*BZ120 -> 0 | CN120: =BT120*(BU120+BV120+BW120+BX120+BY120+BZ120) -> 0 | CT120: =IF(AND(CQ120=0, CR120=0, CS120=0), "-", IF(AND(CQ120=0,CS120=0),(CP120*CR120),(CP120*(((CQ120)+(CR120*4)+(CS120))/6)))) -> - | CX120: =IF(AND(CU120=0, CV120=0, CW120=0), "-", IF(AND(CU120=0,CW120=0),(CP120*CV120),(CP120*(((CU120)+(CV120*4)+(CW120))/6)))) -> -
A121: 10 | AN121: =IF(AND(AK121=0, AL121=0, AM121=0), "-", IF(AND(AK121=0,AM121=0),(AJ121*AL121),(AJ121*(((AK121)+(AL121*4)+(AM121))/6)))) -> - | AR121: =IF(AND(AO121=0, AP121=0, AQ121=0), "-", IF(AND(AO121=0,AQ121=0),(AJ121*AP121),(AJ121*(((AO121)+(AP121*4)+(AQ121))/6)))) -> - | CA121: #N/A | CB121: 0 | CC121: 0 | CD121: Geen, eis wordt gehaald | CE121: Geen | CF121: Geen | CG121: Geen | CH121: =BT121*BU121 -> 0 | CI121: =BT121*BV121 -> 0 | CJ121: =BT121*BW121 -> 0 | CK121: =BT121*BX121 -> 0 | CL121: =BT121*BY121 -> 0 | CM121: =BT121*BZ121 -> 0 | CN121: =BT121*(BU121+BV121+BW121+BX121+BY121+BZ121) -> 0 | CT121: =IF(AND(CQ121=0, CR121=0, CS121=0), "-", IF(AND(CQ121=0,CS121=0),(CP121*CR121),(CP121*(((CQ121)+(CR121*4)+(CS121))/6)))) -> - | CX121: =IF(AND(CU121=0, CV121=0, CW121=0), "-", IF(AND(CU121=0,CW121=0),(CP121*CV121),(CP121*(((CU121)+(CV121*4)+(CW121))/6)))) -> -
A122: 11 | AN122: =IF(AND(AK122=0, AL122=0, AM122=0), "-", IF(AND(AK122=0,AM122=0),(AJ122*AL122),(AJ122*(((AK122)+(AL122*4)+(AM122))/6)))) -> - | AR122: =IF(AND(AO122=0, AP122=0, AQ122=0), "-", IF(AND(AO122=0,AQ122=0),(AJ122*AP122),(AJ122*(((AO122)+(AP122*4)+(AQ122))/6)))) -> - | CA122: #N/A | CB122: 0 | CC122: 0 | CD122: Geen, eis wordt gehaald | CE122: Geen | CF122: Geen | CG122: Geen | CH122: =BT122*BU122 -> 0 | CI122: =BT122*BV122 -> 0 | CJ122: =BT122*BW122 -> 0 | CK122: =BT122*BX122 -> 0 | CL122: =BT122*BY122 -> 0 | CM122: =BT122*BZ122 -> 0 | CN122: =BT122*(BU122+BV122+BW122+BX122+BY122+BZ122) -> 0 | CT122: =IF(AND(CQ122=0, CR122=0, CS122=0), "-", IF(AND(CQ122=0,CS122=0),(CP122*CR122),(CP122*(((CQ122)+(CR122*4)+(CS122))/6)))) -> - | CX122: =IF(AND(CU122=0, CV122=0, CW122=0), "-", IF(AND(CU122=0,CW122=0),(CP122*CV122),(CP122*(((CU122)+(CV122*4)+(CW122))/6)))) -> -
A123: 12 | AN123: =IF(AND(AK123=0, AL123=0, AM123=0), "-", IF(AND(AK123=0,AM123=0),(AJ123*AL123),(AJ123*(((AK123)+(AL123*4)+(AM123))/6)))) -> - | AR123: =IF(AND(AO123=0, AP123=0, AQ123=0), "-", IF(AND(AO123=0,AQ123=0),(AJ123*AP123),(AJ123*(((AO123)+(AP123*4)+(AQ123))/6)))) -> - | CA123: #N/A | CB123: 0 | CC123: 0 | CD123: Geen, eis wordt gehaald | CE123: Geen | CF123: Geen | CG123: Geen | CH123: =BT123*BU123 -> 0 | CI123: =BT123*BV123 -> 0 | CJ123: =BT123*BW123 -> 0 | CK123: =BT123*BX123 -> 0 | CL123: =BT123*BY123 -> 0 | CM123: =BT123*BZ123 -> 0 | CN123: =BT123*(BU123+BV123+BW123+BX123+BY123+BZ123) -> 0 | CT123: =IF(AND(CQ123=0, CR123=0, CS123=0), "-", IF(AND(CQ123=0,CS123=0),(CP123*CR123),(CP123*(((CQ123)+(CR123*4)+(CS123))/6)))) -> - | CX123: =IF(AND(CU123=0, CV123=0, CW123=0), "-", IF(AND(CU123=0,CW123=0),(CP123*CV123),(CP123*(((CU123)+(CV123*4)+(CW123))/6)))) -> -
... A189: 78 | AN189: =IF(AND(AK189=0, AL189=0, AM189=0), "-", IF(AND(AK189=0,AM189=0),(AJ189*AL189),(AJ189*(((AK189)+(AL189*4)+(AM189))/6)))) -> - | AR189: =IF(AND(AO189=0, AP189=0, AQ189=0), "-", IF(AND(AO189=0,AQ189=0),(AJ189*AP189),(AJ189*(((AO189)+(AP189*4)+(AQ189))/6)))) -> - | CA189: #N/A | CB189: 0 | CC189: 0 | CD189: Geen, eis wordt gehaald | CE189: Geen | CF189: Geen | CG189: Geen | CH189: =BT189*BU189 -> 0 | CI189: =BT189*BV189 -> 0 | CJ189: =BT189*BW189 -> 0 | CK189: =BT189*BX189 -> 0 | CL189: =BT189*BY189 -> 0 | CM189: =BT189*BZ189 -> 0 | CN189: =BT189*(BU189+BV189+BW189+BX189+BY189+BZ189) -> 0 | CT189: =IF(AND(CQ189=0, CR189=0, CS189=0), "-", IF(AND(CQ189=0,CS189=0),(CP189*CR189),(CP189*(((CQ189)+(CR189*4)+(CS189))/6)))) -> - | CX189: =IF(AND(CU189=0, CV189=0, CW189=0), "-", IF(AND(CU189=0,CW189=0),(CP189*CV189),(CP189*(((CU189)+(CV189*4)+(CW189))/6)))) -> -
AN190: =IF(AND(AK190=0, AL190=0, AM190=0), "-", IF(AND(AK190=0,AM190=0),(AJ190*AL190),(AJ190*(((AK190)+(AL190*4)+(AM190))/6)))) -> - | AR190: =IF(AND(AO190=0, AP190=0, AQ190=0), "-", IF(AND(AO190=0,AQ190=0),(AJ190*AP190),(AJ190*(((AO190)+(AP190*4)+(AQ190))/6)))) -> - | CA190: #N/A | CB190: 0 | CC190: 0 | CD190: Geen, eis wordt gehaald | CE190: Geen | CF190: Geen | CG190: Geen | CH190: =BT190*BU190 -> 0 | CI190: =BT190*BV190 -> 0 | CJ190: =BT190*BW190 -> 0 | CK190: =BT190*BX190 -> 0 | CL190: =BT190*BY190 -> 0 | CM190: =BT190*BZ190 -> 0 | CN190: =BT190*(BU190+BV190+BW190+BX190+BY190+BZ190) -> 0 | CT190: =IF(AND(CQ190=0, CR190=0, CS190=0), "-", IF(AND(CQ190=0,CS190=0),(CP190*CR190),(CP190*(((CQ190)+(CR190*4)+(CS190))/6)))) -> - | CX190: =IF(AND(CU190=0, CV190=0, CW190=0), "-", IF(AND(CU190=0,CW190=0),(CP190*CV190),(CP190*(((CU190)+(CV190*4)+(CW190))/6)))) -> -
AN191: =IF(AND(AK191=0, AL191=0, AM191=0), "-", IF(AND(AK191=0,AM191=0),(AJ191*AL191),(AJ191*(((AK191)+(AL191*4)+(AM191))/6)))) -> - | AR191: =IF(AND(AO191=0, AP191=0, AQ191=0), "-", IF(AND(AO191=0,AQ191=0),(AJ191*AP191),(AJ191*(((AO191)+(AP191*4)+(AQ191))/6)))) -> - | CA191: #N/A | CB191: 0 | CC191: 0 | CD191: Geen, eis wordt gehaald | CE191: Geen | CF191: Geen | CG191: Geen | CH191: =BT191*BU191 -> 0 | CI191: =BT191*BV191 -> 0 | CJ191: =BT191*BW191 -> 0 | CK191: =BT191*BX191 -> 0 | CL191: =BT191*BY191 -> 0 | CM191: =BT191*BZ191 -> 0 | CN191: =BT191*(BU191+BV191+BW191+BX191+BY191+BZ191) -> 0 | CT191: =IF(AND(CQ191=0, CR191=0, CS191=0), "-", IF(AND(CQ191=0,CS191=0),(CP191*CR191),(CP191*(((CQ191)+(CR191*4)+(CS191))/6)))) -> - | CX191: =IF(AND(CU191=0, CV191=0, CW191=0), "-", IF(AND(CU191=0,CW191=0),(CP191*CV191),(CP191*(((CU191)+(CV191*4)+(CW191))/6)))) -> -
AN192: =IF(AND(AK192=0, AL192=0, AM192=0), "-", IF(AND(AK192=0,AM192=0),(AJ192*AL192),(AJ192*(((AK192)+(AL192*4)+(AM192))/6)))) -> - | AR192: =IF(AND(AO192=0, AP192=0, AQ192=0), "-", IF(AND(AO192=0,AQ192=0),(AJ192*AP192),(AJ192*(((AO192)+(AP192*4)+(AQ192))/6)))) -> - | CA192: #N/A | CB192: 0 | CC192: 0 | CD192: Geen, eis wordt gehaald | CE192: Geen | CF192: Geen | CG192: Geen | CH192: =BT192*BU192 -> 0 | CI192: =BT192*BV192 -> 0 | CJ192: =BT192*BW192 -> 0 | CK192: =BT192*BX192 -> 0 | CL192: =BT192*BY192 -> 0 | CM192: =BT192*BZ192 -> 0 | CN192: =BT192*(BU192+BV192+BW192+BX192+BY192+BZ192) -> 0 | CT192: =IF(AND(CQ192=0, CR192=0, CS192=0), "-", IF(AND(CQ192=0,CS192=0),(CP192*CR192),(CP192*(((CQ192)+(CR192*4)+(CS192))/6)))) -> - | CX192: =IF(AND(CU192=0, CV192=0, CW192=0), "-", IF(AND(CU192=0,CW192=0),(CP192*CV192),(CP192*(((CU192)+(CV192*4)+(CW192))/6)))) -> -
AN193: =IF(AND(AK193=0, AL193=0, AM193=0), "-", IF(AND(AK193=0,AM193=0),(AJ193*AL193),(AJ193*(((AK193)+(AL193*4)+(AM193))/6)))) -> - | AR193: =IF(AND(AO193=0, AP193=0, AQ193=0), "-", IF(AND(AO193=0,AQ193=0),(AJ193*AP193),(AJ193*(((AO193)+(AP193*4)+(AQ193))/6)))) -> - | CA193: #N/A | CB193: 0 | CC193: 0 | CD193: Geen, eis wordt gehaald | CE193: Geen | CF193: Geen | CG193: Geen | CH193: =BT193*BU193 -> 0 | CI193: =BT193*BV193 -> 0 | CJ193: =BT193*BW193 -> 0 | CK193: =BT193*BX193 -> 0 | CL193: =BT193*BY193 -> 0 | CM193: =BT193*BZ193 -> 0 | CN193: =BT193*(BU193+BV193+BW193+BX193+BY193+BZ193) -> 0 | CT193: =IF(AND(CQ193=0, CR193=0, CS193=0), "-", IF(AND(CQ193=0,CS193=0),(CP193*CR193),(CP193*(((CQ193)+(CR193*4)+(CS193))/6)))) -> - | CX193: =IF(AND(CU193=0, CV193=0, CW193=0), "-", IF(AND(CU193=0,CW193=0),(CP193*CV193),(CP193*(((CU193)+(CV193*4)+(CW193))/6)))) -> -
AN194: =IF(AND(AK194=0, AL194=0, AM194=0), "-", IF(AND(AK194=0,AM194=0),(AJ194*AL194),(AJ194*(((AK194)+(AL194*4)+(AM194))/6)))) -> - | AR194: =IF(AND(AO194=0, AP194=0, AQ194=0), "-", IF(AND(AO194=0,AQ194=0),(AJ194*AP194),(AJ194*(((AO194)+(AP194*4)+(AQ194))/6)))) -> - | CA194: #N/A | CB194: 0 | CC194: 0 | CD194: Geen, eis wordt gehaald | CE194: Geen | CF194: Geen | CG194: Geen | CH194: =BT194*BU194 -> 0 | CI194: =BT194*BV194 -> 0 | CJ194: =BT194*BW194 -> 0 | CK194: =BT194*BX194 -> 0 | CL194: =BT194*BY194 -> 0 | CM194: =BT194*BZ194 -> 0 | CN194: =BT194*(BU194+BV194+BW194+BX194+BY194+BZ194) -> 0 | CT194: =IF(AND(CQ194=0, CR194=0, CS194=0), "-", IF(AND(CQ194=0,CS194=0),(CP194*CR194),(CP194*(((CQ194)+(CR194*4)+(CS194))/6)))) -> - | CX194: =IF(AND(CU194=0, CV194=0, CW194=0), "-", IF(AND(CU194=0,CW194=0),(CP194*CV194),(CP194*(((CU194)+(CV194*4)+(CW194))/6)))) -> -
AN195: =IF(AND(AK195=0, AL195=0, AM195=0), "-", IF(AND(AK195=0,AM195=0),(AJ195*AL195),(AJ195*(((AK195)+(AL195*4)+(AM195))/6)))) -> - | AR195: =IF(AND(AO195=0, AP195=0, AQ195=0), "-", IF(AND(AO195=0,AQ195=0),(AJ195*AP195),(AJ195*(((AO195)+(AP195*4)+(AQ195))/6)))) -> - | CA195: #N/A | CB195: 0 | CC195: 0 | CD195: Geen, eis wordt gehaald | CE195: Geen | CF195: Geen | CG195: Geen | CH195: =BT195*BU195 -> 0 | CI195: =BT195*BV195 -> 0 | CJ195: =BT195*BW195 -> 0 | CK195: =BT195*BX195 -> 0 | CL195: =BT195*BY195 -> 0 | CM195: =BT195*BZ195 -> 0 | CN195: =BT195*(BU195+BV195+BW195+BX195+BY195+BZ195) -> 0 | CT195: =IF(AND(CQ195=0, CR195=0, CS195=0), "-", IF(AND(CQ195=0,CS195=0),(CP195*CR195),(CP195*(((CQ195)+(CR195*4)+(CS195))/6)))) -> - | CX195: =IF(AND(CU195=0, CV195=0, CW195=0), "-", IF(AND(CU195=0,CW195=0),(CP195*CV195),(CP195*(((CU195)+(CV195*4)+(CW195))/6)))) -> -
AN196: =IF(AND(AK196=0, AL196=0, AM196=0), "-", IF(AND(AK196=0,AM196=0),(AJ196*AL196),(AJ196*(((AK196)+(AL196*4)+(AM196))/6)))) -> - | AR196: =IF(AND(AO196=0, AP196=0, AQ196=0), "-", IF(AND(AO196=0,AQ196=0),(AJ196*AP196),(AJ196*(((AO196)+(AP196*4)+(AQ196))/6)))) -> - | CA196: #N/A | CB196: 0 | CC196: 0 | CD196: Geen, eis wordt gehaald | CE196: Geen | CF196: Geen | CG196: Geen | CH196: =BT196*BU196 -> 0 | CI196: =BT196*BV196 -> 0 | CJ196: =BT196*BW196 -> 0 | CK196: =BT196*BX196 -> 0 | CL196: =BT196*BY196 -> 0 | CM196: =BT196*BZ196 -> 0 | CN196: =BT196*(BU196+BV196+BW196+BX196+BY196+BZ196) -> 0 | CT196: =IF(AND(CQ196=0, CR196=0, CS196=0), "-", IF(AND(CQ196=0,CS196=0),(CP196*CR196),(CP196*(((CQ196)+(CR196*4)+(CS196))/6)))) -> - | CX196: =IF(AND(CU196=0, CV196=0, CW196=0), "-", IF(AND(CU196=0,CW196=0),(CP196*CV196),(CP196*(((CU196)+(CV196*4)+(CW196))/6)))) -> -
AN197: =IF(AND(AK197=0, AL197=0, AM197=0), "-", IF(AND(AK197=0,AM197=0),(AJ197*AL197),(AJ197*(((AK197)+(AL197*4)+(AM197))/6)))) -> - | AR197: =IF(AND(AO197=0, AP197=0, AQ197=0), "-", IF(AND(AO197=0,AQ197=0),(AJ197*AP197),(AJ197*(((AO197)+(AP197*4)+(AQ197))/6)))) -> - | CA197: #N/A | CB197: 0 | CC197: 0 | CD197: Geen, eis wordt gehaald | CE197: Geen | CF197: Geen | CG197: Geen | CH197: =BT197*BU197 -> 0 | CI197: =BT197*BV197 -> 0 | CJ197: =BT197*BW197 -> 0 | CK197: =BT197*BX197 -> 0 | CL197: =BT197*BY197 -> 0 | CM197: =BT197*BZ197 -> 0 | CN197: =BT197*(BU197+BV197+BW197+BX197+BY197+BZ197) -> 0 | CT197: =IF(AND(CQ197=0, CR197=0, CS197=0), "-", IF(AND(CQ197=0,CS197=0),(CP197*CR197),(CP197*(((CQ197)+(CR197*4)+(CS197))/6)))) -> - | CX197: =IF(AND(CU197=0, CV197=0, CW197=0), "-", IF(AND(CU197=0,CW197=0),(CP197*CV197),(CP197*(((CU197)+(CV197*4)+(CW197))/6)))) -> -
AN198: =IF(AND(AK198=0, AL198=0, AM198=0), "-", IF(AND(AK198=0,AM198=0),(AJ198*AL198),(AJ198*(((AK198)+(AL198*4)+(AM198))/6)))) -> - | AR198: =IF(AND(AO198=0, AP198=0, AQ198=0), "-", IF(AND(AO198=0,AQ198=0),(AJ198*AP198),(AJ198*(((AO198)+(AP198*4)+(AQ198))/6)))) -> - | CA198: #N/A | CB198: 0 | CC198: 0 | CD198: Geen, eis wordt gehaald | CE198: Geen | CF198: Geen | CG198: Geen | CH198: =BT198*BU198 -> 0 | CI198: =BT198*BV198 -> 0 | CJ198: =BT198*BW198 -> 0 | CK198: =BT198*BX198 -> 0 | CL198: =BT198*BY198 -> 0 | CM198: =BT198*BZ198 -> 0 | CN198: =BT198*(BU198+BV198+BW198+BX198+BY198+BZ198) -> 0 | CT198: =IF(AND(CQ198=0, CR198=0, CS198=0), "-", IF(AND(CQ198=0,CS198=0),(CP198*CR198),(CP198*(((CQ198)+(CR198*4)+(CS198))/6)))) -> - | CX198: =IF(AND(CU198=0, CV198=0, CW198=0), "-", IF(AND(CU198=0,CW198=0),(CP198*CV198),(CP198*(((CU198)+(CV198*4)+(CW198))/6)))) -> -
AN199: =IF(AND(AK199=0, AL199=0, AM199=0), "-", IF(AND(AK199=0,AM199=0),(AJ199*AL199),(AJ199*(((AK199)+(AL199*4)+(AM199))/6)))) -> - | AR199: =IF(AND(AO199=0, AP199=0, AQ199=0), "-", IF(AND(AO199=0,AQ199=0),(AJ199*AP199),(AJ199*(((AO199)+(AP199*4)+(AQ199))/6)))) -> - | CA199: #N/A | CB199: 0 | CC199: 0 | CD199: Geen, eis wordt gehaald | CE199: Geen | CF199: Geen | CG199: Geen | CH199: =BT199*BU199 -> 0 | CI199: =BT199*BV199 -> 0 | CJ199: =BT199*BW199 -> 0 | CK199: =BT199*BX199 -> 0 | CL199: =BT199*BY199 -> 0 | CM199: =BT199*BZ199 -> 0 | CN199: =BT199*(BU199+BV199+BW199+BX199+BY199+BZ199) -> 0 | CT199: =IF(AND(CQ199=0, CR199=0, CS199=0), "-", IF(AND(CQ199=0,CS199=0),(CP199*CR199),(CP199*(((CQ199)+(CR199*4)+(CS199))/6)))) -> - | CX199: =IF(AND(CU199=0, CV199=0, CW199=0), "-", IF(AND(CU199=0,CW199=0),(CP199*CV199),(CP199*(((CU199)+(CV199*4)+(CW199))/6)))) -> -
AN200: =IF(AND(AK200=0, AL200=0, AM200=0), "-", IF(AND(AK200=0,AM200=0),(AJ200*AL200),(AJ200*(((AK200)+(AL200*4)+(AM200))/6)))) -> - | AR200: =IF(AND(AO200=0, AP200=0, AQ200=0), "-", IF(AND(AO200=0,AQ200=0),(AJ200*AP200),(AJ200*(((AO200)+(AP200*4)+(AQ200))/6)))) -> - | CA200: #N/A | CB200: 0 | CC200: 0 | CD200: Geen, eis wordt gehaald | CE200: Geen | CF200: Geen | CG200: Geen | CH200: =BT200*BU200 -> 0 | CI200: =BT200*BV200 -> 0 | CJ200: =BT200*BW200 -> 0 | CK200: =BT200*BX200 -> 0 | CL200: =BT200*BY200 -> 0 | CM200: =BT200*BZ200 -> 0 | CN200: =BT200*(BU200+BV200+BW200+BX200+BY200+BZ200) -> 0 | CT200: =IF(AND(CQ200=0, CR200=0, CS200=0), "-", IF(AND(CQ200=0,CS200=0),(CP200*CR200),(CP200*(((CQ200)+(CR200*4)+(CS200))/6)))) -> - | CX200: =IF(AND(CU200=0, CV200=0, CW200=0), "-", IF(AND(CU200=0,CW200=0),(CP200*CV200),(CP200*(((CU200)+(CV200*4)+(CW200))/6)))) -> -
AN201: =IF(AND(AK201=0, AL201=0, AM201=0), "-", IF(AND(AK201=0,AM201=0),(AJ201*AL201),(AJ201*(((AK201)+(AL201*4)+(AM201))/6)))) -> - | AR201: =IF(AND(AO201=0, AP201=0, AQ201=0), "-", IF(AND(AO201=0,AQ201=0),(AJ201*AP201),(AJ201*(((AO201)+(AP201*4)+(AQ201))/6)))) -> - | CA201: #N/A | CB201: 0 | CC201: 0 | CD201: Geen, eis wordt gehaald | CE201: Geen | CF201: Geen | CG201: Geen | CH201: =BT201*BU201 -> 0 | CI201: =BT201*BV201 -> 0 | CJ201: =BT201*BW201 -> 0 | CK201: =BT201*BX201 -> 0 | CL201: =BT201*BY201 -> 0 | CM201: =BT201*BZ201 -> 0 | CN201: =BT201*(BU201+BV201+BW201+BX201+BY201+BZ201) -> 0 | CT201: =IF(AND(CQ201=0, CR201=0, CS201=0), "-", IF(AND(CQ201=0,CS201=0),(CP201*CR201),(CP201*(((CQ201)+(CR201*4)+(CS201))/6)))) -> - | CX201: =IF(AND(CU201=0, CV201=0, CW201=0), "-", IF(AND(CU201=0,CW201=0),(CP201*CV201),(CP201*(((CU201)+(CV201*4)+(CW201))/6)))) -> -
... AN211: =IF(AND(AK211=0, AL211=0, AM211=0), "-", IF(AND(AK211=0,AM211=0),(AJ211*AL211),(AJ211*(((AK211)+(AL211*4)+(AM211))/6)))) -> - | AR211: =IF(AND(AO211=0, AP211=0, AQ211=0), "-", IF(AND(AO211=0,AQ211=0),(AJ211*AP211),(AJ211*(((AO211)+(AP211*4)+(AQ211))/6)))) -> - | CA211: #N/A | CB211: 0 | CC211: 0 | CD211: Geen, eis wordt gehaald | CE211: Geen | CF211: Geen | CG211: Geen | CH211: =BT211*BU211 -> 0 | CI211: =BT211*BV211 -> 0 | CJ211: =BT211*BW211 -> 0 | CK211: =BT211*BX211 -> 0 | CL211: =BT211*BY211 -> 0 | CM211: =BT211*BZ211 -> 0 | CN211: =BT211*(BU211+BV211+BW211+BX211+BY211+BZ211) -> 0 | CT211: =IF(AND(CQ211=0, CR211=0, CS211=0), "-", IF(AND(CQ211=0,CS211=0),(CP211*CR211),(CP211*(((CQ211)+(CR211*4)+(CS211))/6)))) -> - | CX211: =IF(AND(CU211=0, CV211=0, CW211=0), "-", IF(AND(CU211=0,CW211=0),(CP211*CV211),(CP211*(((CU211)+(CV211*4)+(CW211))/6)))) -> -

Sheet Draaitabellen Tijd Geld
A1: Som van Verwachtingswaarde restgevolg Tijd | B1: Projectfase | Q1: Som van Verwachtingswaarde restgevolg Geld | R1: Projectfase
A2: Onzekerheid (Ongewenste gebeurtenis) | B2: (leeg) | C2: Eindtotaal | Q2: Onzekerheid (Ongewenste gebeurtenis) | R2: (leeg) | S2: Eindtotaal
A3: (leeg) | Q3: (leeg)
A4: Eindtotaal | Q4: Eindtotaal

Sheet Lijst RM
A1: ID | B1: Versie | C1: Aanmaak datum | D1: Laatste wijziging | E1: Naam | F1: PDS structuur | G1: WBS Project [nummer] | H1: Projectonderdeel | I1: Cluster / Afdeling | J1: KPI | K1: Onderwerp | L1: Invalshoek | M1: Risicotype | N1: Basisoorzaak | O1: Nummer contract eis | P1: Eisen document | Q1: Projectfase | R1: Meenemen in rapportage | S1: Kostensoort (P, EAT, BK) | T1: Vrij label 4 | U1: Vrij label 5 | V1: Vrij label 6 | W1: Vrij label 7 | X1: Vrij label 8 | Y1: Vrij label 9 | Z1: Vrij label 10 | AA1: Bron | AB1: Onzekerheid (Ongewenste gebeurtenis) | AC1: Oorzaak | AD1: Gevolg | AE1: Allocatie | AF1: Eigenaar | AG1: Risicostatus | AH1: Vervalreden | AI1: Kans van optreden [klasse] | AJ1: Kans van optreden [exact, %] | AK1: Gevolgen tijd (min) [weken] | AL1: Gevolgen tijd (most) [maanden] | AM1: Gevolgen tijd (max) [weken] | AN1: Verwachtingswaarde gevolg Tijd [maanden] | AO1: Gevolgen geld (min) [x € 1.000] | AP1: Gevolgen geld (most) [x € 1.000] | AQ1: Gevolgen geld (max) [x € 1.000] | AR1: Verwachtingswaarde gevolg Geld [x € 1.000] | AS1: Gevolgen kwaliteit | AT1: Betrouwbaarheid | AU1: Beschikbaarheid | AV1: Onderhoudbaarheid | AW1: Milieu | AX1: Veiligheid | AY1: Imago | AZ1: Prognose | BA1: Categorie | BB1: Post | BC1: Opmerking geld | BD1: Voorganger | BE1: Opvolger | BF1: Opmerking tijd | BG1: Rest kans | BH1: Rest gevolgen tijd | BI1: Rest gevolgen geld | BJ1: Rest gevolgen kwaliteit | BK1: Analyses | BL1: Omschrijving beheersmaatregel | BM1: Voortgang beheersmaatregel | BN1: Status beheersmaatregel | BO1: Uitvoerder beheersmaatregel | BP1: Deadline | BQ1: Duur van beheersmaatregel [weken / maanden] | BR1: Kosten beheersmaatregel [x € 1.000] | BS1: x | BT1: Kans v. optr [klasse] | BU1: Gevolg Tijd [klasse] | BV1: Gevolg Geld [klasse] | BW1: Gevolg Kwaliteit [klasse] | BX1: Gevolg Imago [klasse] | BY1: Gevolg Beschikbaarheid [klasse] | BZ1: Gevolg Veiligheid [klasse] | CA1: Kans [tekst] | CB1: Tijd [tekst] in weken | CC1: Geld [tekst] (x 1.000) | CD1: Kwaliteit [tekst] | CE1: Imago [tekst] | CF1: Beschikbaarheid [tekst] | CG1: Veiligheid [tekst] | CH1: Score tijd | CI1: Score geld | CJ1: Score kwaliteit | CK1: Score imago | CL1: Score beschikbaarheid | CM1: Score Veiligheid | CN1: Score totaal | CP1: Restkans van optreden [exact, %] | CQ1: Restgevolgen tijd (min) [weken] | CR1: Restgevolgen tijd (most) [Maanden] | CS1: Restgevolgen tijd (max) [weken] | CT1: Verwachtingswaarde restgevolg Tijd [Maanden] | CU1: Restgevolgengeld (min) [x € 1.000] | CV1: Restgevolgengeld (most) [x € 1.000] | CW1: Restgevolgengeld (max) [x € 1.000] | CX1: Verwachtingswaarde restgevolg Geld | CY1: Rest kans | CZ1: Rest gevolgen tijd | DA1: Rest gevolgen geld | DB1: Rest gevolgen kwaliteit | DC1: Rest gevolgen Imago | DD1: Rest gevolgen beschikbaarheid | DE1: Rest gevolgen veiligheid | DF1: Score totaal
K2: Contractoverstijgend/Algemeen | L2: Politiek/Bestuurlijk | M2: 1. Normale onzekerheid | Q2: 1. Voorfase - Aanbieding/PVA | R2: Ja | S2: P | AG2: 1. Actief | AI2: 0 | AS2: 0 | BN2: 1 | BT2: 0 | BU2: 0 | BV2: 0 | BW2: 0 | BX2: 0 | BY2: 0 | BZ2: 0 | CA2: #REF! | CB2: 10% - 25% | CC2: 10% - 25% | CD2: #REF! | CE2: Ziekteverzuim van meer dan 15 kalenderdagen | CF2: 10% - 15% van doorlooptijd | CG2: #REF! | CY2: 0 | CZ2: 0 | DA2: 0 | DB2: 0
K3: Initiatief | L3: Maatschappelijk/Omgev | M3: 2. Bijzondere gebeurtenis Endogeen | Q3: 2. Alternatievenstudie | R3: Nee | S3: EAT | AG3: 2. Concept | AI3: 1 | AS3: 1 | BN3: 2 | BT3: 1 | BU3: 1 | BV3: 1 | BW3: 1 | BX3: 1 | BY3: 1 | BZ3: 1 | CA3: #REF! | CB3: 25% - 50% | CC3: Afwijking niet reparabel, blijvend functieverlies | CD3: #REF! | CE3: Blijvende arbeidsongeschiktheid | CF3: 15% - 20% van doorlooptijd | CG3: #REF! | CY3: 1 | CZ3: 1 | DA3: 1 | DB3: 1
K4: Definitie | L4: Financieel/Economisch | M4: 3. Bijzondere gebeurtenis Exogeen | Q4: 3a. Planuitwerkingsfase - variantenstudie | R4: n.v.t. | S4: BK | AG4: 3. Beheerst | AI4: 2 | AS4: 2 | BN4: 3 | BT4: 2 | BU4: 2 | BV4: 2 | BW4: 2 | BX4: 2 | BY4: 2 | BZ4: 2 | CA4: 0 | CB4: > 50% | CC4: Afwijking onacceptabel voor functie, opnieuw uitvoeren object, activiteit | CD4: 0 | CE4: Dodelijke afloop | CF4: > 20% van doorlooptijd | CG4: #REF! | CY4: 2 | CZ4: 2 | DA4: 2 | DB4: 2
K5: Ontwerp | L5: Technisch/Kwaliteit | Q5: 3b. Planuitwerkingsfase - uitwerken variant | AG5: 4. Niet opgetreden | AI5: 3 | AS5: 3 | BN5: 4 | BT5: 3 | BU5: 3 | BV5: 3 | BW5: 3 | BX5: 3 | BY5: 3 | BZ5: 3 | CA5: 0 | CB5: 0 | CC5: 0 | CD5: 0 | CE5: 0 | CF5: 0 | CG5: #REF! | CY5: 3 | CZ5: 3 | DA5: 3 | DB5: 3
K6: Conditionering | L6: Ruimtelijk/fysiek | Q6: 4a. Realisatiefase - Contracteren realisatie | AG6: 5. Opgetreden | AI6: 4 | AS6: 4 | BN6: 5 | BT6: 4 | BU6: 4 | BV6: 4 | BW6: 4 | BX6: 4 | BY6: 4 | BZ6: 4 | CA6: Kans | CB6: Gevolg Tijd | CC6: Gevolg Geld | CD6: Gevolg Kwaliteit | CE6: Gevolg Imago/omgeving | CF6: Gevolg Beschikbaarheid treindienst | CG6: #REF! | CY6: 4 | CZ6: 4 | DA6: 4 | DB6: 4
K7: Externe betrekkingen | L7: Commercieel/Markt | Q7: 4b. Realisatiefase - Realiseren uitvoeren | AI7: 5 | AS7: 5 | BT7: 5 | BU7: 5 | BV7: 5 | BW7: 5 | BX7: 5 | BY7: 5 | BZ7: 5 | CA7: #REF! | CB7: 0 | CC7: 0 | CD7: Geen, eis wordt gehaald | CE7: Geen | CF7: Geen | CG7: #REF! | CY7: 5 | CZ7: 5 | DA7: 5 | DB7: 5
K8: Procedures en vergunningen | L8: Juridisch/Wetgeving | Q8: 4c. Realisatiefase - Afsluiten
K9: Contractering | L9: Organisatorisch | Q9: MP1. Exploitatief gereed
K10: Buitendienststellingen | Q10: MP2. Technisch gereed
K11: Uitvoering | Q11: MP3. Administratief gereed
K12: Materieel
K13: Testen
K14: Documentatie
K15: Overdracht

Sheet EOW's
A1: Project : | B1: <projectnaam>
A2: Bijlage XX: Format overzicht EOW
I3: Status | J3: Verklaring | M3: Aantal in project | N3: Status | O3: Verklaring | U3: Aantal in project
I4: I | J4: Nog in te dienen door ON | M4: <aantal> | N4: R | O4: Voorlopig afgekeurd door OG | U4: <aantal>
I5: T | J5: Ter acceptatie ingediend bij OG | M5: <aantal> | N5: N | O5: Niet akkoord bevonden door OG | U5: <aantal>
I6: L | J6: Verlenging termijn gevraagd | M6: <aantal> | N6: V | O6: Vervallen (intrekking afgehandeld) | U6: <aantal>
I7: A | J7: Akkoord bevonden door OG | M7: <aantal> | N7: F | O7: Afgehandeld (gereedmelding afgerond) | U7: <aantal>
I8: D | J8: Definitief document ON | M8: <aantal> | O8: Totaal aantal wijzigingen in project | U8: <aantal>
A10: Wijziging nr. | B10: Ingediend door | C10: Versie | D10: Discipline | E10: Werkpakket | F10: Omschrijving Wijziging | G10: Plannings conseq. | H10: Financiele conseq. | I10: As-built | J10: Ingediend d.d. | K10: Reactie d.d. | L10: Status | M10: Uitgevoerd d.d. | N10: Status Offerte | O10: Offerte Ingediend d.d. | P10: Offerte bedrag | Q10: uitgangspunt voorschotnota | R10: voorschotnota | S10: Akkoord d.d. | T10: Gereedm. d.d. | U10: Pr. Verkl. d.d. | V10: Opdracht bedrag
A11: <W + opvolgnr.> | B11: <ON/OG> | C11: <versie VTW> | D11: <discipline> | E11: <verwijzing werkpakket> | F11: <omschrijving> | G11: <Ja/Nee> | H11: <Ja/Nee> | I11: <Ja/Nee> | J11: <datum> | K11: <datum> | L11: <status> | M11: <datum> | N11: <status> | O11: <datum> | P11: <bedrag offerte> | Q11: <invullen indien van toepassing> | R11: <invullen indien van toepassing> | S11: <datum> | T11: <datum> | U11: <datum> | V11: <bedrag opdracht>
P16: <som offerte> | V16: <som opdracht>
P17: offertes | V17: opdracht
